Workbook
Name IVA: 'Valores Unitarios'!$M$3

Sheet Maestra
A1: EQUIPO REDES | B1: CANTIDAD / SERVICIOS | C1: COSTO INSTALACION_PUT | D1: COSTO MENSUAL_PUT | E1: COSTO TOTAL INSTALACION | F1: COSTO TOTAL MENSUAL | G1: TIEMPO MESES | H1: COSTO TOTAL ZONA | I1: TIPO SEDE | J1: OBSERVACION | K1: ZONA | L1: Rev01 | M1: Rev02 | U1: Zona | V1: Dir_Celda | W1: Dir_Instalacion | X1: Dir_Mensualidad | AB1: Item | AC1: EQUIPO REDES | AD1: PT INSTALACION / EQUIPO | AE1: PT VR UN MENSUAL IVA | AF1: Zona | AG1: KLlave01 | AH1: Item Old | AI1: Item New | AJ1: Etq01 | AK1: Rev01 | AL1: Rev02 | AM1: PT INSTALACION / EQUIPO_Old | AN1: PT VR UN MENSUAL IVA_Old | AO1: PT INSTALACION / EQUIPO_New | AP1: PT VR UN MENSUAL IVA_New | AQ1: Aux_PT INSTALACION / EQUIPO | AR1: Aux_PT VR UN MENSUAL IVA | AS1: Notas
A2: ALQUILER EQUIPO ROUTER CORE DATOS MULTIOPERADOR DE ACUERDO A ANEXO TECNICO NUMERAL 11 | B2: 1 | C2: 4261700 | D2: 8590941.4 | E2: 4261700 | F2: 8590941.4 | G2: 10.5 | H2: 90204885 | I2: ADMINISTRATIVA | K2: Zona 1 | L2: =COUNTIF(Tbl_Borrador_PT[EQUIPO REDES],Tbl_Borrador_PT[[#This Row],[EQUIPO REDES]]) -> 1 | M2: =Tbl_Borrador_PT[[#This Row],[COSTO INSTALACION_PUT]]&"/"&Tbl_Borrador_PT[[#This Row],[COSTO MENSUAL_PUT]] -> 4261700/8590941,41665475 | U2: 1 | V2: ='Valores Unitarios'!$A$1 -> 0 | W2: =SUBSTITUTE(SUBSTITUTE(_xlfn.FORMULATEXT(Ind_Columnas_Cot[[#This Row],[Dir_Celda]]),"=",""),"$A$1","")&"G:G" -> 'Valores Unitarios'!G:G | X2: =SUBSTITUTE(SUBSTITUTE(_xlfn.FORMULATEXT(Ind_Columnas_Cot[[#This Row],[Dir_Celda]]),"=",""),"$A$1","")&"K:K" -> 'Valores Unitarios'!K:K | AB2: 1.1 | AC2: ALQUILER EQUIPO ROUTER CORE DATOS MULTIOPERADOR DE ACUERDO A ANEXO TECNICO NUMERAL 11 | AF2: 0 | AG2: =Tbl_Precio_Techo[[#This Row],[Zona]]&"/"&Tbl_Precio_Techo[[#This Row],[Item]] -> 0/1.1 | AH2: 1.1 | AI2: 1.1 | AK2: 2 | AL2: =COUNTIF(Tbl_Precio_Techo[EQUIPO REDES],Tbl_Precio_Techo[[#This Row],[EQUIPO REDES]]) -> 1 | AO2: 0 | AP2: 0 | AQ2: =Tbl_Precio_Techo[[#This Row],[PT INSTALACION / EQUIPO]] -> 0 | AR2: =Tbl_Precio_Techo[[#This Row],[PT VR UN MENSUAL IVA]] -> 0
A3: ENLACE DEDICADO SIMETRICO 1 Mbps | B3: 6 | C3: 761700 | D3: 479427.69 | E3: 4570200 | F3: 2876566.2 | G3: 10.5 | H3: 30203945 | I3: ADMINISTRATIVA | J3: DILES + CADE | K3: Zona 1 | L3: =COUNTIF(Tbl_Borrador_PT[EQUIPO REDES],Tbl_Borrador_PT[[#This Row],[EQUIPO REDES]]) -> 5 | M3: =Tbl_Borrador_PT[[#This Row],[COSTO INSTALACION_PUT]]&"/"&Tbl_Borrador_PT[[#This Row],[COSTO MENSUAL_PUT]] -> 761700/479427,693333333 | U3: 2 | V3: ='Valores Unitarios'!$A$1 -> 0 | W3: =SUBSTITUTE(SUBSTITUTE(_xlfn.FORMULATEXT(Ind_Columnas_Cot[[#This Row],[Dir_Celda]]),"=",""),"$A$1","")&"G:G" -> 'Valores Unitarios'!G:G | X3: =SUBSTITUTE(SUBSTITUTE(_xlfn.FORMULATEXT(Ind_Columnas_Cot[[#This Row],[Dir_Celda]]),"=",""),"$A$1","")&"K:K" -> 'Valores Unitarios'!K:K | AB3: 2.1 | AC3: ENLACE DEDICADO SIMETRICO 1 Mbps | AF3: 0 | AG3: =Tbl_Precio_Techo[[#This Row],[Zona]]&"/"&Tbl_Precio_Techo[[#This Row],[Item]] -> 0/2.1 | AH3: 2.1 | AI3: 2.1 | AK3: 4 | AL3: =COUNTIF(Tbl_Precio_Techo[EQUIPO REDES],Tbl_Precio_Techo[[#This Row],[EQUIPO REDES]]) -> 4 | AO3: 0 | AP3: 0 | AQ3: =Tbl_Precio_Techo[[#This Row],[PT INSTALACION / EQUIPO]] -> 0 | AR3: =Tbl_Precio_Techo[[#This Row],[PT VR UN MENSUAL IVA]] -> 0
A4: Enlace Internet Dedicado Simétrico (U.M. Fibra Óptica) 30Mbps | B4: 1 | C4: 761700 | D4: 1461737.9 | E4: 761700 | F4: 1461737.9 | G4: 10.5 | H4: 15348248 | I4: ADMINISTRATIVA | K4: Zona 1 | L4: =COUNTIF(Tbl_Borrador_PT[EQUIPO REDES],Tbl_Borrador_PT[[#This Row],[EQUIPO REDES]]) -> 6 | M4: =Tbl_Borrador_PT[[#This Row],[COSTO INSTALACION_PUT]]&"/"&Tbl_Borrador_PT[[#This Row],[COSTO MENSUAL_PUT]] -> 761700/1461737,94 | U4: 3 | V4: ='Valores Unitarios'!$A$1 -> 0 | W4: =SUBSTITUTE(SUBSTITUTE(_xlfn.FORMULATEXT(Ind_Columnas_Cot[[#This Row],[Dir_Celda]]),"=",""),"$A$1","")&"G:G" -> 'Valores Unitarios'!G:G | X4: =SUBSTITUTE(SUBSTITUTE(_xlfn.FORMULATEXT(Ind_Columnas_Cot[[#This Row],[Dir_Celda]]),"=",""),"$A$1","")&"K:K" -> 'Valores Unitarios'!K:K | AB4: 2.2 | AC4: ENLACE DEDICADO SIMETRICO 2 Mbps | AF4: 0 | AG4: =Tbl_Precio_Techo[[#This Row],[Zona]]&"/"&Tbl_Precio_Techo[[#This Row],[Item]] -> 0/2.2 | AH4: 2.2 | AI4: 2.2 | AK4: 5 | AL4: =COUNTIF(Tbl_Precio_Techo[EQUIPO REDES],Tbl_Precio_Techo[[#This Row],[EQUIPO REDES]]) -> 4 | AO4: 0 | AP4: 0 | AQ4: =Tbl_Precio_Techo[[#This Row],[PT INSTALACION / EQUIPO]] -> 0 | AR4: =Tbl_Precio_Techo[[#This Row],[PT VR UN MENSUAL IVA]] -> 0
A5: Enlace Internet Dedicado Simétrico (U.M. Fibra Óptica) 60Mbps | B5: 5 | C5: 761700 | D5: 2118376.6 | E5: 3808500 | F5: 10591883 | G5: 10.5 | H5: 1.1121477e+08 | I5: ADMINISTRATIVA | J5: DILES | K5: Zona 1 | L5: =COUNTIF(Tbl_Borrador_PT[EQUIPO REDES],Tbl_Borrador_PT[[#This Row],[EQUIPO REDES]]) -> 5 | M5: =Tbl_Borrador_PT[[#This Row],[COSTO INSTALACION_PUT]]&"/"&Tbl_Borrador_PT[[#This Row],[COSTO MENSUAL_PUT]] -> 761700/2118376,56 | AB5: 2.3 | AC5: ENLACE DEDICADO SIMETRICO 3 Mbps | AF5: 0 | AG5: =Tbl_Precio_Techo[[#This Row],[Zona]]&"/"&Tbl_Precio_Techo[[#This Row],[Item]] -> 0/2.3 | AH5: 2.3 | AI5: 2.3 | AK5: 6 | AL5: =COUNTIF(Tbl_Precio_Techo[EQUIPO REDES],Tbl_Precio_Techo[[#This Row],[EQUIPO REDES]]) -> 4 | AO5: 0 | AP5: 0 | AQ5: =Tbl_Precio_Techo[[#This Row],[PT INSTALACION / EQUIPO]] -> 0 | AR5: =Tbl_Precio_Techo[[#This Row],[PT VR UN MENSUAL IVA]] -> 0
A6: Seguridad Internet Dedicado 30 Mbps | B6: 1 | C6: 2000000 | D6: 1432474 | E6: 2000000 | F6: 1432474 | G6: 10.5 | H6: 15040977 | I6: ADMINISTRATIVA | J6: Enlace CADE | K6: Zona 1 | L6: =COUNTIF(Tbl_Borrador_PT[EQUIPO REDES],Tbl_Borrador_PT[[#This Row],[EQUIPO REDES]]) -> 6 | M6: =Tbl_Borrador_PT[[#This Row],[COSTO INSTALACION_PUT]]&"/"&Tbl_Borrador_PT[[#This Row],[COSTO MENSUAL_PUT]] -> 2000000/1432474 | AB6: 2.4 | AC6: ENLACE DEDICADO SIMETRICO 5 Mbps | AF6: 0 | AG6: =Tbl_Precio_Techo[[#This Row],[Zona]]&"/"&Tbl_Precio_Techo[[#This Row],[Item]] -> 0/2.4 | AH6: 2.4 | AI6: 2.4 | AK6: 7 | AL6: =COUNTIF(Tbl_Precio_Techo[EQUIPO REDES],Tbl_Precio_Techo[[#This Row],[EQUIPO REDES]]) -> 4 | AO6: 0 | AP6: 0 | AQ6: =Tbl_Precio_Techo[[#This Row],[PT INSTALACION / EQUIPO]] -> 0 | AR6: =Tbl_Precio_Techo[[#This Row],[PT VR UN MENSUAL IVA]] -> 0
A7: Seguridad Internet Dedicado 60 Mbps | B7: 5 | C7: 2000000 | D7: 2125491.7 | E7: 10000000 | F7: 10627458 | G7: 10.5 | H7: 1.1158831e+08 | I7: ADMINISTRATIVA | J7: DILES | K7: Zona 1 | L7: =COUNTIF(Tbl_Borrador_PT[EQUIPO REDES],Tbl_Borrador_PT[[#This Row],[EQUIPO REDES]]) -> 5 | M7: =Tbl_Borrador_PT[[#This Row],[COSTO INSTALACION_PUT]]&"/"&Tbl_Borrador_PT[[#This Row],[COSTO MENSUAL_PUT]] -> 2000000/2125491,66666667 | AB7: 2.5 | AC7: ENLACE DEDICADO SIMETRICO 10 Mbps | AF7: 0 | AG7: =Tbl_Precio_Techo[[#This Row],[Zona]]&"/"&Tbl_Precio_Techo[[#This Row],[Item]] -> 0/2.5 | AH7: 2.5 | AI7: 2.5 | AK7: 8 | AL7: =COUNTIF(Tbl_Precio_Techo[EQUIPO REDES],Tbl_Precio_Techo[[#This Row],[EQUIPO REDES]]) -> 4 | AO7: 0 | AP7: 0 | AQ7: =Tbl_Precio_Techo[[#This Row],[PT INSTALACION / EQUIPO]] -> 0 | AR7: =Tbl_Precio_Techo[[#This Row],[PT VR UN MENSUAL IVA]] -> 0
A8: ENLACE DEDICADO SIMETRICO 1 Mbps | B8: 249 | C8: 761700 | D8: 479427.69 | E8: 189663300 | F8: 1.193775e+08 | G8: 10 | H8: 1.193775e+09 | I8: COLEGIOS | K8: Zona 1 | L8: =COUNTIF(Tbl_Borrador_PT[EQUIPO REDES],Tbl_Borrador_PT[[#This Row],[EQUIPO REDES]]) -> 5 | M8: =Tbl_Borrador_PT[[#This Row],[COSTO INSTALACION_PUT]]&"/"&Tbl_Borrador_PT[[#This Row],[COSTO MENSUAL_PUT]] -> 761700/479427,693333333 | AB8: 2.6 | AC8: ENLACE DEDICADO SIMETRICO 20 Mbps | AF8: 0 | AG8: =Tbl_Precio_Techo[[#This Row],[Zona]]&"/"&Tbl_Precio_Techo[[#This Row],[Item]] -> 0/2.6 | AH8: 2.6 | AI8: 2.6 | AK8: 9 | AL8: =COUNTIF(Tbl_Precio_Techo[EQUIPO REDES],Tbl_Precio_Techo[[#This Row],[EQUIPO REDES]]) -> 4 | AO8: 0 | AP8: 0 | AQ8: =Tbl_Precio_Techo[[#This Row],[PT INSTALACION / EQUIPO]] -> 0 | AR8: =Tbl_Precio_Techo[[#This Row],[PT VR UN MENSUAL IVA]] -> 0
A9: PUNTO DE CONCENTRACION SIMETRICO 200 MPBS | B9: 1 | C9: 901700 | D9: 6904526.8 | E9: 901700 | F9: 6904526.8 | G9: 10.5 | H9: 72497531 | I9: ADMINISTRATIVA | J9: Dacenter | K9: Zona 1 | L9: =COUNTIF(Tbl_Borrador_PT[EQUIPO REDES],Tbl_Borrador_PT[[#This Row],[EQUIPO REDES]]) -> 3 | M9: =Tbl_Borrador_PT[[#This Row],[COSTO INSTALACION_PUT]]&"/"&Tbl_Borrador_PT[[#This Row],[COSTO MENSUAL_PUT]] -> 901700/6904526,76666667 | AB9: 2.7 | AC9: ENLACE DEDICADO SIMETRICO 20 Mbps BP(Pasivo - Red propia) | AF9: 0 | AG9: =Tbl_Precio_Techo[[#This Row],[Zona]]&"/"&Tbl_Precio_Techo[[#This Row],[Item]] -> 0/2.7 | AH9: 2.7 | AI9: 2.7 | AK9: 10 | AL9: =COUNTIF(Tbl_Precio_Techo[EQUIPO REDES],Tbl_Precio_Techo[[#This Row],[EQUIPO REDES]]) -> 4 | AO9: 0 | AP9: 0 | AQ9: =Tbl_Precio_Techo[[#This Row],[PT INSTALACION / EQUIPO]] -> 0 | AR9: =Tbl_Precio_Techo[[#This Row],[PT VR UN MENSUAL IVA]] -> 0
A10: REDUNDANCIA PUNTO DE CONCENTRACION SIMETRICO 200 MBPS ACTIVO/PASIVO | B10: 1 | C10: 901700 | D10: 5887264.2 | E10: 901700 | F10: 5887264.2 | G10: 10.5 | H10: 61816274 | I10: ADMINISTRATIVA | J10: Dacenter | K10: Zona 1 | L10: =COUNTIF(Tbl_Borrador_PT[EQUIPO REDES],Tbl_Borrador_PT[[#This Row],[EQUIPO REDES]]) -> 3 | M10: =Tbl_Borrador_PT[[#This Row],[COSTO INSTALACION_PUT]]&"/"&Tbl_Borrador_PT[[#This Row],[COSTO MENSUAL_PUT]] -> 901700/5887264,16666667 | AC10: ENLACE DEDICADO SIMETRICO 20 Mbps BP(Pasivo - Red Tercero/Aliado) | AF10: 0 | AG10: =Tbl_Precio_Techo[[#This Row],[Zona]]&"/"&Tbl_Precio_Techo[[#This Row],[Item]] -> 0/ | AH10: 2.8 | AJ10: Eliminar | AK10: 11 | AL10: =COUNTIF(Tbl_Precio_Techo[EQUIPO REDES],Tbl_Precio_Techo[[#This Row],[EQUIPO REDES]]) -> 4 | AO10: 0 | AP10: 0 | AQ10: =Tbl_Precio_Techo[[#This Row],[PT INSTALACION / EQUIPO]] -> 0 | AR10: =Tbl_Precio_Techo[[#This Row],[PT VR UN MENSUAL IVA]] -> 0
A11: Enlace Internet Dedicado Simétrico (U.M. Fibra Óptica) 30Mbps | B11: 5 | C11: 761700 | D11: 1461737.9 | E11: 3808500 | F11: 7308689.7 | G11: 10 | H11: 73086897 | I11: COLEGIOS | K11: Zona 1 | L11: =COUNTIF(Tbl_Borrador_PT[EQUIPO REDES],Tbl_Borrador_PT[[#This Row],[EQUIPO REDES]]) -> 6 | M11: =Tbl_Borrador_PT[[#This Row],[COSTO INSTALACION_PUT]]&"/"&Tbl_Borrador_PT[[#This Row],[COSTO MENSUAL_PUT]] -> 761700/1461737,94 | AB11: 2.8 | AC11: ENLACE DEDICADO SIMETRICO 30 Mbps | AF11: 0 | AG11: =Tbl_Precio_Techo[[#This Row],[Zona]]&"/"&Tbl_Precio_Techo[[#This Row],[Item]] -> 0/2.8 | AH11: 2.9 | AI11: 2.8 | AK11: 12 | AL11: =COUNTIF(Tbl_Precio_Techo[EQUIPO REDES],Tbl_Precio_Techo[[#This Row],[EQUIPO REDES]]) -> 4 | AO11: 0 | AP11: 0 | AQ11: =Tbl_Precio_Techo[[#This Row],[PT INSTALACION / EQUIPO]] -> 0 | AR11: =Tbl_Precio_Techo[[#This Row],[PT VR UN MENSUAL IVA]] -> 0
A12: Enlace Internet Dedicado Simétrico (U.M. Fibra Óptica) 60Mbps | B12: 1 | C12: 761700 | D12: 2118376.6 | E12: 761700 | F12: 2118376.6 | G12: 10 | H12: 21183766 | I12: COLEGIOS | K12: Zona 1 | L12: =COUNTIF(Tbl_Borrador_PT[EQUIPO REDES],Tbl_Borrador_PT[[#This Row],[EQUIPO REDES]]) -> 5 | M12: =Tbl_Borrador_PT[[#This Row],[COSTO INSTALACION_PUT]]&"/"&Tbl_Borrador_PT[[#This Row],[COSTO MENSUAL_PUT]] -> 761700/2118376,56 | AB12: 2.9 | AC12: ENLACE DEDICADO SIMETRICO 50 Mbps | AF12: 0 | AG12: =Tbl_Precio_Techo[[#This Row],[Zona]]&"/"&Tbl_Precio_Techo[[#This Row],[Item]] -> 0/2.9 | AH12: 2.10 | AI12: 2.9 | AK12: 13 | AL12: =COUNTIF(Tbl_Precio_Techo[EQUIPO REDES],Tbl_Precio_Techo[[#This Row],[EQUIPO REDES]]) -> 4 | AO12: 0 | AP12: 0 | AQ12: =Tbl_Precio_Techo[[#This Row],[PT INSTALACION / EQUIPO]] -> 0 | AR12: =Tbl_Precio_Techo[[#This Row],[PT VR UN MENSUAL IVA]] -> 0
A13: Enlace Internet Dedicado Simétrico (U.M. Fibra Óptica) 100Mbps | B13: 125 | C13: 901700 | D13: 2776691.4 | E13: 112712500 | F13: 3.4708642e+08 | G13: 10 | H13: 3.4708642e+09 | I13: COLEGIOS | J13: 5 sedes adicionales proyectadas de obra | K13: Zona 1 | L13: =COUNTIF(Tbl_Borrador_PT[EQUIPO REDES],Tbl_Borrador_PT[[#This Row],[EQUIPO REDES]]) -> 4 | M13: =Tbl_Borrador_PT[[#This Row],[COSTO INSTALACION_PUT]]&"/"&Tbl_Borrador_PT[[#This Row],[COSTO MENSUAL_PUT]] -> 901700/2776691,38666667 | AB13: 2.10 | AC13: ENLACE DEDICADO SIMETRICO 50Mbps BP(Pasivo - Red propia) | AF13: 0 | AG13: =Tbl_Precio_Techo[[#This Row],[Zona]]&"/"&Tbl_Precio_Techo[[#This Row],[Item]] -> 0/2.10 | AH13: 2.11 | AI13: 2.10 | AK13: 14 | AL13: =COUNTIF(Tbl_Precio_Techo[EQUIPO REDES],Tbl_Precio_Techo[[#This Row],[EQUIPO REDES]]) -> 4 | AO13: 0 | AP13: 0 | AQ13: =Tbl_Precio_Techo[[#This Row],[PT INSTALACION / EQUIPO]] -> 0 | AR13: =Tbl_Precio_Techo[[#This Row],[PT VR UN MENSUAL IVA]] -> 0
A14: Enlace Internet Dedicado Simétrico (U.M. Fibra Óptica) 256Mbps | B14: 70 | C14: 761700 | D14: 6031937.2 | E14: 53319000 | F14: 4.222356e+08 | G14: 10 | H14: 4.222356e+09 | I14: COLEGIOS | K14: Zona 1 | L14: =COUNTIF(Tbl_Borrador_PT[EQUIPO REDES],Tbl_Borrador_PT[[#This Row],[EQUIPO REDES]]) -> 3 | M14: =Tbl_Borrador_PT[[#This Row],[COSTO INSTALACION_PUT]]&"/"&Tbl_Borrador_PT[[#This Row],[COSTO MENSUAL_PUT]] -> 761700/6031937,21333333 | AC14: ENLACE DEDICADO SIMETRICO 50Mbps BP(Pasivo - Red Tercero/Aliado) | AF14: 0 | AG14: =Tbl_Precio_Techo[[#This Row],[Zona]]&"/"&Tbl_Precio_Techo[[#This Row],[Item]] -> 0/ | AH14: 2.12 | AJ14: Eliminar | AK14: 15 | AL14: =COUNTIF(Tbl_Precio_Techo[EQUIPO REDES],Tbl_Precio_Techo[[#This Row],[EQUIPO REDES]]) -> 4 | AO14: 0 | AP14: 0 | AQ14: =Tbl_Precio_Techo[[#This Row],[PT INSTALACION / EQUIPO]] -> 0 | AR14: =Tbl_Precio_Techo[[#This Row],[PT VR UN MENSUAL IVA]] -> 0
A15: Enlace Internet Dedicado Simétrico (U.M. Fibra Óptica) 512Mbps | B15: 48 | C15: 901700 | D15: 8975658.2 | E15: 43281600 | F15: 4.3083159e+08 | G15: 10 | H15: 4.3083159e+09 | I15: COLEGIOS | K15: Zona 1 | L15: =COUNTIF(Tbl_Borrador_PT[EQUIPO REDES],Tbl_Borrador_PT[[#This Row],[EQUIPO REDES]]) -> 4 | M15: =Tbl_Borrador_PT[[#This Row],[COSTO INSTALACION_PUT]]&"/"&Tbl_Borrador_PT[[#This Row],[COSTO MENSUAL_PUT]] -> 901700/8975658,16 | AB15: 2.11 | AC15: ENLACE DEDICADO SIMETRICO 80 Mbps | AF15: 0 | AG15: =Tbl_Precio_Techo[[#This Row],[Zona]]&"/"&Tbl_Precio_Techo[[#This Row],[Item]] -> 0/2.11 | AH15: 2.13 | AI15: 2.11 | AK15: 16 | AL15: =COUNTIF(Tbl_Precio_Techo[EQUIPO REDES],Tbl_Precio_Techo[[#This Row],[EQUIPO REDES]]) -> 4 | AO15: 0 | AP15: 0 | AQ15: =Tbl_Precio_Techo[[#This Row],[PT INSTALACION / EQUIPO]] -> 0 | AR15: =Tbl_Precio_Techo[[#This Row],[PT VR UN MENSUAL IVA]] -> 0
A16: Seguridad Internet Dedicado 30 Mbps | B16: 5 | C16: 2000000 | D16: 1432474 | E16: 10000000 | F16: 7162370 | G16: 10 | H16: 71623700 | I16: COLEGIOS | K16: Zona 1 | L16: =COUNTIF(Tbl_Borrador_PT[EQUIPO REDES],Tbl_Borrador_PT[[#This Row],[EQUIPO REDES]]) -> 6 | M16: =Tbl_Borrador_PT[[#This Row],[COSTO INSTALACION_PUT]]&"/"&Tbl_Borrador_PT[[#This Row],[COSTO MENSUAL_PUT]] -> 2000000/1432474 | AB16: 2.12 | AC16: ENLACE DEDICADO SIMETRICO 80Mbps BP(Pasivo - Red propia) | AF16: 0 | AG16: =Tbl_Precio_Techo[[#This Row],[Zona]]&"/"&Tbl_Precio_Techo[[#This Row],[Item]] -> 0/2.12 | AH16: 2.14 | AI16: 2.12 | AK16: 17 | AL16: =COUNTIF(Tbl_Precio_Techo[EQUIPO REDES],Tbl_Precio_Techo[[#This Row],[EQUIPO REDES]]) -> 4 | AO16: 0 | AP16: 0 | AQ16: =Tbl_Precio_Techo[[#This Row],[PT INSTALACION / EQUIPO]] -> 0 | AR16: =Tbl_Precio_Techo[[#This Row],[PT VR UN MENSUAL IVA]] -> 0
A17: Seguridad Internet Dedicado 60 Mbps | B17: 1 | C17: 2000000 | D17: 2125491.7 | E17: 2000000 | F17: 2125491.7 | G17: 10 | H17: 21254917 | I17: COLEGIOS | K17: Zona 1 | L17: =COUNTIF(Tbl_Borrador_PT[EQUIPO REDES],Tbl_Borrador_PT[[#This Row],[EQUIPO REDES]]) -> 5 | M17: =Tbl_Borrador_PT[[#This Row],[COSTO INSTALACION_PUT]]&"/"&Tbl_Borrador_PT[[#This Row],[COSTO MENSUAL_PUT]] -> 2000000/2125491,66666667 | AC17: ENLACE DEDICADO SIMETRICO 80Mbps BP(Pasivo - Red Tercero/Aliado) | AF17: 0 | AG17: =Tbl_Precio_Techo[[#This Row],[Zona]]&"/"&Tbl_Precio_Techo[[#This Row],[Item]] -> 0/ | AH17: 2.15 | AJ17: Eliminar | AK17: 18 | AL17: =COUNTIF(Tbl_Precio_Techo[EQUIPO REDES],Tbl_Precio_Techo[[#This Row],[EQUIPO REDES]]) -> 4 | AO17: 0 | AP17: 0 | AQ17: =Tbl_Precio_Techo[[#This Row],[PT INSTALACION / EQUIPO]] -> 0 | AR17: =Tbl_Precio_Techo[[#This Row],[PT VR UN MENSUAL IVA]] -> 0
A18: Seguridad Internet Dedicado 100 Mbps | B18: 125 | C18: 2000000 | D18: 2821671.3 | E18: 250000000 | F18: 3.5270892e+08 | G18: 10 | H18: 3.5270892e+09 | I18: COLEGIOS | J18: 5 sedes adicionales proyectadas de obra | K18: Zona 1 | L18: =COUNTIF(Tbl_Borrador_PT[EQUIPO REDES],Tbl_Borrador_PT[[#This Row],[EQUIPO REDES]]) -> 4 | M18: =Tbl_Borrador_PT[[#This Row],[COSTO INSTALACION_PUT]]&"/"&Tbl_Borrador_PT[[#This Row],[COSTO MENSUAL_PUT]] -> 2000000/2821671,33333333 | AB18: 2.13 | AC18: ENLACE DEDICADO SIMETRICO 100 Mbps | AF18: 0 | AG18: =Tbl_Precio_Techo[[#This Row],[Zona]]&"/"&Tbl_Precio_Techo[[#This Row],[Item]] -> 0/2.13 | AH18: 2.16 | AI18: 2.13 | AK18: 19 | AL18: =COUNTIF(Tbl_Precio_Techo[EQUIPO REDES],Tbl_Precio_Techo[[#This Row],[EQUIPO REDES]]) -> 4 | AO18: 0 | AP18: 0 | AQ18: =Tbl_Precio_Techo[[#This Row],[PT INSTALACION / EQUIPO]] -> 0 | AR18: =Tbl_Precio_Techo[[#This Row],[PT VR UN MENSUAL IVA]] -> 0
A19: Seguridad Internet Dedicado 256 Mbps | B19: 70 | C19: 2000000 | D19: 4242758.3 | E19: 140000000 | F19: 2.9699308e+08 | G19: 10 | H19: 2.9699308e+09 | I19: COLEGIOS | K19: Zona 1 | L19: =COUNTIF(Tbl_Borrador_PT[EQUIPO REDES],Tbl_Borrador_PT[[#This Row],[EQUIPO REDES]]) -> 3 | M19: =Tbl_Borrador_PT[[#This Row],[COSTO INSTALACION_PUT]]&"/"&Tbl_Borrador_PT[[#This Row],[COSTO MENSUAL_PUT]] -> 2000000/4242758,33333333 | AB19: 2.14 | AC19: ENLACE DEDICADO SIMETRICO 100Mbps BP(Pasivo - Red propia) | AF19: 0 | AG19: =Tbl_Precio_Techo[[#This Row],[Zona]]&"/"&Tbl_Precio_Techo[[#This Row],[Item]] -> 0/2.14 | AH19: 2.17 | AI19: 2.14 | AK19: 20 | AL19: =COUNTIF(Tbl_Precio_Techo[EQUIPO REDES],Tbl_Precio_Techo[[#This Row],[EQUIPO REDES]]) -> 4 | AO19: 0 | AP19: 0 | AQ19: =Tbl_Precio_Techo[[#This Row],[PT INSTALACION / EQUIPO]] -> 0 | AR19: =Tbl_Precio_Techo[[#This Row],[PT VR UN MENSUAL IVA]] -> 0
A20: Seguridad Internet Dedicado 512 Mbps | B20: 48 | C20: 2000000 | D20: 5947780.3 | E20: 96000000 | F20: 285493456 | G20: 10 | H20: 2854934560 | I20: COLEGIOS | K20: Zona 1 | L20: =COUNTIF(Tbl_Borrador_PT[EQUIPO REDES],Tbl_Borrador_PT[[#This Row],[EQUIPO REDES]]) -> 3 | M20: =Tbl_Borrador_PT[[#This Row],[COSTO INSTALACION_PUT]]&"/"&Tbl_Borrador_PT[[#This Row],[COSTO MENSUAL_PUT]] -> 2000000/5947780,33333333 | AC20: ENLACE DEDICADO SIMETRICO 100Mbps BP(Pasivo - Red Tercero/Aliado) | AF20: 0 | AG20: =Tbl_Precio_Techo[[#This Row],[Zona]]&"/"&Tbl_Precio_Techo[[#This Row],[Item]] -> 0/ | AH20: 2.18 | AJ20: Eliminar | AK20: 21 | AL20: =COUNTIF(Tbl_Precio_Techo[EQUIPO REDES],Tbl_Precio_Techo[[#This Row],[EQUIPO REDES]]) -> 4 | AO20: 0 | AP20: 0 | AQ20: =Tbl_Precio_Techo[[#This Row],[PT INSTALACION / EQUIPO]] -> 0 | AR20: =Tbl_Precio_Techo[[#This Row],[PT VR UN MENSUAL IVA]] -> 0
A21: ALQUILER EQUIPO ROUTER CORE DATOS MULTIOPERADOR DE ACUERDO A ANEXO TECNICO NUMERAL 7.1 | B21: 1 | C21: 1023400 | D21: 8590941.4 | E21: 1023400 | F21: 8590941.4 | G21: 10.5 | H21: 90204885 | I21: ADMINISTRATIVA | K21: Zona 2 | L21: =COUNTIF(Tbl_Borrador_PT[EQUIPO REDES],Tbl_Borrador_PT[[#This Row],[EQUIPO REDES]]) -> 2 | M21: =Tbl_Borrador_PT[[#This Row],[COSTO INSTALACION_PUT]]&"/"&Tbl_Borrador_PT[[#This Row],[COSTO MENSUAL_PUT]] -> 1023400/8590941,41665475 | AB21: 2.15 | AC21: PUNTO DE CONCENTRACIÓN SIMETRICO 100Mbps | AF21: 0 | AG21: =Tbl_Precio_Techo[[#This Row],[Zona]]&"/"&Tbl_Precio_Techo[[#This Row],[Item]] -> 0/2.15 | AH21: 2.19 | AI21: 2.15 | AK21: 22 | AL21: =COUNTIF(Tbl_Precio_Techo[EQUIPO REDES],Tbl_Precio_Techo[[#This Row],[EQUIPO REDES]]) -> 4 | AO21: 0 | AP21: 0 | AQ21: =Tbl_Precio_Techo[[#This Row],[PT INSTALACION / EQUIPO]] -> 0 | AR21: =Tbl_Precio_Techo[[#This Row],[PT VR UN MENSUAL IVA]] -> 0
A22: ENLACE DEDICADO SIMETRICO 1 Mbps | B22: 10 | C22: 761700 | D22: 484100 | E22: 7617000 | F22: 4841000 | G22: 10.5 | H22: 50830500 | I22: ADMINISTRATIVA | K22: Zona 2 | L22: =COUNTIF(Tbl_Borrador_PT[EQUIPO REDES],Tbl_Borrador_PT[[#This Row],[EQUIPO REDES]]) -> 5 | M22: =Tbl_Borrador_PT[[#This Row],[COSTO INSTALACION_PUT]]&"/"&Tbl_Borrador_PT[[#This Row],[COSTO MENSUAL_PUT]] -> 761700/484100 | AB22: 2.16 | AC22: REDUNDANCIA PUNTO DE CONCENTRACION SIMETRICO 100 MBPS ACTIVO/PASIVO | AF22: 0 | AG22: =Tbl_Precio_Techo[[#This Row],[Zona]]&"/"&Tbl_Precio_Techo[[#This Row],[Item]] -> 0/2.16 | AH22: 2.20 | AI22: 2.16 | AK22: 23 | AL22: =COUNTIF(Tbl_Precio_Techo[EQUIPO REDES],Tbl_Precio_Techo[[#This Row],[EQUIPO REDES]]) -> 4 | AO22: 0 | AP22: 0 | AQ22: =Tbl_Precio_Techo[[#This Row],[PT INSTALACION / EQUIPO]] -> 0 | AR22: =Tbl_Precio_Techo[[#This Row],[PT VR UN MENSUAL IVA]] -> 0
A23: Enlace Internet Dedicado Simétrico (U.M. Fibra Óptica) 30Mbps | B23: 3 | C23: 761700 | D23: 1485341.3 | E23: 2285100 | F23: 4456023.8 | G23: 10.5 | H23: 46788250 | I23: ADMINISTRATIVA | J23: Enlace CADES + Bodega | K23: Zona 2 | L23: =COUNTIF(Tbl_Borrador_PT[EQUIPO REDES],Tbl_Borrador_PT[[#This Row],[EQUIPO REDES]]) -> 6 | M23: =Tbl_Borrador_PT[[#This Row],[COSTO INSTALACION_PUT]]&"/"&Tbl_Borrador_PT[[#This Row],[COSTO MENSUAL_PUT]] -> 761700/1485341,27333333 | AB23: 2.17 | AC23: ENLACE DEDICADO 256 Mbps | AF23: 0 | AG23: =Tbl_Precio_Techo[[#This Row],[Zona]]&"/"&Tbl_Precio_Techo[[#This Row],[Item]] -> 0/2.17 | AH23: 2.21 | AI23: 2.17 | AK23: 24 | AL23: =COUNTIF(Tbl_Precio_Techo[EQUIPO REDES],Tbl_Precio_Techo[[#This Row],[EQUIPO REDES]]) -> 4 | AO23: 0 | AP23: 0 | AQ23: =Tbl_Precio_Techo[[#This Row],[PT INSTALACION / EQUIPO]] -> 0 | AR23: =Tbl_Precio_Techo[[#This Row],[PT VR UN MENSUAL IVA]] -> 0
A24: Enlace Internet Dedicado Simétrico (U.M. Fibra Óptica) 60Mbps | B24: 7 | C24: 761700 | D24: 2147974.6 | E24: 5331900 | F24: 15035822 | G24: 10.5 | H24: 1.5787613e+08 | I24: ADMINISTRATIVA | J24: DILES + BODEGA | K24: Zona 2 | L24: =COUNTIF(Tbl_Borrador_PT[EQUIPO REDES],Tbl_Borrador_PT[[#This Row],[EQUIPO REDES]]) -> 5 | M24: =Tbl_Borrador_PT[[#This Row],[COSTO INSTALACION_PUT]]&"/"&Tbl_Borrador_PT[[#This Row],[COSTO MENSUAL_PUT]] -> 761700/2147974,56 | AB24: 2.18 | AC24: ENLACE DEDICADO 256 Mbps BP Pasivo | AF24: 0 | AG24: =Tbl_Precio_Techo[[#This Row],[Zona]]&"/"&Tbl_Precio_Techo[[#This Row],[Item]] -> 0/2.18 | AH24: 2.22 | AI24: 2.18 | AK24: 25 | AL24: =COUNTIF(Tbl_Precio_Techo[EQUIPO REDES],Tbl_Precio_Techo[[#This Row],[EQUIPO REDES]]) -> 4 | AO24: 0 | AP24: 0 | AQ24: =Tbl_Precio_Techo[[#This Row],[PT INSTALACION / EQUIPO]] -> 0 | AR24: =Tbl_Precio_Techo[[#This Row],[PT VR UN MENSUAL IVA]] -> 0
A25: Seguridad Internet Dedicado 30 Mbps | B25: 3 | C25: 2000000 | D25: 1438774 | E25: 6000000 | F25: 4316322 | G25: 10.5 | H25: 45321381 | I25: ADMINISTRATIVA | J25: Enlace CADES + Bodega | K25: Zona 2 | L25: =COUNTIF(Tbl_Borrador_PT[EQUIPO REDES],Tbl_Borrador_PT[[#This Row],[EQUIPO REDES]]) -> 6 | M25: =Tbl_Borrador_PT[[#This Row],[COSTO INSTALACION_PUT]]&"/"&Tbl_Borrador_PT[[#This Row],[COSTO MENSUAL_PUT]] -> 2000000/1438774 | AB25: 2.19 | AC25: ENLACE DEDICADO 512 Mbps | AF25: 0 | AG25: =Tbl_Precio_Techo[[#This Row],[Zona]]&"/"&Tbl_Precio_Techo[[#This Row],[Item]] -> 0/2.19 | AH25: 2.23 | AI25: 2.19 | AK25: 26 | AL25: =COUNTIF(Tbl_Precio_Techo[EQUIPO REDES],Tbl_Precio_Techo[[#This Row],[EQUIPO REDES]]) -> 4 | AO25: 0 | AP25: 0 | AQ25: =Tbl_Precio_Techo[[#This Row],[PT INSTALACION / EQUIPO]] -> 0 | AR25: =Tbl_Precio_Techo[[#This Row],[PT VR UN MENSUAL IVA]] -> 0
A26: Seguridad Internet Dedicado 60 Mbps | B26: 7 | C26: 2000000 | D26: 949861 | E26: 14000000 | F26: 6649027 | G26: 10.5 | H26: 69814784 | I26: ADMINISTRATIVA | J26: DILES + BODEGA | K26: Zona 2 | L26: =COUNTIF(Tbl_Borrador_PT[EQUIPO REDES],Tbl_Borrador_PT[[#This Row],[EQUIPO REDES]]) -> 5 | M26: =Tbl_Borrador_PT[[#This Row],[COSTO INSTALACION_PUT]]&"/"&Tbl_Borrador_PT[[#This Row],[COSTO MENSUAL_PUT]] -> 2000000/949861 | AB26: 2.20 | AC26: ENLACE DEDICADO 512 Mbps BP Pasivo | AF26: 0 | AG26: =Tbl_Precio_Techo[[#This Row],[Zona]]&"/"&Tbl_Precio_Techo[[#This Row],[Item]] -> 0/2.20 | AH26: 2.24 | AI26: 2.20 | AK26: 27 | AL26: =COUNTIF(Tbl_Precio_Techo[EQUIPO REDES],Tbl_Precio_Techo[[#This Row],[EQUIPO REDES]]) -> 4 | AO26: 0 | AP26: 0 | AQ26: =Tbl_Precio_Techo[[#This Row],[PT INSTALACION / EQUIPO]] -> 0 | AR26: =Tbl_Precio_Techo[[#This Row],[PT VR UN MENSUAL IVA]] -> 0
A27: ENLACE DEDICADO SIMETRICO 1 Mbps | B27: 235 | C27: 761700 | D27: 484100 | E27: 178999500 | F27: 113763500 | G27: 10 | H27: 1137635000 | I27: ADMINISTRATIVO | K27: Zona 2 | L27: =COUNTIF(Tbl_Borrador_PT[EQUIPO REDES],Tbl_Borrador_PT[[#This Row],[EQUIPO REDES]]) -> 5 | M27: =Tbl_Borrador_PT[[#This Row],[COSTO INSTALACION_PUT]]&"/"&Tbl_Borrador_PT[[#This Row],[COSTO MENSUAL_PUT]] -> 761700/484100 | AB27: 2.21 | AC27: ENLACE DEDICADO 1 Gbps | AF27: 0 | AG27: =Tbl_Precio_Techo[[#This Row],[Zona]]&"/"&Tbl_Precio_Techo[[#This Row],[Item]] -> 0/2.21 | AH27: 2.25 | AI27: 2.21 | AK27: 28 | AL27: =COUNTIF(Tbl_Precio_Techo[EQUIPO REDES],Tbl_Precio_Techo[[#This Row],[EQUIPO REDES]]) -> 4 | AO27: 0 | AP27: 0 | AQ27: =Tbl_Precio_Techo[[#This Row],[PT INSTALACION / EQUIPO]] -> 0 | AR27: =Tbl_Precio_Techo[[#This Row],[PT VR UN MENSUAL IVA]] -> 0
A28: PUNTO DE CONCENTRACION SIMETRICO 200 MPBS | B28: 1 | C28: 901700 | D28: 6528304.3 | E28: 901700 | F28: 6528304.3 | G28: 10.5 | H28: 68547195 | I28: ADMINISTRATIVO | J28: Dacenter | K28: Zona 2 | L28: =COUNTIF(Tbl_Borrador_PT[EQUIPO REDES],Tbl_Borrador_PT[[#This Row],[EQUIPO REDES]]) -> 3 | M28: =Tbl_Borrador_PT[[#This Row],[COSTO INSTALACION_PUT]]&"/"&Tbl_Borrador_PT[[#This Row],[COSTO MENSUAL_PUT]] -> 901700/6528304,3 | AB28: 2.22 | AC28: ENLACE DEDICADO 1 Gbps BP Pasivo | AF28: 0 | AG28: =Tbl_Precio_Techo[[#This Row],[Zona]]&"/"&Tbl_Precio_Techo[[#This Row],[Item]] -> 0/2.22 | AH28: 2.26 | AI28: 2.22 | AK28: 29 | AL28: =COUNTIF(Tbl_Precio_Techo[EQUIPO REDES],Tbl_Precio_Techo[[#This Row],[EQUIPO REDES]]) -> 4 | AO28: 0 | AP28: 0 | AQ28: =Tbl_Precio_Techo[[#This Row],[PT INSTALACION / EQUIPO]] -> 0 | AR28: =Tbl_Precio_Techo[[#This Row],[PT VR UN MENSUAL IVA]] -> 0
A29: REDUNDANCIA PUNTO DE CONCENTRACION SIMETRICO 200 MBPS ACTIVO/PASIVO | B29: 1 | C29: 901700 | D29: 2732746 | E29: 901700 | F29: 2732746 | G29: 10.5 | H29: 28693833 | I29: ADMINISTRATIVO | J29: Dacenter | K29: Zona 2 | L29: =COUNTIF(Tbl_Borrador_PT[EQUIPO REDES],Tbl_Borrador_PT[[#This Row],[EQUIPO REDES]]) -> 3 | M29: =Tbl_Borrador_PT[[#This Row],[COSTO INSTALACION_PUT]]&"/"&Tbl_Borrador_PT[[#This Row],[COSTO MENSUAL_PUT]] -> 901700/2732746 | AB29: 2.23 | AC29: ENLACE DEDICADO 5 Gbps | AF29: 0 | AG29: =Tbl_Precio_Techo[[#This Row],[Zona]]&"/"&Tbl_Precio_Techo[[#This Row],[Item]] -> 0/2.23 | AH29: 2.27 | AI29: 2.23 | AK29: 30 | AL29: =COUNTIF(Tbl_Precio_Techo[EQUIPO REDES],Tbl_Precio_Techo[[#This Row],[EQUIPO REDES]]) -> 4 | AO29: 0 | AP29: 0 | AQ29: =Tbl_Precio_Techo[[#This Row],[PT INSTALACION / EQUIPO]] -> 0 | AR29: =Tbl_Precio_Techo[[#This Row],[PT VR UN MENSUAL IVA]] -> 0
A30: Enlace Internet Dedicado Simétrico (U.M. Fibra Óptica) 30Mbps | B30: 13 | C30: 761700 | D30: 1485341.3 | E30: 9902100 | F30: 19309437 | G30: 10 | H30: 1.9309437e+08 | I30: COLEGIOS | K30: Zona 2 | L30: =COUNTIF(Tbl_Borrador_PT[EQUIPO REDES],Tbl_Borrador_PT[[#This Row],[EQUIPO REDES]]) -> 6 | M30: =Tbl_Borrador_PT[[#This Row],[COSTO INSTALACION_PUT]]&"/"&Tbl_Borrador_PT[[#This Row],[COSTO MENSUAL_PUT]] -> 761700/1485341,27333333 | AB30: 2.24 | AC30: ENLACE DEDICADO 5 Gbps BP Pasivo | AF30: 0 | AG30: =Tbl_Precio_Techo[[#This Row],[Zona]]&"/"&Tbl_Precio_Techo[[#This Row],[Item]] -> 0/2.24 | AH30: 2.28 | AI30: 2.24 | AK30: 31 | AL30: =COUNTIF(Tbl_Precio_Techo[EQUIPO REDES],Tbl_Precio_Techo[[#This Row],[EQUIPO REDES]]) -> 4 | AO30: 0 | AP30: 0 | AQ30: =Tbl_Precio_Techo[[#This Row],[PT INSTALACION / EQUIPO]] -> 0 | AR30: =Tbl_Precio_Techo[[#This Row],[PT VR UN MENSUAL IVA]] -> 0
A31: Enlace Internet Dedicado Simétrico (U.M. Fibra Óptica) 60Mbps | B31: 2 | C31: 761700 | D31: 2147974.6 | E31: 1523400 | F31: 4295949.1 | G31: 10 | H31: 42959491 | I31: COLEGIOS | K31: Zona 2 | L31: =COUNTIF(Tbl_Borrador_PT[EQUIPO REDES],Tbl_Borrador_PT[[#This Row],[EQUIPO REDES]]) -> 5 | M31: =Tbl_Borrador_PT[[#This Row],[COSTO INSTALACION_PUT]]&"/"&Tbl_Borrador_PT[[#This Row],[COSTO MENSUAL_PUT]] -> 761700/2147974,56 | AB31: 2.25 | AC31: ENLACE DEDICADO 10 Gbps | AF31: 0 | AG31: =Tbl_Precio_Techo[[#This Row],[Zona]]&"/"&Tbl_Precio_Techo[[#This Row],[Item]] -> 0/2.25 | AH31: 2.29 | AI31: 2.25 | AK31: 32 | AL31: =COUNTIF(Tbl_Precio_Techo[EQUIPO REDES],Tbl_Precio_Techo[[#This Row],[EQUIPO REDES]]) -> 4 | AO31: 0 | AP31: 0 | AQ31: =Tbl_Precio_Techo[[#This Row],[PT INSTALACION / EQUIPO]] -> 0 | AR31: =Tbl_Precio_Techo[[#This Row],[PT VR UN MENSUAL IVA]] -> 0
A32: Enlace Internet Dedicado Simétrico (U.M. Fibra Óptica) 100Mbps | B32: 108 | C32: 901700 | D32: 2808355 | E32: 97383600 | F32: 303302340 | G32: 10 | H32: 3033023400 | I32: COLEGIOS | J32: 5 sedes adicionales proyectadas de obra | K32: Zona 2 | L32: =COUNTIF(Tbl_Borrador_PT[EQUIPO REDES],Tbl_Borrador_PT[[#This Row],[EQUIPO REDES]]) -> 4 | M32: =Tbl_Borrador_PT[[#This Row],[COSTO INSTALACION_PUT]]&"/"&Tbl_Borrador_PT[[#This Row],[COSTO MENSUAL_PUT]] -> 901700/2808355 | AB32: 2.26 | AC32: ENLACE DEDICADO 10 Gbps BP Pasivo | AF32: 0 | AG32: =Tbl_Precio_Techo[[#This Row],[Zona]]&"/"&Tbl_Precio_Techo[[#This Row],[Item]] -> 0/2.26 | AH32: 2.30 | AI32: 2.26 | AK32: 33 | AL32: =COUNTIF(Tbl_Precio_Techo[EQUIPO REDES],Tbl_Precio_Techo[[#This Row],[EQUIPO REDES]]) -> 4 | AO32: 0 | AP32: 0 | AQ32: =Tbl_Precio_Techo[[#This Row],[PT INSTALACION / EQUIPO]] -> 0 | AR32: =Tbl_Precio_Techo[[#This Row],[PT VR UN MENSUAL IVA]] -> 0
A33: Enlace Internet Dedicado Simétrico (U.M. Fibra Óptica) 256Mbps | B33: 82 | C33: 761700 | D33: 6122959 | E33: 62459400 | F33: 502082638 | G33: 10 | H33: 5020826380 | I33: COLEGIOS | K33: Zona 2 | L33: =COUNTIF(Tbl_Borrador_PT[EQUIPO REDES],Tbl_Borrador_PT[[#This Row],[EQUIPO REDES]]) -> 3 | M33: =Tbl_Borrador_PT[[#This Row],[COSTO INSTALACION_PUT]]&"/"&Tbl_Borrador_PT[[#This Row],[COSTO MENSUAL_PUT]] -> 761700/6122959 | AB33: 2.27 | AC33: ENLACE DEDICADO 20 Gbps | AF33: 0 | AG33: =Tbl_Precio_Techo[[#This Row],[Zona]]&"/"&Tbl_Precio_Techo[[#This Row],[Item]] -> 0/2.27 | AH33: 2.31 | AI33: 2.27 | AK33: 34 | AL33: =COUNTIF(Tbl_Precio_Techo[EQUIPO REDES],Tbl_Precio_Techo[[#This Row],[EQUIPO REDES]]) -> 4 | AO33: 0 | AP33: 0 | AQ33: =Tbl_Precio_Techo[[#This Row],[PT INSTALACION / EQUIPO]] -> 0 | AR33: =Tbl_Precio_Techo[[#This Row],[PT VR UN MENSUAL IVA]] -> 0
A34: Enlace Internet Dedicado Simétrico (U.M. Fibra Óptica) 512Mbps | B34: 30 | C34: 901700 | D34: 9157701 | E34: 27051000 | F34: 274731030 | G34: 10 | H34: 2747310300 | I34: COLEGIOS | K34: Zona 2 | L34: =COUNTIF(Tbl_Borrador_PT[EQUIPO REDES],Tbl_Borrador_PT[[#This Row],[EQUIPO REDES]]) -> 4 | M34: =Tbl_Borrador_PT[[#This Row],[COSTO INSTALACION_PUT]]&"/"&Tbl_Borrador_PT[[#This Row],[COSTO MENSUAL_PUT]] -> 901700/9157701 | AB34: 2.28 | AC34: ENLACE DEDICADO 20 Gbps BP Pasivo | AF34: 0 | AG34: =Tbl_Precio_Techo[[#This Row],[Zona]]&"/"&Tbl_Precio_Techo[[#This Row],[Item]] -> 0/2.28 | AH34: 2.32 | AI34: 2.28 | AK34: 35 | AL34: =COUNTIF(Tbl_Precio_Techo[EQUIPO REDES],Tbl_Precio_Techo[[#This Row],[EQUIPO REDES]]) -> 4 | AO34: 0 | AP34: 0 | AQ34: =Tbl_Precio_Techo[[#This Row],[PT INSTALACION / EQUIPO]] -> 0 | AR34: =Tbl_Precio_Techo[[#This Row],[PT VR UN MENSUAL IVA]] -> 0
A35: Seguridad Internet Dedicado 30 Mbps | B35: 13 | C35: 2000000 | D35: 1438774 | E35: 26000000 | F35: 18704062 | G35: 10 | H35: 187040620 | I35: COLEGIOS | K35: Zona 2 | L35: =COUNTIF(Tbl_Borrador_PT[EQUIPO REDES],Tbl_Borrador_PT[[#This Row],[EQUIPO REDES]]) -> 6 | M35: =Tbl_Borrador_PT[[#This Row],[COSTO INSTALACION_PUT]]&"/"&Tbl_Borrador_PT[[#This Row],[COSTO MENSUAL_PUT]] -> 2000000/1438774 | AB35: 2.29 | AC35: PUNTO DE CONCENTRACION SIMETRICO 200 MPBS | AF35: 0 | AG35: =Tbl_Precio_Techo[[#This Row],[Zona]]&"/"&Tbl_Precio_Techo[[#This Row],[Item]] -> 0/2.29 | AH35: 2.33 | AI35: 2.29 | AK35: 36 | AL35: =COUNTIF(Tbl_Precio_Techo[EQUIPO REDES],Tbl_Precio_Techo[[#This Row],[EQUIPO REDES]]) -> 4 | AO35: 0 | AP35: 0 | AQ35: =Tbl_Precio_Techo[[#This Row],[PT INSTALACION / EQUIPO]] -> 0 | AR35: =Tbl_Precio_Techo[[#This Row],[PT VR UN MENSUAL IVA]] -> 0
A36: Seguridad Internet Dedicado 60 Mbps | B36: 2 | C36: 2000000 | D36: 949861 | E36: 4000000 | F36: 1899722 | G36: 10 | H36: 18997220 | I36: COLEGIOS | K36: Zona 2 | L36: =COUNTIF(Tbl_Borrador_PT[EQUIPO REDES],Tbl_Borrador_PT[[#This Row],[EQUIPO REDES]]) -> 5 | M36: =Tbl_Borrador_PT[[#This Row],[COSTO INSTALACION_PUT]]&"/"&Tbl_Borrador_PT[[#This Row],[COSTO MENSUAL_PUT]] -> 2000000/949861 | AB36: 2.30 | AC36: REDUNDANCIA PUNTO DE CONCENTRACION SIMETRICO 200 MBPS ACTIVO/PASIVO | AF36: 0 | AG36: =Tbl_Precio_Techo[[#This Row],[Zona]]&"/"&Tbl_Precio_Techo[[#This Row],[Item]] -> 0/2.30 | AH36: 2.34 | AI36: 2.30 | AK36: 37 | AL36: =COUNTIF(Tbl_Precio_Techo[EQUIPO REDES],Tbl_Precio_Techo[[#This Row],[EQUIPO REDES]]) -> 4 | AO36: 0 | AP36: 0 | AQ36: =Tbl_Precio_Techo[[#This Row],[PT INSTALACION / EQUIPO]] -> 0 | AR36: =Tbl_Precio_Techo[[#This Row],[PT VR UN MENSUAL IVA]] -> 0
A37: Seguridad Internet Dedicado 100 Mbps | B37: 108 | C37: 2000000 | D37: 1247617.5 | E37: 216000000 | F37: 134742690 | G37: 10 | H37: 1347426900 | I37: COLEGIOS | J37: 5 sedes adicionales proyectadas de obra | K37: Zona 2 | L37: =COUNTIF(Tbl_Borrador_PT[EQUIPO REDES],Tbl_Borrador_PT[[#This Row],[EQUIPO REDES]]) -> 4 | M37: =Tbl_Borrador_PT[[#This Row],[COSTO INSTALACION_PUT]]&"/"&Tbl_Borrador_PT[[#This Row],[COSTO MENSUAL_PUT]] -> 2000000/1247617,5 | AB37: 2.31 | AC37: PUNTO DE CONCENTRACIÓN SIMETRICO 300Mbps | AF37: 0 | AG37: =Tbl_Precio_Techo[[#This Row],[Zona]]&"/"&Tbl_Precio_Techo[[#This Row],[Item]] -> 0/2.31 | AH37: 2.35 | AI37: 2.31 | AK37: 38 | AL37: =COUNTIF(Tbl_Precio_Techo[EQUIPO REDES],Tbl_Precio_Techo[[#This Row],[EQUIPO REDES]]) -> 4 | AO37: 0 | AP37: 0 | AQ37: =Tbl_Precio_Techo[[#This Row],[PT INSTALACION / EQUIPO]] -> 0 | AR37: =Tbl_Precio_Techo[[#This Row],[PT VR UN MENSUAL IVA]] -> 0
A38: Seguridad Internet Dedicado 256 Mbps | B38: 82 | C38: 2000000 | D38: 4265968 | E38: 164000000 | F38: 349809376 | G38: 10 | H38: 3498093760 | I38: COLEGIOS | K38: Zona 2 | L38: =COUNTIF(Tbl_Borrador_PT[EQUIPO REDES],Tbl_Borrador_PT[[#This Row],[EQUIPO REDES]]) -> 3 | M38: =Tbl_Borrador_PT[[#This Row],[COSTO INSTALACION_PUT]]&"/"&Tbl_Borrador_PT[[#This Row],[COSTO MENSUAL_PUT]] -> 2000000/4265968 | AB38: 2.32 | AC38: REDUNDANCIA PUNTO DE CONCENTRACION SIMETRICO 300 MBPS ACTIVO/PASIVO | AF38: 0 | AG38: =Tbl_Precio_Techo[[#This Row],[Zona]]&"/"&Tbl_Precio_Techo[[#This Row],[Item]] -> 0/2.32 | AH38: 2.36 | AI38: 2.32 | AK38: 39 | AL38: =COUNTIF(Tbl_Precio_Techo[EQUIPO REDES],Tbl_Precio_Techo[[#This Row],[EQUIPO REDES]]) -> 4 | AO38: 0 | AP38: 0 | AQ38: =Tbl_Precio_Techo[[#This Row],[PT INSTALACION / EQUIPO]] -> 0 | AR38: =Tbl_Precio_Techo[[#This Row],[PT VR UN MENSUAL IVA]] -> 0
A39: Seguridad Internet Dedicado 512 Mbps | B39: 30 | C39: 2000000 | D39: 5993271.7 | E39: 60000000 | F39: 179798150 | G39: 10 | H39: 1797981500 | I39: COLEGIOS | K39: Zona 2 | L39: =COUNTIF(Tbl_Borrador_PT[EQUIPO REDES],Tbl_Borrador_PT[[#This Row],[EQUIPO REDES]]) -> 3 | M39: =Tbl_Borrador_PT[[#This Row],[COSTO INSTALACION_PUT]]&"/"&Tbl_Borrador_PT[[#This Row],[COSTO MENSUAL_PUT]] -> 2000000/5993271,66666667 | AB39: 2.33 | AC39: PUNTO DE CONCENTRACIÓN SIMETRICO 400Mbps | AF39: 0 | AG39: =Tbl_Precio_Techo[[#This Row],[Zona]]&"/"&Tbl_Precio_Techo[[#This Row],[Item]] -> 0/2.33 | AH39: 2.37 | AI39: 2.33 | AK39: 40 | AL39: =COUNTIF(Tbl_Precio_Techo[EQUIPO REDES],Tbl_Precio_Techo[[#This Row],[EQUIPO REDES]]) -> 4 | AO39: 0 | AP39: 0 | AQ39: =Tbl_Precio_Techo[[#This Row],[PT INSTALACION / EQUIPO]] -> 0 | AR39: =Tbl_Precio_Techo[[#This Row],[PT VR UN MENSUAL IVA]] -> 0
A40: ALQUILER EQUIPO ROUTER CORE DATOS MULTIOPERADOR DE ACUERDO A ANEXO TECNICO NUMERAL 7.1 | B40: 1 | C40: 1023400 | D40: 8590941.4 | E40: 1023400 | F40: 8590941.4 | G40: 10.5 | H40: 90204885 | I40: ADMINISTRATIVO | K40: Zona 3 | L40: =COUNTIF(Tbl_Borrador_PT[EQUIPO REDES],Tbl_Borrador_PT[[#This Row],[EQUIPO REDES]]) -> 2 | M40: =Tbl_Borrador_PT[[#This Row],[COSTO INSTALACION_PUT]]&"/"&Tbl_Borrador_PT[[#This Row],[COSTO MENSUAL_PUT]] -> 1023400/8590941,41665475 | AB40: 2.34 | AC40: REDUNDANCIA PUNTO DE CONCENTRACION SIMETRICO 400 MBPS ACTIVO/PASIVO | AF40: 0 | AG40: =Tbl_Precio_Techo[[#This Row],[Zona]]&"/"&Tbl_Precio_Techo[[#This Row],[Item]] -> 0/2.34 | AH40: 2.38 | AI40: 2.34 | AK40: 41 | AL40: =COUNTIF(Tbl_Precio_Techo[EQUIPO REDES],Tbl_Precio_Techo[[#This Row],[EQUIPO REDES]]) -> 4 | AO40: 0 | AP40: 0 | AQ40: =Tbl_Precio_Techo[[#This Row],[PT INSTALACION / EQUIPO]] -> 0 | AR40: =Tbl_Precio_Techo[[#This Row],[PT VR UN MENSUAL IVA]] -> 0
A41: ENLACE DEDICADO SIMETRICO 1 Mbps | B41: 239 | C41: 806700 | D41: 494198 | E41: 192801300 | F41: 118113322 | G41: 10.5 | H41: 1240189881 | I41: ADMINISTRATIVO | K41: Zona 3 | L41: =COUNTIF(Tbl_Borrador_PT[EQUIPO REDES],Tbl_Borrador_PT[[#This Row],[EQUIPO REDES]]) -> 5 | M41: =Tbl_Borrador_PT[[#This Row],[COSTO INSTALACION_PUT]]&"/"&Tbl_Borrador_PT[[#This Row],[COSTO MENSUAL_PUT]] -> 806700/494198 | AB41: 2.35 | AC41: PUNTO DE CONCENTRACIÓN SIMETRICO 700Mbps | AF41: 0 | AG41: =Tbl_Precio_Techo[[#This Row],[Zona]]&"/"&Tbl_Precio_Techo[[#This Row],[Item]] -> 0/2.35 | AH41: 2.39 | AI41: 2.35 | AK41: 42 | AL41: =COUNTIF(Tbl_Precio_Techo[EQUIPO REDES],Tbl_Precio_Techo[[#This Row],[EQUIPO REDES]]) -> 4 | AO41: 0 | AP41: 0 | AQ41: =Tbl_Precio_Techo[[#This Row],[PT INSTALACION / EQUIPO]] -> 0 | AR41: =Tbl_Precio_Techo[[#This Row],[PT VR UN MENSUAL IVA]] -> 0
A42: ENLACE DEDICADO 512 Mbps | B42: 6 | C42: 806700 | D42: 9155619.5 | E42: 4840200 | F42: 54933717 | G42: 10.5 | H42: 5.7680403e+08 | I42: ADMINISTRATIVO | J42: Dacenter | K42: Zona 3 | L42: =COUNTIF(Tbl_Borrador_PT[EQUIPO REDES],Tbl_Borrador_PT[[#This Row],[EQUIPO REDES]]) -> 1 | M42: =Tbl_Borrador_PT[[#This Row],[COSTO INSTALACION_PUT]]&"/"&Tbl_Borrador_PT[[#This Row],[COSTO MENSUAL_PUT]] -> 806700/9155619,52666667 | AB42: 2.36 | AC42: REDUNDANCIA PUNTO DE CONCENTRACION SIMETRICO 700 MBPS ACTIVO/PASIVO | AF42: 0 | AG42: =Tbl_Precio_Techo[[#This Row],[Zona]]&"/"&Tbl_Precio_Techo[[#This Row],[Item]] -> 0/2.36 | AH42: 2.40 | AI42: 2.36 | AK42: 43 | AL42: =COUNTIF(Tbl_Precio_Techo[EQUIPO REDES],Tbl_Precio_Techo[[#This Row],[EQUIPO REDES]]) -> 4 | AO42: 0 | AP42: 0 | AQ42: =Tbl_Precio_Techo[[#This Row],[PT INSTALACION / EQUIPO]] -> 0 | AR42: =Tbl_Precio_Techo[[#This Row],[PT VR UN MENSUAL IVA]] -> 0
A43: ENLACE DEDICADO 512 Mbps BP Pasivo | B43: 6 | C43: 806700 | D43: 6769091 | E43: 4840200 | F43: 40614546 | G43: 10.5 | H43: 426452733 | I43: ADMINISTRATIVO | J43: Dacenter | K43: Zona 3 | L43: =COUNTIF(Tbl_Borrador_PT[EQUIPO REDES],Tbl_Borrador_PT[[#This Row],[EQUIPO REDES]]) -> 1 | M43: =Tbl_Borrador_PT[[#This Row],[COSTO INSTALACION_PUT]]&"/"&Tbl_Borrador_PT[[#This Row],[COSTO MENSUAL_PUT]] -> 806700/6769091 | AB43: 2.37 | AC43: PUNTO DE CONCENTRACIÓN SIMETRICO 1Gbps | AF43: 0 | AG43: =Tbl_Precio_Techo[[#This Row],[Zona]]&"/"&Tbl_Precio_Techo[[#This Row],[Item]] -> 0/2.37 | AH43: 2.41 | AI43: 2.37 | AK43: 44 | AL43: =COUNTIF(Tbl_Precio_Techo[EQUIPO REDES],Tbl_Precio_Techo[[#This Row],[EQUIPO REDES]]) -> 4 | AO43: 0 | AP43: 0 | AQ43: =Tbl_Precio_Techo[[#This Row],[PT INSTALACION / EQUIPO]] -> 0 | AR43: =Tbl_Precio_Techo[[#This Row],[PT VR UN MENSUAL IVA]] -> 0
A44: PUNTO DE CONCENTRACION SIMETRICO 200 MPBS | B44: 1 | C44: 971900 | D44: 7391713.2 | E44: 971900 | F44: 7391713.2 | G44: 10.5 | H44: 77612989 | I44: ADMINISTRATIVO | J44: Dacenter | K44: Zona 3 | L44: =COUNTIF(Tbl_Borrador_PT[EQUIPO REDES],Tbl_Borrador_PT[[#This Row],[EQUIPO REDES]]) -> 3 | M44: =Tbl_Borrador_PT[[#This Row],[COSTO INSTALACION_PUT]]&"/"&Tbl_Borrador_PT[[#This Row],[COSTO MENSUAL_PUT]] -> 971900/7391713,24333333 | AB44: 2.38 | AC44: REDUNDANCIA PUNTO DE CONCENTRACION SIMETRICO 1 GBPS ACTIVO/PASIVO | AF44: 0 | AG44: =Tbl_Precio_Techo[[#This Row],[Zona]]&"/"&Tbl_Precio_Techo[[#This Row],[Item]] -> 0/2.38 | AH44: 2.42 | AI44: 2.38 | AK44: 45 | AL44: =COUNTIF(Tbl_Precio_Techo[EQUIPO REDES],Tbl_Precio_Techo[[#This Row],[EQUIPO REDES]]) -> 4 | AO44: 0 | AP44: 0 | AQ44: =Tbl_Precio_Techo[[#This Row],[PT INSTALACION / EQUIPO]] -> 0 | AR44: =Tbl_Precio_Techo[[#This Row],[PT VR UN MENSUAL IVA]] -> 0
A45: REDUNDANCIA PUNTO DE CONCENTRACION SIMETRICO 200 MBPS ACTIVO/PASIVO | B45: 1 | C45: 971900 | D45: 2701652.5 | E45: 971900 | F45: 2701652.5 | G45: 10.5 | H45: 28367351 | I45: ADMINISTRATIVO | J45: Dacenter | K45: Zona 3 | L45: =COUNTIF(Tbl_Borrador_PT[EQUIPO REDES],Tbl_Borrador_PT[[#This Row],[EQUIPO REDES]]) -> 3 | M45: =Tbl_Borrador_PT[[#This Row],[COSTO INSTALACION_PUT]]&"/"&Tbl_Borrador_PT[[#This Row],[COSTO MENSUAL_PUT]] -> 971900/2701652,5 | AB45: 2.39 | AC45: PUNTO DE CONCENTRACIÓN SIMETRICO 1,5 Gbps | AF45: 0 | AG45: =Tbl_Precio_Techo[[#This Row],[Zona]]&"/"&Tbl_Precio_Techo[[#This Row],[Item]] -> 0/2.39 | AH45: 2.43 | AI45: 2.39 | AK45: 46 | AL45: =COUNTIF(Tbl_Precio_Techo[EQUIPO REDES],Tbl_Precio_Techo[[#This Row],[EQUIPO REDES]]) -> 4 | AO45: 0 | AP45: 0 | AQ45: =Tbl_Precio_Techo[[#This Row],[PT INSTALACION / EQUIPO]] -> 0 | AR45: =Tbl_Precio_Techo[[#This Row],[PT VR UN MENSUAL IVA]] -> 0
A46: Enlace Internet Dedicado Simétrico (U.M. Fibra Óptica) 30Mbps | B46: 3 | C46: 806700 | D46: 1552735.3 | E46: 2420100 | F46: 4658206 | G46: 10.5 | H46: 48911163 | I46: ADMINISTRATIVO | J46: CADES | K46: Zona 3 | L46: =COUNTIF(Tbl_Borrador_PT[EQUIPO REDES],Tbl_Borrador_PT[[#This Row],[EQUIPO REDES]]) -> 6 | M46: =Tbl_Borrador_PT[[#This Row],[COSTO INSTALACION_PUT]]&"/"&Tbl_Borrador_PT[[#This Row],[COSTO MENSUAL_PUT]] -> 806700/1552735,33333333 | AB46: 2.40 | AC46: REDUNDANCIA PUNTO DE CONCENTRACION SIMETRICO 1,5 GBPS ACTIVO/PASIVO | AF46: 0 | AG46: =Tbl_Precio_Techo[[#This Row],[Zona]]&"/"&Tbl_Precio_Techo[[#This Row],[Item]] -> 0/2.40 | AH46: 2.44 | AI46: 2.40 | AK46: 47 | AL46: =COUNTIF(Tbl_Precio_Techo[EQUIPO REDES],Tbl_Precio_Techo[[#This Row],[EQUIPO REDES]]) -> 4 | AO46: 0 | AP46: 0 | AQ46: =Tbl_Precio_Techo[[#This Row],[PT INSTALACION / EQUIPO]] -> 0 | AR46: =Tbl_Precio_Techo[[#This Row],[PT VR UN MENSUAL IVA]] -> 0
A47: Seguridad Internet Dedicado 30 Mbps | B47: 3 | C47: 2000000 | D47: 1489564.7 | E47: 6000000 | F47: 4468694.2 | G47: 10.5 | H47: 46921289 | I47: ADMINISTRATIVO | J47: CADES | K47: Zona 3 | L47: =COUNTIF(Tbl_Borrador_PT[EQUIPO REDES],Tbl_Borrador_PT[[#This Row],[EQUIPO REDES]]) -> 6 | M47: =Tbl_Borrador_PT[[#This Row],[COSTO INSTALACION_PUT]]&"/"&Tbl_Borrador_PT[[#This Row],[COSTO MENSUAL_PUT]] -> 2000000/1489564,73666667 | AB47: 3.1 | AC47: Enlace Datos Dedicado Simétrico (U.M. Radio) 6Mbps | AF47: 0 | AG47: =Tbl_Precio_Techo[[#This Row],[Zona]]&"/"&Tbl_Precio_Techo[[#This Row],[Item]] -> 0/3.1 | AH47: 3.1 | AI47: 3.1 | AK47: 49 | AL47: =COUNTIF(Tbl_Precio_Techo[EQUIPO REDES],Tbl_Precio_Techo[[#This Row],[EQUIPO REDES]]) -> 4 | AO47: 0 | AP47: 0 | AQ47: =Tbl_Precio_Techo[[#This Row],[PT INSTALACION / EQUIPO]] -> 0 | AR47: =Tbl_Precio_Techo[[#This Row],[PT VR UN MENSUAL IVA]] -> 0
A48: Enlace Internet Dedicado Simétrico (U.M. Fibra Óptica) 60Mbps | B48: 6 | C48: 806700 | D48: 2289991.3 | E48: 4840200 | F48: 13739948 | G48: 10.5 | H48: 144269454 | I48: ADMINISTRATIVO | J48: DILES | K48: Zona 3 | L48: =COUNTIF(Tbl_Borrador_PT[EQUIPO REDES],Tbl_Borrador_PT[[#This Row],[EQUIPO REDES]]) -> 5 | M48: =Tbl_Borrador_PT[[#This Row],[COSTO INSTALACION_PUT]]&"/"&Tbl_Borrador_PT[[#This Row],[COSTO MENSUAL_PUT]] -> 806700/2289991,33333333 | AB48: 3.2 | AC48: Enlace Datos Dedicado Simétrico (U.M. Radio) 12Mbps | AF48: 0 | AG48: =Tbl_Precio_Techo[[#This Row],[Zona]]&"/"&Tbl_Precio_Techo[[#This Row],[Item]] -> 0/3.2 | AH48: 3.2 | AI48: 3.2 | AK48: 50 | AL48: =COUNTIF(Tbl_Precio_Techo[EQUIPO REDES],Tbl_Precio_Techo[[#This Row],[EQUIPO REDES]]) -> 4 | AO48: 0 | AP48: 0 | AQ48: =Tbl_Precio_Techo[[#This Row],[PT INSTALACION / EQUIPO]] -> 0 | AR48: =Tbl_Precio_Techo[[#This Row],[PT VR UN MENSUAL IVA]] -> 0
A49: Seguridad Internet Dedicado 60 Mbps | B49: 6 | C49: 2000000 | D49: 1391269.6 | E49: 12000000 | F49: 8347617.5 | G49: 10.5 | H49: 87649983 | I49: ADMINISTRATIVO | J49: DILES | K49: Zona 3 | L49: =COUNTIF(Tbl_Borrador_PT[EQUIPO REDES],Tbl_Borrador_PT[[#This Row],[EQUIPO REDES]]) -> 5 | M49: =Tbl_Borrador_PT[[#This Row],[COSTO INSTALACION_PUT]]&"/"&Tbl_Borrador_PT[[#This Row],[COSTO MENSUAL_PUT]] -> 2000000/1391269,57564229 | AB49: 3.3 | AC49: Enlace Datos Dedicado Simétrico (U.M. Radio) 18Mbps | AF49: 0 | AG49: =Tbl_Precio_Techo[[#This Row],[Zona]]&"/"&Tbl_Precio_Techo[[#This Row],[Item]] -> 0/3.3 | AH49: 3.3 | AI49: 3.3 | AK49: 51 | AL49: =COUNTIF(Tbl_Precio_Techo[EQUIPO REDES],Tbl_Precio_Techo[[#This Row],[EQUIPO REDES]]) -> 4 | AO49: 0 | AP49: 0 | AQ49: =Tbl_Precio_Techo[[#This Row],[PT INSTALACION / EQUIPO]] -> 0 | AR49: =Tbl_Precio_Techo[[#This Row],[PT VR UN MENSUAL IVA]] -> 0
A50: Enlace Internet Dedicado Simétrico (U.M. Fibra Óptica) 100Mbps | B50: 1 | C50: 971900 | D50: 3055796 | E50: 971900 | F50: 3055796 | G50: 10.5 | H50: 32085858 | I50: ADMINISTRATIVO | J50: CASA CAMPIN | K50: Zona 3 | L50: =COUNTIF(Tbl_Borrador_PT[EQUIPO REDES],Tbl_Borrador_PT[[#This Row],[EQUIPO REDES]]) -> 4 | M50: =Tbl_Borrador_PT[[#This Row],[COSTO INSTALACION_PUT]]&"/"&Tbl_Borrador_PT[[#This Row],[COSTO MENSUAL_PUT]] -> 971900/3055796 | AB50: 3.4 | AC50: Enlace Datos Dedicado Simétrico (U.M. Radio) 24Mbps | AF50: 0 | AG50: =Tbl_Precio_Techo[[#This Row],[Zona]]&"/"&Tbl_Precio_Techo[[#This Row],[Item]] -> 0/3.4 | AH50: 3.4 | AI50: 3.4 | AK50: 52 | AL50: =COUNTIF(Tbl_Precio_Techo[EQUIPO REDES],Tbl_Precio_Techo[[#This Row],[EQUIPO REDES]]) -> 4 | AO50: 0 | AP50: 0 | AQ50: =Tbl_Precio_Techo[[#This Row],[PT INSTALACION / EQUIPO]] -> 0 | AR50: =Tbl_Precio_Techo[[#This Row],[PT VR UN MENSUAL IVA]] -> 0
A51: Seguridad Internet Dedicado 100 Mbps | B51: 1 | C51: 2000000 | D51: 1343803.6 | E51: 2000000 | F51: 1343803.6 | G51: 10.5 | H51: 14109937 | I51: ADMINISTRATIVO | J51: CASA CAMPIN | K51: Zona 3 | L51: =COUNTIF(Tbl_Borrador_PT[EQUIPO REDES],Tbl_Borrador_PT[[#This Row],[EQUIPO REDES]]) -> 4 | M51: =Tbl_Borrador_PT[[#This Row],[COSTO INSTALACION_PUT]]&"/"&Tbl_Borrador_PT[[#This Row],[COSTO MENSUAL_PUT]] -> 2000000/1343803,55 | AB51: 3.5 | AC51: Enlace Datos Dedicado Simétrico (U.M. Radio) 30Mbps | AF51: 0 | AG51: =Tbl_Precio_Techo[[#This Row],[Zona]]&"/"&Tbl_Precio_Techo[[#This Row],[Item]] -> 0/3.5 | AH51: 3.5 | AI51: 3.5 | AK51: 53 | AL51: =COUNTIF(Tbl_Precio_Techo[EQUIPO REDES],Tbl_Precio_Techo[[#This Row],[EQUIPO REDES]]) -> 4 | AO51: 0 | AP51: 0 | AQ51: =Tbl_Precio_Techo[[#This Row],[PT INSTALACION / EQUIPO]] -> 0 | AR51: =Tbl_Precio_Techo[[#This Row],[PT VR UN MENSUAL IVA]] -> 0
A52: Enlace Internet Dedicado Simétrico (U.M. Fibra Óptica) 512Mbps | B52: 3 | C52: 971900 | D52: 9521911.5 | E52: 2915700 | F52: 28565734 | G52: 10.5 | H52: 2.9994021e+08 | I52: ADMINISTRATIVO | J52: DATACENTER | K52: Zona 3 | L52: =COUNTIF(Tbl_Borrador_PT[EQUIPO REDES],Tbl_Borrador_PT[[#This Row],[EQUIPO REDES]]) -> 4 | M52: =Tbl_Borrador_PT[[#This Row],[COSTO INSTALACION_PUT]]&"/"&Tbl_Borrador_PT[[#This Row],[COSTO MENSUAL_PUT]] -> 971900/9521911,45666667 | AB52: 3.6 | AC52: Enlace Datos Dedicado Simétrico (U.M. Radio) 60Mbps | AF52: 0 | AG52: =Tbl_Precio_Techo[[#This Row],[Zona]]&"/"&Tbl_Precio_Techo[[#This Row],[Item]] -> 0/3.6 | AH52: 3.6 | AI52: 3.6 | AK52: 54 | AL52: =COUNTIF(Tbl_Precio_Techo[EQUIPO REDES],Tbl_Precio_Techo[[#This Row],[EQUIPO REDES]]) -> 4 | AO52: 0 | AP52: 0 | AQ52: =Tbl_Precio_Techo[[#This Row],[PT INSTALACION / EQUIPO]] -> 0 | AR52: =Tbl_Precio_Techo[[#This Row],[PT VR UN MENSUAL IVA]] -> 0
A53: Enlace Internet Dedicado Simétrico (U.M. Fibra Óptica) 30Mbps | B53: 9 | C53: 806700 | D53: 1552735.3 | E53: 7260300 | F53: 13974618 | G53: 10 | H53: 139746180 | I53: COLEGIOS | K53: Zona 3 | L53: =COUNTIF(Tbl_Borrador_PT[EQUIPO REDES],Tbl_Borrador_PT[[#This Row],[EQUIPO REDES]]) -> 6 | M53: =Tbl_Borrador_PT[[#This Row],[COSTO INSTALACION_PUT]]&"/"&Tbl_Borrador_PT[[#This Row],[COSTO MENSUAL_PUT]] -> 806700/1552735,33333333 | AB53: 3.7 | AC53: Enlace Datos Dedicado Simétrico (U.M. Radio) 80Mbps | AF53: 0 | AG53: =Tbl_Precio_Techo[[#This Row],[Zona]]&"/"&Tbl_Precio_Techo[[#This Row],[Item]] -> 0/3.7 | AH53: 3.7 | AI53: 3.7 | AK53: 55 | AL53: =COUNTIF(Tbl_Precio_Techo[EQUIPO REDES],Tbl_Precio_Techo[[#This Row],[EQUIPO REDES]]) -> 4 | AO53: 0 | AP53: 0 | AQ53: =Tbl_Precio_Techo[[#This Row],[PT INSTALACION / EQUIPO]] -> 0 | AR53: =Tbl_Precio_Techo[[#This Row],[PT VR UN MENSUAL IVA]] -> 0
A54: Seguridad Internet Dedicado 100 Mbps | B54: 99 | C54: 2000000 | D54: 1343803.6 | E54: 198000000 | F54: 1.3303655e+08 | G54: 10 | H54: 1.3303655e+09 | I54: COLEGIOS | J54: 5 sedes adicionales | K54: Zona 3 | L54: =COUNTIF(Tbl_Borrador_PT[EQUIPO REDES],Tbl_Borrador_PT[[#This Row],[EQUIPO REDES]]) -> 4 | M54: =Tbl_Borrador_PT[[#This Row],[COSTO INSTALACION_PUT]]&"/"&Tbl_Borrador_PT[[#This Row],[COSTO MENSUAL_PUT]] -> 2000000/1343803,55 | AB54: 3.8 | AC54: Enlace Datos Dedicado Simétrico (U.M. Radio) 100Mbps | AF54: 0 | AG54: =Tbl_Precio_Techo[[#This Row],[Zona]]&"/"&Tbl_Precio_Techo[[#This Row],[Item]] -> 0/3.8 | AH54: 3.8 | AI54: 3.8 | AK54: 56 | AL54: =COUNTIF(Tbl_Precio_Techo[EQUIPO REDES],Tbl_Precio_Techo[[#This Row],[EQUIPO REDES]]) -> 4 | AO54: 0 | AP54: 0 | AQ54: =Tbl_Precio_Techo[[#This Row],[PT INSTALACION / EQUIPO]] -> 0 | AR54: =Tbl_Precio_Techo[[#This Row],[PT VR UN MENSUAL IVA]] -> 0
A55: Enlace Internet Dedicado Simétrico (U.M. Fibra Óptica) 100Mbps | B55: 99 | C55: 971900 | D55: 3055796 | E55: 96218100 | F55: 302523804 | G55: 10 | H55: 3025238040 | I55: COLEGIOS | J55: 5 sedes adicionales | K55: Zona 3 | L55: =COUNTIF(Tbl_Borrador_PT[EQUIPO REDES],Tbl_Borrador_PT[[#This Row],[EQUIPO REDES]]) -> 4 | M55: =Tbl_Borrador_PT[[#This Row],[COSTO INSTALACION_PUT]]&"/"&Tbl_Borrador_PT[[#This Row],[COSTO MENSUAL_PUT]] -> 971900/3055796 | AB55: 4.1 | AC55: ENLACE SATELITALES 256/256 | AF55: 0 | AG55: =Tbl_Precio_Techo[[#This Row],[Zona]]&"/"&Tbl_Precio_Techo[[#This Row],[Item]] -> 0/4.1 | AH55: 4.1 | AI55: 4.1 | AK55: 58 | AL55: =COUNTIF(Tbl_Precio_Techo[EQUIPO REDES],Tbl_Precio_Techo[[#This Row],[EQUIPO REDES]]) -> 4 | AO55: 0 | AP55: 0 | AQ55: =Tbl_Precio_Techo[[#This Row],[PT INSTALACION / EQUIPO]] -> 0 | AR55: =Tbl_Precio_Techo[[#This Row],[PT VR UN MENSUAL IVA]] -> 0
A56: Enlace Internet Dedicado Simétrico (U.M. Fibra Óptica) 256Mbps | B56: 74 | C56: 806700 | D56: 6514530.9 | E56: 59695800 | F56: 4.8207529e+08 | G56: 10 | H56: 4820752866 | I56: COLEGIOS | K56: Zona 3 | L56: =COUNTIF(Tbl_Borrador_PT[EQUIPO REDES],Tbl_Borrador_PT[[#This Row],[EQUIPO REDES]]) -> 3 | M56: =Tbl_Borrador_PT[[#This Row],[COSTO INSTALACION_PUT]]&"/"&Tbl_Borrador_PT[[#This Row],[COSTO MENSUAL_PUT]] -> 806700/6514530,9 | AB56: 4.2 | AC56: ENALCE SATELITALES 512/256 | AF56: 0 | AG56: =Tbl_Precio_Techo[[#This Row],[Zona]]&"/"&Tbl_Precio_Techo[[#This Row],[Item]] -> 0/4.2 | AH56: 4.2 | AI56: 4.2 | AK56: 59 | AL56: =COUNTIF(Tbl_Precio_Techo[EQUIPO REDES],Tbl_Precio_Techo[[#This Row],[EQUIPO REDES]]) -> 4 | AO56: 0 | AP56: 0 | AQ56: =Tbl_Precio_Techo[[#This Row],[PT INSTALACION / EQUIPO]] -> 0 | AR56: =Tbl_Precio_Techo[[#This Row],[PT VR UN MENSUAL IVA]] -> 0
A57: Enlace Internet Dedicado Simétrico (U.M. Fibra Óptica) 512Mbps | B57: 53 | C57: 971900 | D57: 9521911.5 | E57: 51510700 | F57: 5.0466131e+08 | G57: 10 | H57: 5.0466131e+09 | I57: COLEGIOS | K57: Zona 3 | L57: =COUNTIF(Tbl_Borrador_PT[EQUIPO REDES],Tbl_Borrador_PT[[#This Row],[EQUIPO REDES]]) -> 4 | M57: =Tbl_Borrador_PT[[#This Row],[COSTO INSTALACION_PUT]]&"/"&Tbl_Borrador_PT[[#This Row],[COSTO MENSUAL_PUT]] -> 971900/9521911,45666667 | AB57: 4.3 | AC57: ENLACE SATELITALES 1024/512 | AF57: 0 | AG57: =Tbl_Precio_Techo[[#This Row],[Zona]]&"/"&Tbl_Precio_Techo[[#This Row],[Item]] -> 0/4.3 | AH57: 4.3 | AI57: 4.3 | AK57: 59.5 | AL57: =COUNTIF(Tbl_Precio_Techo[EQUIPO REDES],Tbl_Precio_Techo[[#This Row],[EQUIPO REDES]]) -> 4 | AO57: 0 | AP57: 0 | AQ57: =Tbl_Precio_Techo[[#This Row],[PT INSTALACION / EQUIPO]] -> 0 | AR57: =Tbl_Precio_Techo[[#This Row],[PT VR UN MENSUAL IVA]] -> 0
A58: Seguridad Internet Dedicado 30 Mbps | B58: 9 | C58: 2000000 | D58: 1489564.7 | E58: 18000000 | F58: 13406083 | G58: 10 | H58: 1.3406083e+08 | I58: COLEGIOS | K58: Zona 3 | L58: =COUNTIF(Tbl_Borrador_PT[EQUIPO REDES],Tbl_Borrador_PT[[#This Row],[EQUIPO REDES]]) -> 6 | M58: =Tbl_Borrador_PT[[#This Row],[COSTO INSTALACION_PUT]]&"/"&Tbl_Borrador_PT[[#This Row],[COSTO MENSUAL_PUT]] -> 2000000/1489564,73666667 | AB58: 4.4 | AC58: ENLACE SATELITALES 6Mbps/1Mbps (banda C) | AF58: 0 | AG58: =Tbl_Precio_Techo[[#This Row],[Zona]]&"/"&Tbl_Precio_Techo[[#This Row],[Item]] -> 0/4.4 | AH58: 4.4 | AI58: 4.4 | AK58: 60 | AL58: =COUNTIF(Tbl_Precio_Techo[EQUIPO REDES],Tbl_Precio_Techo[[#This Row],[EQUIPO REDES]]) -> 4 | AO58: 0 | AP58: 0 | AQ58: =Tbl_Precio_Techo[[#This Row],[PT INSTALACION / EQUIPO]] -> 0 | AR58: =Tbl_Precio_Techo[[#This Row],[PT VR UN MENSUAL IVA]] -> 0
A59: Seguridad Internet Dedicado 256 Mbps | B59: 74 | C59: 2000000 | D59: 4383103.6 | E59: 148000000 | F59: 3.2434966e+08 | G59: 10 | H59: 3.2434966e+09 | I59: COLEGIOS | K59: Zona 3 | L59: =COUNTIF(Tbl_Borrador_PT[EQUIPO REDES],Tbl_Borrador_PT[[#This Row],[EQUIPO REDES]]) -> 3 | M59: =Tbl_Borrador_PT[[#This Row],[COSTO INSTALACION_PUT]]&"/"&Tbl_Borrador_PT[[#This Row],[COSTO MENSUAL_PUT]] -> 2000000/4383103,55666667 | AB59: 4.5 | AC59: ENLACE SATELITALES 12Mbps/2Mbps (banda C) | AF59: 0 | AG59: =Tbl_Precio_Techo[[#This Row],[Zona]]&"/"&Tbl_Precio_Techo[[#This Row],[Item]] -> 0/4.5 | AH59: 4.5 | AI59: 4.5 | AK59: 61 | AL59: =COUNTIF(Tbl_Precio_Techo[EQUIPO REDES],Tbl_Precio_Techo[[#This Row],[EQUIPO REDES]]) -> 4 | AO59: 0 | AP59: 0 | AQ59: =Tbl_Precio_Techo[[#This Row],[PT INSTALACION / EQUIPO]] -> 0 | AR59: =Tbl_Precio_Techo[[#This Row],[PT VR UN MENSUAL IVA]] -> 0
A60: Seguridad Internet Dedicado 512 Mbps | B60: 53 | C60: 2000000 | D60: 5654659.9 | E60: 106000000 | F60: 2.9969697e+08 | G60: 10 | H60: 2.9969697e+09 | I60: COLEGIOS | K60: Zona 3 | L60: =COUNTIF(Tbl_Borrador_PT[EQUIPO REDES],Tbl_Borrador_PT[[#This Row],[EQUIPO REDES]]) -> 3 | M60: =Tbl_Borrador_PT[[#This Row],[COSTO INSTALACION_PUT]]&"/"&Tbl_Borrador_PT[[#This Row],[COSTO MENSUAL_PUT]] -> 2000000/5654659,85928185 | AB60: 5.1 | AC60: Enlace Internet Dedicado Simétrico (U.M. Fibra Óptica) 5Mbps | AF60: 0 | AG60: =Tbl_Precio_Techo[[#This Row],[Zona]]&"/"&Tbl_Precio_Techo[[#This Row],[Item]] -> 0/5.1 | AH60: 5.1 | AI60: 5.1 | AK60: 63 | AL60: =COUNTIF(Tbl_Precio_Techo[EQUIPO REDES],Tbl_Precio_Techo[[#This Row],[EQUIPO REDES]]) -> 4 | AO60: 0 | AP60: 0 | AQ60: =Tbl_Precio_Techo[[#This Row],[PT INSTALACION / EQUIPO]] -> 0 | AR60: =Tbl_Precio_Techo[[#This Row],[PT VR UN MENSUAL IVA]] -> 0
AB61: 5.2 | AC61: Enlace Internet Dedicado Simétrico (U.M. Fibra Óptica) 30Mbps | AF61: 0 | AG61: =Tbl_Precio_Techo[[#This Row],[Zona]]&"/"&Tbl_Precio_Techo[[#This Row],[Item]] -> 0/5.2 | AH61: 5.2 | AI61: 5.2 | AK61: 64 | AL61: =COUNTIF(Tbl_Precio_Techo[EQUIPO REDES],Tbl_Precio_Techo[[#This Row],[EQUIPO REDES]]) -> 4 | AO61: 0 | AP61: 0 | AQ61: =Tbl_Precio_Techo[[#This Row],[PT INSTALACION / EQUIPO]] -> 0 | AR61: =Tbl_Precio_Techo[[#This Row],[PT VR UN MENSUAL IVA]] -> 0
AB62: 5.3 | AC62: Enlace Internet Dedicado Simétrico (U.M. Fibra Óptica) 30Mbps BP(Pasivo - Red propia) | AF62: 0 | AG62: =Tbl_Precio_Techo[[#This Row],[Zona]]&"/"&Tbl_Precio_Techo[[#This Row],[Item]] -> 0/5.3 | AH62: 5.3 | AI62: 5.3 | AK62: 65 | AL62: =COUNTIF(Tbl_Precio_Techo[EQUIPO REDES],Tbl_Precio_Techo[[#This Row],[EQUIPO REDES]]) -> 4 | AO62: 0 | AP62: 0 | AQ62: =Tbl_Precio_Techo[[#This Row],[PT INSTALACION / EQUIPO]] -> 0 | AR62: =Tbl_Precio_Techo[[#This Row],[PT VR UN MENSUAL IVA]] -> 0
AC63: Enlace Internet Dedicado Simétrico (U.M. Fibra Óptica) 30Mbps BP(Pasivo - Red Tercero/Aliado) | AF63: 0 | AG63: =Tbl_Precio_Techo[[#This Row],[Zona]]&"/"&Tbl_Precio_Techo[[#This Row],[Item]] -> 0/ | AH63: 5.4 | AJ63: Eliminar | AK63: 66 | AL63: =COUNTIF(Tbl_Precio_Techo[EQUIPO REDES],Tbl_Precio_Techo[[#This Row],[EQUIPO REDES]]) -> 4 | AO63: 0 | AP63: 0 | AQ63: =Tbl_Precio_Techo[[#This Row],[PT INSTALACION / EQUIPO]] -> 0 | AR63: =Tbl_Precio_Techo[[#This Row],[PT VR UN MENSUAL IVA]] -> 0
AB64: 5.4 | AC64: Enlace Internet Dedicado Simétrico (U.M. Fibra Óptica) 45Mbps | AF64: 0 | AG64: =Tbl_Precio_Techo[[#This Row],[Zona]]&"/"&Tbl_Precio_Techo[[#This Row],[Item]] -> 0/5.4 | AH64: 5.5 | AI64: 5.4 | AK64: 67 | AL64: =COUNTIF(Tbl_Precio_Techo[EQUIPO REDES],Tbl_Precio_Techo[[#This Row],[EQUIPO REDES]]) -> 4 | AO64: 0 | AP64: 0 | AQ64: =Tbl_Precio_Techo[[#This Row],[PT INSTALACION / EQUIPO]] -> 0 | AR64: =Tbl_Precio_Techo[[#This Row],[PT VR UN MENSUAL IVA]] -> 0
AB65: 5.5 | AC65: Enlace Internet Dedicado Simétrico (U.M. Fibra Óptica) 45Mbps BP(Pasivo - Red propia) | AF65: 0 | AG65: =Tbl_Precio_Techo[[#This Row],[Zona]]&"/"&Tbl_Precio_Techo[[#This Row],[Item]] -> 0/5.5 | AH65: 5.6 | AI65: 5.5 | AK65: 68 | AL65: =COUNTIF(Tbl_Precio_Techo[EQUIPO REDES],Tbl_Precio_Techo[[#This Row],[EQUIPO REDES]]) -> 4 | AO65: 0 | AP65: 0 | AQ65: =Tbl_Precio_Techo[[#This Row],[PT INSTALACION / EQUIPO]] -> 0 | AR65: =Tbl_Precio_Techo[[#This Row],[PT VR UN MENSUAL IVA]] -> 0
AC66: Enlace Internet Dedicado Simétrico (U.M. Fibra Óptica) 45Mbps BP(Pasivo - Red Tercero/Aliado) | AF66: 0 | AG66: =Tbl_Precio_Techo[[#This Row],[Zona]]&"/"&Tbl_Precio_Techo[[#This Row],[Item]] -> 0/ | AH66: 5.7 | AJ66: Eliminar | AK66: 69 | AL66: =COUNTIF(Tbl_Precio_Techo[EQUIPO REDES],Tbl_Precio_Techo[[#This Row],[EQUIPO REDES]]) -> 4 | AO66: 0 | AP66: 0 | AQ66: =Tbl_Precio_Techo[[#This Row],[PT INSTALACION / EQUIPO]] -> 0 | AR66: =Tbl_Precio_Techo[[#This Row],[PT VR UN MENSUAL IVA]] -> 0
AB67: 5.6 | AC67: Enlace Internet Dedicado Simétrico (U.M. Fibra Óptica) 60Mbps | AF67: 0 | AG67: =Tbl_Precio_Techo[[#This Row],[Zona]]&"/"&Tbl_Precio_Techo[[#This Row],[Item]] -> 0/5.6 | AH67: 5.8 | AI67: 5.6 | AK67: 70 | AL67: =COUNTIF(Tbl_Precio_Techo[EQUIPO REDES],Tbl_Precio_Techo[[#This Row],[EQUIPO REDES]]) -> 4 | AO67: 0 | AP67: 0 | AQ67: =Tbl_Precio_Techo[[#This Row],[PT INSTALACION / EQUIPO]] -> 0 | AR67: =Tbl_Precio_Techo[[#This Row],[PT VR UN MENSUAL IVA]] -> 0
AB68: 5.7 | AC68: Enlace Internet Dedicado Simétrico (U.M. Fibra Óptica) 60Mbps BP(Pasivo - Red propia) | AF68: 0 | AG68: =Tbl_Precio_Techo[[#This Row],[Zona]]&"/"&Tbl_Precio_Techo[[#This Row],[Item]] -> 0/5.7 | AH68: 5.9 | AI68: 5.7 | AK68: 71 | AL68: =COUNTIF(Tbl_Precio_Techo[EQUIPO REDES],Tbl_Precio_Techo[[#This Row],[EQUIPO REDES]]) -> 4 | AO68: 0 | AP68: 0 | AQ68: =Tbl_Precio_Techo[[#This Row],[PT INSTALACION / EQUIPO]] -> 0 | AR68: =Tbl_Precio_Techo[[#This Row],[PT VR UN MENSUAL IVA]] -> 0
AC69: Enlace Internet Dedicado Simétrico (U.M. Fibra Óptica) 60Mbps BP(Pasivo - Red Tercero/Aliado) | AF69: 0 | AG69: =Tbl_Precio_Techo[[#This Row],[Zona]]&"/"&Tbl_Precio_Techo[[#This Row],[Item]] -> 0/ | AH69: 5.10 | AJ69: Eliminar | AK69: 72 | AL69: =COUNTIF(Tbl_Precio_Techo[EQUIPO REDES],Tbl_Precio_Techo[[#This Row],[EQUIPO REDES]]) -> 4 | AO69: 0 | AP69: 0 | AQ69: =Tbl_Precio_Techo[[#This Row],[PT INSTALACION / EQUIPO]] -> 0 | AR69: =Tbl_Precio_Techo[[#This Row],[PT VR UN MENSUAL IVA]] -> 0
AB70: 5.8 | AC70: Enlace Internet Dedicado Simétrico (U.M. Fibra Óptica) 100Mbps | AF70: 0 | AG70: =Tbl_Precio_Techo[[#This Row],[Zona]]&"/"&Tbl_Precio_Techo[[#This Row],[Item]] -> 0/5.8 | AH70: 5.11 | AI70: 5.8 | AK70: 73 | AL70: =COUNTIF(Tbl_Precio_Techo[EQUIPO REDES],Tbl_Precio_Techo[[#This Row],[EQUIPO REDES]]) -> 4 | AO70: 0 | AP70: 0 | AQ70: =Tbl_Precio_Techo[[#This Row],[PT INSTALACION / EQUIPO]] -> 0 | AR70: =Tbl_Precio_Techo[[#This Row],[PT VR UN MENSUAL IVA]] -> 0
AB71: 5.9 | AC71: Enlace Internet Dedicado Simétrico (U.M. Fibra Óptica) 100Mbps BP(Pasivo - Red propia) | AF71: 0 | AG71: =Tbl_Precio_Techo[[#This Row],[Zona]]&"/"&Tbl_Precio_Techo[[#This Row],[Item]] -> 0/5.9 | AH71: 5.12 | AI71: 5.9 | AK71: 74 | AL71: =COUNTIF(Tbl_Precio_Techo[EQUIPO REDES],Tbl_Precio_Techo[[#This Row],[EQUIPO REDES]]) -> 4 | AO71: 0 | AP71: 0 | AQ71: =Tbl_Precio_Techo[[#This Row],[PT INSTALACION / EQUIPO]] -> 0 | AR71: =Tbl_Precio_Techo[[#This Row],[PT VR UN MENSUAL IVA]] -> 0
AC72: Enlace Internet Dedicado Simétrico (U.M. Fibra Óptica) 100Mbps BP(Pasivo - Red Tercero/Aliado) | AF72: 0 | AG72: =Tbl_Precio_Techo[[#This Row],[Zona]]&"/"&Tbl_Precio_Techo[[#This Row],[Item]] -> 0/ | AH72: 5.13 | AJ72: Eliminar | AK72: 75 | AL72: =COUNTIF(Tbl_Precio_Techo[EQUIPO REDES],Tbl_Precio_Techo[[#This Row],[EQUIPO REDES]]) -> 4 | AO72: 0 | AP72: 0 | AQ72: =Tbl_Precio_Techo[[#This Row],[PT INSTALACION / EQUIPO]] -> 0 | AR72: =Tbl_Precio_Techo[[#This Row],[PT VR UN MENSUAL IVA]] -> 0
AB73: 5.10 | AC73: Enlace Internet Dedicado Simétrico (U.M. Fibra Óptica) 128Mbps | AF73: 0 | AG73: =Tbl_Precio_Techo[[#This Row],[Zona]]&"/"&Tbl_Precio_Techo[[#This Row],[Item]] -> 0/5.10 | AH73: 5.14 | AI73: 5.10 | AK73: 76 | AL73: =COUNTIF(Tbl_Precio_Techo[EQUIPO REDES],Tbl_Precio_Techo[[#This Row],[EQUIPO REDES]]) -> 4 | AO73: 0 | AP73: 0 | AQ73: =Tbl_Precio_Techo[[#This Row],[PT INSTALACION / EQUIPO]] -> 0 | AR73: =Tbl_Precio_Techo[[#This Row],[PT VR UN MENSUAL IVA]] -> 0
AB74: 5.11 | AC74: Enlace Internet Dedicado Simétrico (U.M. Fibra Óptica) 256Mbps | AF74: 0 | AG74: =Tbl_Precio_Techo[[#This Row],[Zona]]&"/"&Tbl_Precio_Techo[[#This Row],[Item]] -> 0/5.11 | AH74: 5.15 | AI74: 5.11 | AK74: 77 | AL74: =COUNTIF(Tbl_Precio_Techo[EQUIPO REDES],Tbl_Precio_Techo[[#This Row],[EQUIPO REDES]]) -> 4 | AO74: 0 | AP74: 0 | AQ74: =Tbl_Precio_Techo[[#This Row],[PT INSTALACION / EQUIPO]] -> 0 | AR74: =Tbl_Precio_Techo[[#This Row],[PT VR UN MENSUAL IVA]] -> 0
AB75: 5.12 | AC75: Enlace Internet Dedicado Simétrico (U.M. Fibra Óptica) 256Mbps BP(Pasivo - Red propia) | AF75: 0 | AG75: =Tbl_Precio_Techo[[#This Row],[Zona]]&"/"&Tbl_Precio_Techo[[#This Row],[Item]] -> 0/5.12 | AH75: 5.16 | AI75: 5.12 | AK75: 78 | AL75: =COUNTIF(Tbl_Precio_Techo[EQUIPO REDES],Tbl_Precio_Techo[[#This Row],[EQUIPO REDES]]) -> 4 | AO75: 0 | AP75: 0 | AQ75: =Tbl_Precio_Techo[[#This Row],[PT INSTALACION / EQUIPO]] -> 0 | AR75: =Tbl_Precio_Techo[[#This Row],[PT VR UN MENSUAL IVA]] -> 0
AC76: Enlace Internet Dedicado Simétrico (U.M. Fibra Óptica) 256Mbps BP(Pasivo - Red Tercero/Aliado) | AF76: 0 | AG76: =Tbl_Precio_Techo[[#This Row],[Zona]]&"/"&Tbl_Precio_Techo[[#This Row],[Item]] -> 0/ | AH76: 5.17 | AJ76: Eliminar | AK76: 79 | AL76: =COUNTIF(Tbl_Precio_Techo[EQUIPO REDES],Tbl_Precio_Techo[[#This Row],[EQUIPO REDES]]) -> 4 | AO76: 0 | AP76: 0 | AQ76: =Tbl_Precio_Techo[[#This Row],[PT INSTALACION / EQUIPO]] -> 0 | AR76: =Tbl_Precio_Techo[[#This Row],[PT VR UN MENSUAL IVA]] -> 0
AB77: 5.13 | AC77: Enlace Internet Dedicado Simétrico (U.M. Fibra Óptica) 512Mbps | AF77: 0 | AG77: =Tbl_Precio_Techo[[#This Row],[Zona]]&"/"&Tbl_Precio_Techo[[#This Row],[Item]] -> 0/5.13 | AH77: 5.18 | AI77: 5.13 | AK77: 80 | AL77: =COUNTIF(Tbl_Precio_Techo[EQUIPO REDES],Tbl_Precio_Techo[[#This Row],[EQUIPO REDES]]) -> 4 | AO77: 0 | AP77: 0 | AQ77: =Tbl_Precio_Techo[[#This Row],[PT INSTALACION / EQUIPO]] -> 0 | AR77: =Tbl_Precio_Techo[[#This Row],[PT VR UN MENSUAL IVA]] -> 0
AB78: 5.14 | AC78: Enlace Internet Dedicado Simétrico (U.M. Fibra Óptica) 512Mbps BP(Pasivo - Red propia) | AF78: 0 | AG78: =Tbl_Precio_Techo[[#This Row],[Zona]]&"/"&Tbl_Precio_Techo[[#This Row],[Item]] -> 0/5.14 | AH78: 5.19 | AI78: 5.14 | AK78: 81 | AL78: =COUNTIF(Tbl_Precio_Techo[EQUIPO REDES],Tbl_Precio_Techo[[#This Row],[EQUIPO REDES]]) -> 4 | AO78: 0 | AP78: 0 | AQ78: =Tbl_Precio_Techo[[#This Row],[PT INSTALACION / EQUIPO]] -> 0 | AR78: =Tbl_Precio_Techo[[#This Row],[PT VR UN MENSUAL IVA]] -> 0
AC79: Enlace Internet Dedicado Simétrico (U.M. Fibra Óptica) 512Mbps BP(Pasivo - Red Tercero/Aliado) | AF79: 0 | AG79: =Tbl_Precio_Techo[[#This Row],[Zona]]&"/"&Tbl_Precio_Techo[[#This Row],[Item]] -> 0/ | AH79: 5.20 | AJ79: Eliminar | AK79: 82 | AL79: =COUNTIF(Tbl_Precio_Techo[EQUIPO REDES],Tbl_Precio_Techo[[#This Row],[EQUIPO REDES]]) -> 4 | AO79: 0 | AP79: 0 | AQ79: =Tbl_Precio_Techo[[#This Row],[PT INSTALACION / EQUIPO]] -> 0 | AR79: =Tbl_Precio_Techo[[#This Row],[PT VR UN MENSUAL IVA]] -> 0
AB80: 5.15 | AC80: Enlace Internet Dedicado Simétrico (U.M. Fibra Óptica) 1Gbps | AF80: 0 | AG80: =Tbl_Precio_Techo[[#This Row],[Zona]]&"/"&Tbl_Precio_Techo[[#This Row],[Item]] -> 0/5.15 | AH80: 5.21 | AI80: 5.15 | AK80: 83 | AL80: =COUNTIF(Tbl_Precio_Techo[EQUIPO REDES],Tbl_Precio_Techo[[#This Row],[EQUIPO REDES]]) -> 4 | AO80: 0 | AP80: 0 | AQ80: =Tbl_Precio_Techo[[#This Row],[PT INSTALACION / EQUIPO]] -> 0 | AR80: =Tbl_Precio_Techo[[#This Row],[PT VR UN MENSUAL IVA]] -> 0
AB81: 6.1 | AC81: Seguridad Internet Dedicado 5 Mbps | AF81: 0 | AG81: =Tbl_Precio_Techo[[#This Row],[Zona]]&"/"&Tbl_Precio_Techo[[#This Row],[Item]] -> 0/6.1 | AH81: 6.1 | AI81: 6.1 | AK81: 85 | AL81: =COUNTIF(Tbl_Precio_Techo[EQUIPO REDES],Tbl_Precio_Techo[[#This Row],[EQUIPO REDES]]) -> 4 | AO81: 0 | AP81: 0 | AQ81: =Tbl_Precio_Techo[[#This Row],[PT INSTALACION / EQUIPO]] -> 0 | AR81: =Tbl_Precio_Techo[[#This Row],[PT VR UN MENSUAL IVA]] -> 0
AB82: 6.2 | AC82: Seguridad Internet Dedicado 30 Mbps | AF82: 0 | AG82: =Tbl_Precio_Techo[[#This Row],[Zona]]&"/"&Tbl_Precio_Techo[[#This Row],[Item]] -> 0/6.2 | AH82: 6.2 | AI82: 6.2 | AK82: 86 | AL82: =COUNTIF(Tbl_Precio_Techo[EQUIPO REDES],Tbl_Precio_Techo[[#This Row],[EQUIPO REDES]]) -> 4 | AO82: 0 | AP82: 0 | AQ82: =Tbl_Precio_Techo[[#This Row],[PT INSTALACION / EQUIPO]] -> 0 | AR82: =Tbl_Precio_Techo[[#This Row],[PT VR UN MENSUAL IVA]] -> 0
AB83: 6.3 | AC83: Seguridad Internet Dedicado 45 Mbps | AF83: 0 | AG83: =Tbl_Precio_Techo[[#This Row],[Zona]]&"/"&Tbl_Precio_Techo[[#This Row],[Item]] -> 0/6.3 | AH83: 6.3 | AI83: 6.3 | AK83: 87 | AL83: =COUNTIF(Tbl_Precio_Techo[EQUIPO REDES],Tbl_Precio_Techo[[#This Row],[EQUIPO REDES]]) -> 4 | AO83: 0 | AP83: 0 | AQ83: =Tbl_Precio_Techo[[#This Row],[PT INSTALACION / EQUIPO]] -> 0 | AR83: =Tbl_Precio_Techo[[#This Row],[PT VR UN MENSUAL IVA]] -> 0
AB84: 6.4 | AC84: Seguridad Internet Dedicado 60 Mbps | AF84: 0 | AG84: =Tbl_Precio_Techo[[#This Row],[Zona]]&"/"&Tbl_Precio_Techo[[#This Row],[Item]] -> 0/6.4 | AH84: 6.4 | AI84: 6.4 | AK84: 88 | AL84: =COUNTIF(Tbl_Precio_Techo[EQUIPO REDES],Tbl_Precio_Techo[[#This Row],[EQUIPO REDES]]) -> 4 | AO84: 0 | AP84: 0 | AQ84: =Tbl_Precio_Techo[[#This Row],[PT INSTALACION / EQUIPO]] -> 0 | AR84: =Tbl_Precio_Techo[[#This Row],[PT VR UN MENSUAL IVA]] -> 0
AB85: 6.5 | AC85: Seguridad Internet Dedicado 100 Mbps | AF85: 0 | AG85: =Tbl_Precio_Techo[[#This Row],[Zona]]&"/"&Tbl_Precio_Techo[[#This Row],[Item]] -> 0/6.5 | AH85: 6.5 | AI85: 6.5 | AK85: 89 | AL85: =COUNTIF(Tbl_Precio_Techo[EQUIPO REDES],Tbl_Precio_Techo[[#This Row],[EQUIPO REDES]]) -> 4 | AO85: 0 | AP85: 0 | AQ85: =Tbl_Precio_Techo[[#This Row],[PT INSTALACION / EQUIPO]] -> 0 | AR85: =Tbl_Precio_Techo[[#This Row],[PT VR UN MENSUAL IVA]] -> 0
AB86: 6.6 | AC86: Seguridad Internet Dedicado 128 Mbps | AF86: 0 | AG86: =Tbl_Precio_Techo[[#This Row],[Zona]]&"/"&Tbl_Precio_Techo[[#This Row],[Item]] -> 0/6.6 | AH86: 6.6 | AI86: 6.6 | AK86: 90 | AL86: =COUNTIF(Tbl_Precio_Techo[EQUIPO REDES],Tbl_Precio_Techo[[#This Row],[EQUIPO REDES]]) -> 4 | AO86: 0 | AP86: 0 | AQ86: =Tbl_Precio_Techo[[#This Row],[PT INSTALACION / EQUIPO]] -> 0 | AR86: =Tbl_Precio_Techo[[#This Row],[PT VR UN MENSUAL IVA]] -> 0
AB87: 6.7 | AC87: Seguridad Internet Dedicado 256 Mbps | AF87: 0 | AG87: =Tbl_Precio_Techo[[#This Row],[Zona]]&"/"&Tbl_Precio_Techo[[#This Row],[Item]] -> 0/6.7 | AH87: 6.7 | AI87: 6.7 | AK87: 91 | AL87: =COUNTIF(Tbl_Precio_Techo[EQUIPO REDES],Tbl_Precio_Techo[[#This Row],[EQUIPO REDES]]) -> 4 | AO87: 0 | AP87: 0 | AQ87: =Tbl_Precio_Techo[[#This Row],[PT INSTALACION / EQUIPO]] -> 0 | AR87: =Tbl_Precio_Techo[[#This Row],[PT VR UN MENSUAL IVA]] -> 0
AB88: 6.8 | AC88: Seguridad Internet Dedicado 512 Mbps | AF88: 0 | AG88: =Tbl_Precio_Techo[[#This Row],[Zona]]&"/"&Tbl_Precio_Techo[[#This Row],[Item]] -> 0/6.8 | AH88: 6.8 | AI88: 6.8 | AK88: 92 | AL88: =COUNTIF(Tbl_Precio_Techo[EQUIPO REDES],Tbl_Precio_Techo[[#This Row],[EQUIPO REDES]]) -> 4 | AO88: 0 | AP88: 0 | AQ88: =Tbl_Precio_Techo[[#This Row],[PT INSTALACION / EQUIPO]] -> 0 | AR88: =Tbl_Precio_Techo[[#This Row],[PT VR UN MENSUAL IVA]] -> 0
AB89: 6.9 | AC89: Seguridad Internet Dedicado 1 Gbps | AF89: 0 | AG89: =Tbl_Precio_Techo[[#This Row],[Zona]]&"/"&Tbl_Precio_Techo[[#This Row],[Item]] -> 0/6.9 | AH89: 6.9 | AI89: 6.9 | AK89: 93 | AL89: =COUNTIF(Tbl_Precio_Techo[EQUIPO REDES],Tbl_Precio_Techo[[#This Row],[EQUIPO REDES]]) -> 4 | AO89: 0 | AP89: 0 | AQ89: =Tbl_Precio_Techo[[#This Row],[PT INSTALACION / EQUIPO]] -> 0 | AR89: =Tbl_Precio_Techo[[#This Row],[PT VR UN MENSUAL IVA]] -> 0
AB90: 7.1 | AC90: Planes de datos de 5GB | AF90: 0 | AG90: =Tbl_Precio_Techo[[#This Row],[Zona]]&"/"&Tbl_Precio_Techo[[#This Row],[Item]] -> 0/7.1 | AH90: 7.1 | AI90: 7.1 | AK90: 95 | AL90: =COUNTIF(Tbl_Precio_Techo[EQUIPO REDES],Tbl_Precio_Techo[[#This Row],[EQUIPO REDES]]) -> 4 | AO90: 0 | AP90: 0 | AQ90: =Tbl_Precio_Techo[[#This Row],[PT INSTALACION / EQUIPO]] -> 0 | AR90: =Tbl_Precio_Techo[[#This Row],[PT VR UN MENSUAL IVA]] -> 0
AB91: 7.2 | AC91: Planes de datos de 30GB | AF91: 0 | AG91: =Tbl_Precio_Techo[[#This Row],[Zona]]&"/"&Tbl_Precio_Techo[[#This Row],[Item]] -> 0/7.2 | AH91: 7.2 | AI91: 7.2 | AK91: 96 | AL91: =COUNTIF(Tbl_Precio_Techo[EQUIPO REDES],Tbl_Precio_Techo[[#This Row],[EQUIPO REDES]]) -> 4 | AO91: 0 | AP91: 0 | AQ91: =Tbl_Precio_Techo[[#This Row],[PT INSTALACION / EQUIPO]] -> 0 | AR91: =Tbl_Precio_Techo[[#This Row],[PT VR UN MENSUAL IVA]] -> 0
... AB97: 9.4 | AC97: Suministro y Servicio de Switch Activo para Fibra Optica. | AF97: 0 | AG97: =Tbl_Precio_Techo[[#This Row],[Zona]]&"/"&Tbl_Precio_Techo[[#This Row],[Item]] -> 0/9.4 | AH97: 9.4 | AI97: 9.4 | AK97: 105 | AL97: =COUNTIF(Tbl_Precio_Techo[EQUIPO REDES],Tbl_Precio_Techo[[#This Row],[EQUIPO REDES]]) -> 3 | AO97: 0 | AP97: 0 | AQ97: =Tbl_Precio_Techo[[#This Row],[PT INSTALACION / EQUIPO]] -> 0 | AR97: =Tbl_Precio_Techo[[#This Row],[PT VR UN MENSUAL IVA]] -> 0
AB98: 1.1 | AC98: ALQUILER EQUIPO ROUTER CORE DATOS MULTIOPERADOR DE ACUERDO A ANEXO TECNICO NUMERAL 7.1 | AD98: 4261700 | AE98: 8590941.4 | AF98: 1 | AG98: =Tbl_Precio_Techo[[#This Row],[Zona]]&"/"&Tbl_Precio_Techo[[#This Row],[Item]] -> 1/1.1 | AH98: 1.1 | AI98: 1.1 | AL98: =COUNTIF(Tbl_Precio_Techo[EQUIPO REDES],Tbl_Precio_Techo[[#This Row],[EQUIPO REDES]]) -> 3 | AM98: 4261700 | AN98: 8590941.4 | AO98: 4261700 | AP98: 8590941.4 | AQ98: =Tbl_Precio_Techo[[#This Row],[PT INSTALACION / EQUIPO]] -> 4261700 | AR98: =Tbl_Precio_Techo[[#This Row],[PT VR UN MENSUAL IVA]] -> 8590941.4
AB99: 2.1 | AC99: ENLACE DEDICADO SIMETRICO 1 Mbps | AD99: 761700 | AE99: 479427.69 | AF99: 1 | AG99: =Tbl_Precio_Techo[[#This Row],[Zona]]&"/"&Tbl_Precio_Techo[[#This Row],[Item]] -> 1/2.1 | AH99: 2.1 | AI99: 2.1 | AL99: =COUNTIF(Tbl_Precio_Techo[EQUIPO REDES],Tbl_Precio_Techo[[#This Row],[EQUIPO REDES]]) -> 4 | AM99: 761700 | AN99: 479427.69 | AO99: 761700 | AP99: 479427.69 | AQ99: =Tbl_Precio_Techo[[#This Row],[PT INSTALACION / EQUIPO]] -> 761700 | AR99: =Tbl_Precio_Techo[[#This Row],[PT VR UN MENSUAL IVA]] -> 479427.69
AB100: 2.2 | AC100: ENLACE DEDICADO SIMETRICO 2 Mbps | AD100: 761700 | AE100: 595721.8 | AF100: 1 | AG100: =Tbl_Precio_Techo[[#This Row],[Zona]]&"/"&Tbl_Precio_Techo[[#This Row],[Item]] -> 1/2.2 | AH100: 2.2 | AI100: 2.2 | AL100: =COUNTIF(Tbl_Precio_Techo[EQUIPO REDES],Tbl_Precio_Techo[[#This Row],[EQUIPO REDES]]) -> 4 | AM100: 761700 | AN100: 595721.8 | AO100: 761700 | AP100: 595721.8 | AQ100: =Tbl_Precio_Techo[[#This Row],[PT INSTALACION / EQUIPO]] -> 761700 | AR100: =Tbl_Precio_Techo[[#This Row],[PT VR UN MENSUAL IVA]] -> 595721.8
AB101: 2.3 | AC101: ENLACE DEDICADO SIMETRICO 3 Mbps | AD101: 761700 | AE101: 713160.21 | AF101: 1 | AG101: =Tbl_Precio_Techo[[#This Row],[Zona]]&"/"&Tbl_Precio_Techo[[#This Row],[Item]] -> 1/2.3 | AH101: 2.3 | AI101: 2.3 | AL101: =COUNTIF(Tbl_Precio_Techo[EQUIPO REDES],Tbl_Precio_Techo[[#This Row],[EQUIPO REDES]]) -> 4 | AM101: 761700 | AN101: 713160.21 | AO101: 761700 | AP101: 713160.21 | AQ101: =Tbl_Precio_Techo[[#This Row],[PT INSTALACION / EQUIPO]] -> 761700 | AR101: =Tbl_Precio_Techo[[#This Row],[PT VR UN MENSUAL IVA]] -> 713160.21
AB102: 2.4 | AC102: ENLACE DEDICADO SIMETRICO 5 Mbps | AD102: 761700 | AE102: 781994.9 | AF102: 1 | AG102: =Tbl_Precio_Techo[[#This Row],[Zona]]&"/"&Tbl_Precio_Techo[[#This Row],[Item]] -> 1/2.4 | AH102: 2.4 | AI102: 2.4 | AL102: =COUNTIF(Tbl_Precio_Techo[EQUIPO REDES],Tbl_Precio_Techo[[#This Row],[EQUIPO REDES]]) -> 4 | AM102: 761700 | AN102: 781994.9 | AO102: 761700 | AP102: 781994.9 | AQ102: =Tbl_Precio_Techo[[#This Row],[PT INSTALACION / EQUIPO]] -> 761700 | AR102: =Tbl_Precio_Techo[[#This Row],[PT VR UN MENSUAL IVA]] -> 781994.9
AB103: 2.5 | AC103: ENLACE DEDICADO SIMETRICO 10 Mbps | AD103: 761700 | AE103: 876946.03 | AF103: 1 | AG103: =Tbl_Precio_Techo[[#This Row],[Zona]]&"/"&Tbl_Precio_Techo[[#This Row],[Item]] -> 1/2.5 | AH103: 2.5 | AI103: 2.5 | AL103: =COUNTIF(Tbl_Precio_Techo[EQUIPO REDES],Tbl_Precio_Techo[[#This Row],[EQUIPO REDES]]) -> 4 | AM103: 761700 | AN103: 876946.03 | AO103: 761700 | AP103: 876946.03 | AQ103: =Tbl_Precio_Techo[[#This Row],[PT INSTALACION / EQUIPO]] -> 761700 | AR103: =Tbl_Precio_Techo[[#This Row],[PT VR UN MENSUAL IVA]] -> 876946.03
AB104: 2.6 | AC104: ENLACE DEDICADO SIMETRICO 20 Mbps | AD104: 761700 | AE104: 1295957 | AF104: 1 | AG104: =Tbl_Precio_Techo[[#This Row],[Zona]]&"/"&Tbl_Precio_Techo[[#This Row],[Item]] -> 1/2.6 | AH104: 2.6 | AI104: 2.6 | AL104: =COUNTIF(Tbl_Precio_Techo[EQUIPO REDES],Tbl_Precio_Techo[[#This Row],[EQUIPO REDES]]) -> 4 | AM104: 761700 | AN104: 1295957 | AO104: 761700 | AP104: 1295957 | AQ104: =Tbl_Precio_Techo[[#This Row],[PT INSTALACION / EQUIPO]] -> 761700 | AR104: =Tbl_Precio_Techo[[#This Row],[PT VR UN MENSUAL IVA]] -> 1295957
AB105: 2.7 | AC105: ENLACE DEDICADO SIMETRICO 20 Mbps BP(Pasivo - Red propia) | AD105: 761700 | AE105: 888784.35 | AF105: 1 | AG105: =Tbl_Precio_Techo[[#This Row],[Zona]]&"/"&Tbl_Precio_Techo[[#This Row],[Item]] -> 1/2.7 | AH105: 2.7 | AI105: 2.7 | AL105: =COUNTIF(Tbl_Precio_Techo[EQUIPO REDES],Tbl_Precio_Techo[[#This Row],[EQUIPO REDES]]) -> 4 | AM105: 761700 | AN105: 888784.35 | AO105: 761700 | AP105: 888784.35 | AQ105: =Tbl_Precio_Techo[[#This Row],[PT INSTALACION / EQUIPO]] -> 761700 | AR105: =Tbl_Precio_Techo[[#This Row],[PT VR UN MENSUAL IVA]] -> 888784.35
...

Sheet Valores Unitarios
B2: ALCALDÍA MAYOR DE BOGOTÁ D.C. SECRETARÍA DE EDUCACIÓN DEL DISTRITO SOLICITUD DE COTIZACION SED-LP-OTIC-072-2024 | M2: IVA
M3: 0.19
B6: OBJETO: PRESTAR LOS SERVICIOS DE TELECOMUNICACIONES A LA SECRETARÍA DE EDUCACIÓN EN LOS TRES NIVELES INSTITUCIONALES DE ACUERDO CON LA ZONA ADJUDICADA
B7: PROYECTO Y ÁREA ENCARGADA: OFICINA DE LAS TECNOLOGIAS DE LA INFORMACION Y LAS COMUNICACIONES
B8: Nombre del proponente: | I8: NIT:
B9: Contacto : | I9: Cargo:
B11: 1. COSTOS DIRECTOS
B12: Se debera tener en cuenta: Desplegar por completo la descripcion. El Valor unitario ofertado debe incluir, las tasas y contribuciones de carácter municipal y/o nacional, todos los costos, gastos directos e indirectos así como la utilidad del proveedor. Ver archivos anexo "ANEXO TECNICO" (LUGAR DE EJECUCIÓN, PLAZO DE EJECUCIÓN, FORMA DE PAGO, OBLIGACIONES ESPECIFICAS, GARANTIAS Y FICHAS TECNICAS).
B13: Zona 2
B14: Item | C14: EQUIPO REDES | E14: COSTO INSTALACION ANTES DE IVA | F14: IVA COSTO INSTALACION (Cuando ello hubiere lugar) | G14: COSTO INSTALACION INCLUIDO IVA | H14: PRECIO TECHO COSTO INSTALACION INCLUIDO IVA | I14: VALOR UNITARIO SERVICIO MENSUAL ANTES DE IVA | J14: IVA SERVICIO MENSUAL (Cuando ello hubiere lugar) | K14: VALOR UNITARIO SERVICIO MENSUAL INCLUIDO IVA | L14: PRECIO TECHO VALOR UNITARIO SERVICIO MENSUAL INCLUIDO IVA
B15: 1.1 | C15: ALQUILER EQUIPO ROUTER CORE DATOS MULTIOPERADOR DE ACUERDO A ANEXO TECNICO NUMERAL 11 | F15: =IF(E15="","",E15*IVA) | G15: =IF(COUNTBLANK(E15:F15)=2,"",ROUND(E15+ROUND(F15,0),0)) | H15: =IFERROR(ROUND(_xlfn.XLOOKUP(RIGHT($B$13,1)&"/"&B15,Tbl_Precio_Techo[KLlave01],Tbl_Precio_Techo[PT INSTALACION / EQUIPO],"",0,1),0),"") -> 1023400 | J15: =IF(I15="","",I15*IVA) | K15: =IF(COUNTBLANK(I15:J15)=2,"",ROUND(I15+ROUND(J15,0),0)) | L15: =IFERROR(ROUND(_xlfn.XLOOKUP(RIGHT($B$13,1)&"/"&B15,Tbl_Precio_Techo[KLlave01],Tbl_Precio_Techo[PT VR UN MENSUAL IVA],"",0,1),0),"") -> 8590941
B16: Item | C16: CANALES DE DATOS DEDICADOS SIMÉTRICOS (INCLUYE CPE) U.M. FIBRA OPTICA | E16: COSTO INSTALACION ANTES DE IVA | F16: IVA COSTO INSTALACION (Cuando ello hubiere lugar) | G16: COSTO INSTALACION INCLUIDO IVA | H16: PRECIO TECHO COSTO INSTALACION INCLUIDO IVA | I16: VALOR UNITARIO SERVICIO MENSUAL ANTES DE IVA | J16: IVA SERVICIO MENSUAL (Cuando ello hubiere lugar) | K16: VALOR UNITARIO SERVICIO MENSUAL INCLUIDO IVA | L16: PRECIO TECHO VALOR UNITARIO SERVICIO MENSUAL INCLUIDO IVA
B17: 2.1 | C17: ENLACE DEDICADO SIMETRICO 1 Mbps | F17: =IF(E17="","",E17*IVA) | G17: =IF(COUNTBLANK(E17:F17)=2,"",ROUND(E17+ROUND(F17,0),0)) | H17: =IFERROR(ROUND(_xlfn.XLOOKUP(RIGHT($B$13,1)&"/"&B17,Tbl_Precio_Techo[KLlave01],Tbl_Precio_Techo[PT INSTALACION / EQUIPO],"",0,1),0),"") -> 761700 | J17: =IF(I17="","",I17*IVA) | K17: =IF(COUNTBLANK(I17:J17)=2,"",ROUND(I17+ROUND(J17,0),0)) | L17: =IFERROR(ROUND(_xlfn.XLOOKUP(RIGHT($B$13,1)&"/"&B17,Tbl_Precio_Techo[KLlave01],Tbl_Precio_Techo[PT VR UN MENSUAL IVA],"",0,1),0),"") -> 484100
B18: 2.2 | C18: ENLACE DEDICADO SIMETRICO 2 Mbps | F18: =IF(E18="","",E18*IVA) | G18: =IF(COUNTBLANK(E18:F18)=2,"",ROUND(E18+ROUND(F18,0),0)) | H18: =IFERROR(ROUND(_xlfn.XLOOKUP(RIGHT($B$13,1)&"/"&B18,Tbl_Precio_Techo[KLlave01],Tbl_Precio_Techo[PT INSTALACION / EQUIPO],"",0,1),0),"") -> 761700 | J18: =IF(I18="","",I18*IVA) | K18: =IF(COUNTBLANK(I18:J18)=2,"",ROUND(I18+ROUND(J18,0),0)) | L18: =IFERROR(ROUND(_xlfn.XLOOKUP(RIGHT($B$13,1)&"/"&B18,Tbl_Precio_Techo[KLlave01],Tbl_Precio_Techo[PT VR UN MENSUAL IVA],"",0,1),0),"") -> 603952
B19: 2.3 | C19: ENLACE DEDICADO SIMETRICO 3 Mbps | F19: =IF(E19="","",E19*IVA) | G19: =IF(COUNTBLANK(E19:F19)=2,"",ROUND(E19+ROUND(F19,0),0)) | H19: =IFERROR(ROUND(_xlfn.XLOOKUP(RIGHT($B$13,1)&"/"&B19,Tbl_Precio_Techo[KLlave01],Tbl_Precio_Techo[PT INSTALACION / EQUIPO],"",0,1),0),"") -> 761700 | J19: =IF(I19="","",I19*IVA) | K19: =IF(COUNTBLANK(I19:J19)=2,"",ROUND(I19+ROUND(J19,0),0)) | L19: =IFERROR(ROUND(_xlfn.XLOOKUP(RIGHT($B$13,1)&"/"&B19,Tbl_Precio_Techo[KLlave01],Tbl_Precio_Techo[PT VR UN MENSUAL IVA],"",0,1),0),"") -> 724906
B20: 2.4 | C20: ENLACE DEDICADO SIMETRICO 5 Mbps | F20: =IF(E20="","",E20*IVA) | G20: =IF(COUNTBLANK(E20:F20)=2,"",ROUND(E20+ROUND(F20,0),0)) | H20: =IFERROR(ROUND(_xlfn.XLOOKUP(RIGHT($B$13,1)&"/"&B20,Tbl_Precio_Techo[KLlave01],Tbl_Precio_Techo[PT INSTALACION / EQUIPO],"",0,1),0),"") -> 761700 | J20: =IF(I20="","",I20*IVA) | K20: =IF(COUNTBLANK(I20:J20)=2,"",ROUND(I20+ROUND(J20,0),0)) | L20: =IFERROR(ROUND(_xlfn.XLOOKUP(RIGHT($B$13,1)&"/"&B20,Tbl_Precio_Techo[KLlave01],Tbl_Precio_Techo[PT VR UN MENSUAL IVA],"",0,1),0),"") -> 795164
B21: 2.5 | C21: ENLACE DEDICADO SIMETRICO 10 Mbps | F21: =IF(E21="","",E21*IVA) | G21: =IF(COUNTBLANK(E21:F21)=2,"",ROUND(E21+ROUND(F21,0),0)) | H21: =IFERROR(ROUND(_xlfn.XLOOKUP(RIGHT($B$13,1)&"/"&B21,Tbl_Precio_Techo[KLlave01],Tbl_Precio_Techo[PT INSTALACION / EQUIPO],"",0,1),0),"") -> 761700 | J21: =IF(I21="","",I21*IVA) | K21: =IF(COUNTBLANK(I21:J21)=2,"",ROUND(I21+ROUND(J21,0),0)) | L21: =IFERROR(ROUND(_xlfn.XLOOKUP(RIGHT($B$13,1)&"/"&B21,Tbl_Precio_Techo[KLlave01],Tbl_Precio_Techo[PT VR UN MENSUAL IVA],"",0,1),0),"") -> 891569
B22: 2.6 | C22: ENLACE DEDICADO SIMETRICO 20 Mbps | F22: =IF(E22="","",E22*IVA) | G22: =IF(COUNTBLANK(E22:F22)=2,"",ROUND(E22+ROUND(F22,0),0)) | H22: =IFERROR(ROUND(_xlfn.XLOOKUP(RIGHT($B$13,1)&"/"&B22,Tbl_Precio_Techo[KLlave01],Tbl_Precio_Techo[PT INSTALACION / EQUIPO],"",0,1),0),"") -> 761700 | J22: =IF(I22="","",I22*IVA) | K22: =IF(COUNTBLANK(I22:J22)=2,"",ROUND(I22+ROUND(J22,0),0)) | L22: =IFERROR(ROUND(_xlfn.XLOOKUP(RIGHT($B$13,1)&"/"&B22,Tbl_Precio_Techo[KLlave01],Tbl_Precio_Techo[PT VR UN MENSUAL IVA],"",0,1),0),"") -> 1317493
B23: 2.7 | C23: ENLACE DEDICADO SIMETRICO 20 Mbps BP(Pasivo) | F23: =IF(E23="","",E23*IVA) | G23: =IF(COUNTBLANK(E23:F23)=2,"",ROUND(E23+ROUND(F23,0),0)) | H23: =IFERROR(ROUND(_xlfn.XLOOKUP(RIGHT($B$13,1)&"/"&B23,Tbl_Precio_Techo[KLlave01],Tbl_Precio_Techo[PT INSTALACION / EQUIPO],"",0,1),0),"") -> 761700 | J23: =IF(I23="","",I23*IVA) | K23: =IF(COUNTBLANK(I23:J23)=2,"",ROUND(I23+ROUND(J23,0),0)) | L23: =IFERROR(ROUND(_xlfn.XLOOKUP(RIGHT($B$13,1)&"/"&B23,Tbl_Precio_Techo[KLlave01],Tbl_Precio_Techo[PT VR UN MENSUAL IVA],"",0,1),0),"") -> 898958
B24: 2.8 | C24: ENLACE DEDICADO SIMETRICO 30 Mbps | F24: =IF(E24="","",E24*IVA) | G24: =IF(COUNTBLANK(E24:F24)=2,"",ROUND(E24+ROUND(F24,0),0)) | H24: =IFERROR(ROUND(_xlfn.XLOOKUP(RIGHT($B$13,1)&"/"&B24,Tbl_Precio_Techo[KLlave01],Tbl_Precio_Techo[PT INSTALACION / EQUIPO],"",0,1),0),"") -> 761700 | J24: =IF(I24="","",I24*IVA) | K24: =IF(COUNTBLANK(I24:J24)=2,"",ROUND(I24+ROUND(J24,0),0)) | L24: =IFERROR(ROUND(_xlfn.XLOOKUP(RIGHT($B$13,1)&"/"&B24,Tbl_Precio_Techo[KLlave01],Tbl_Precio_Techo[PT VR UN MENSUAL IVA],"",0,1),0),"") -> 2007100
B25: 2.9 | C25: ENLACE DEDICADO SIMETRICO 50 Mbps | F25: =IF(E25="","",E25*IVA) | G25: =IF(COUNTBLANK(E25:F25)=2,"",ROUND(E25+ROUND(F25,0),0)) | H25: =IFERROR(ROUND(_xlfn.XLOOKUP(RIGHT($B$13,1)&"/"&B25,Tbl_Precio_Techo[KLlave01],Tbl_Precio_Techo[PT INSTALACION / EQUIPO],"",0,1),0),"") -> 761700 | J25: =IF(I25="","",I25*IVA) | K25: =IF(COUNTBLANK(I25:J25)=2,"",ROUND(I25+ROUND(J25,0),0)) | L25: =IFERROR(ROUND(_xlfn.XLOOKUP(RIGHT($B$13,1)&"/"&B25,Tbl_Precio_Techo[KLlave01],Tbl_Precio_Techo[PT VR UN MENSUAL IVA],"",0,1),0),"") -> 2601190
B26: 2.10 | C26: ENLACE DEDICADO SIMETRICO 50Mbps BP(Pasivo) | F26: =IF(E26="","",E26*IVA) | G26: =IF(COUNTBLANK(E26:F26)=2,"",ROUND(E26+ROUND(F26,0),0)) | H26: =IFERROR(ROUND(_xlfn.XLOOKUP(RIGHT($B$13,1)&"/"&B26,Tbl_Precio_Techo[KLlave01],Tbl_Precio_Techo[PT INSTALACION / EQUIPO],"",0,1),0),"") -> 761700 | J26: =IF(I26="","",I26*IVA) | K26: =IF(COUNTBLANK(I26:J26)=2,"",ROUND(I26+ROUND(J26,0),0)) | L26: =IFERROR(ROUND(_xlfn.XLOOKUP(RIGHT($B$13,1)&"/"&B26,Tbl_Precio_Techo[KLlave01],Tbl_Precio_Techo[PT VR UN MENSUAL IVA],"",0,1),0),"") -> 1513794
B27: 2.11 | C27: ENLACE DEDICADO SIMETRICO 80 Mbps | F27: =IF(E27="","",E27*IVA) | G27: =IF(COUNTBLANK(E27:F27)=2,"",ROUND(E27+ROUND(F27,0),0)) | H27: =IFERROR(ROUND(_xlfn.XLOOKUP(RIGHT($B$13,1)&"/"&B27,Tbl_Precio_Techo[KLlave01],Tbl_Precio_Techo[PT INSTALACION / EQUIPO],"",0,1),0),"") -> 761700 | J27: =IF(I27="","",I27*IVA) | K27: =IF(COUNTBLANK(I27:J27)=2,"",ROUND(I27+ROUND(J27,0),0)) | L27: =IFERROR(ROUND(_xlfn.XLOOKUP(RIGHT($B$13,1)&"/"&B27,Tbl_Precio_Techo[KLlave01],Tbl_Precio_Techo[PT VR UN MENSUAL IVA],"",0,1),0),"") -> 3833901
B28: 2.12 | C28: ENLACE DEDICADO SIMETRICO 80Mbps BP(Pasivo) | F28: =IF(E28="","",E28*IVA) | G28: =IF(COUNTBLANK(E28:F28)=2,"",ROUND(E28+ROUND(F28,0),0)) | H28: =IFERROR(ROUND(_xlfn.XLOOKUP(RIGHT($B$13,1)&"/"&B28,Tbl_Precio_Techo[KLlave01],Tbl_Precio_Techo[PT INSTALACION / EQUIPO],"",0,1),0),"") -> 761700 | J28: =IF(I28="","",I28*IVA) | K28: =IF(COUNTBLANK(I28:J28)=2,"",ROUND(I28+ROUND(J28,0),0)) | L28: =IFERROR(ROUND(_xlfn.XLOOKUP(RIGHT($B$13,1)&"/"&B28,Tbl_Precio_Techo[KLlave01],Tbl_Precio_Techo[PT VR UN MENSUAL IVA],"",0,1),0),"") -> 2471968
... B56: 2.40 | C56: REDUNDANCIA PUNTO DE CONCENTRACION SIMETRICO 1,5 GBPS ACTIVO/PASIVO | F56: =IF(E56="","",E56*IVA) | G56: =IF(COUNTBLANK(E56:F56)=2,"",ROUND(E56+ROUND(F56,0),0)) | H56: =IFERROR(ROUND(_xlfn.XLOOKUP(RIGHT($B$13,1)&"/"&B56,Tbl_Precio_Techo[KLlave01],Tbl_Precio_Techo[PT INSTALACION / EQUIPO],"",0,1),0),"") -> 901700 | J56: =IF(I56="","",I56*IVA) | K56: =IF(COUNTBLANK(I56:J56)=2,"",ROUND(I56+ROUND(J56,0),0)) | L56: =IFERROR(ROUND(_xlfn.XLOOKUP(RIGHT($B$13,1)&"/"&B56,Tbl_Precio_Techo[KLlave01],Tbl_Precio_Techo[PT VR UN MENSUAL IVA],"",0,1),0),"") -> 5612790
B57: Item | C57: ENLACE DE DATOS DEDICADO SIMETRICO U.M.RADIO INCLUYE CPE | E57: COSTO INSTALACION ANTES DE IVA | F57: IVA COSTO INSTALACION (Cuando ello hubiere lugar) | G57: COSTO INSTALACION INCLUIDO IVA | H57: PRECIO TECHO COSTO INSTALACION INCLUIDO IVA | I57: VALOR UNITARIO SERVICIO MENSUAL ANTES DE IVA | J57: IVA SERVICIO MENSUAL (Cuando ello hubiere lugar) | K57: VALOR UNITARIO SERVICIO MENSUAL INCLUIDO IVA | L57: PRECIO TECHO VALOR UNITARIO SERVICIO MENSUAL INCLUIDO IVA
B58: 3.1 | C58: Enlace Datos Dedicado Simétrico (U.M. Radio) 6Mbps | F58: =IF(E58="","",E58*IVA) | G58: =IF(COUNTBLANK(E58:F58)=2,"",ROUND(E58+ROUND(F58,0),0)) | H58: =IFERROR(ROUND(_xlfn.XLOOKUP(RIGHT($B$13,1)&"/"&B58,Tbl_Precio_Techo[KLlave01],Tbl_Precio_Techo[PT INSTALACION / EQUIPO],"",0,1),0),"") -> 2147500 | J58: =IF(I58="","",I58*IVA) | K58: =IF(COUNTBLANK(I58:J58)=2,"",ROUND(I58+ROUND(J58,0),0)) | L58: =IFERROR(ROUND(_xlfn.XLOOKUP(RIGHT($B$13,1)&"/"&B58,Tbl_Precio_Techo[KLlave01],Tbl_Precio_Techo[PT VR UN MENSUAL IVA],"",0,1),0),"") -> 4764960
B59: 3.2 | C59: Enlace Datos Dedicado Simétrico (U.M. Radio) 12Mbps | F59: =IF(E59="","",E59*IVA) | G59: =IF(COUNTBLANK(E59:F59)=2,"",ROUND(E59+ROUND(F59,0),0)) | H59: =IFERROR(ROUND(_xlfn.XLOOKUP(RIGHT($B$13,1)&"/"&B59,Tbl_Precio_Techo[KLlave01],Tbl_Precio_Techo[PT INSTALACION / EQUIPO],"",0,1),0),"") -> 2147500 | J59: =IF(I59="","",I59*IVA) | K59: =IF(COUNTBLANK(I59:J59)=2,"",ROUND(I59+ROUND(J59,0),0)) | L59: =IFERROR(ROUND(_xlfn.XLOOKUP(RIGHT($B$13,1)&"/"&B59,Tbl_Precio_Techo[KLlave01],Tbl_Precio_Techo[PT VR UN MENSUAL IVA],"",0,1),0),"") -> 5338346
B60: 3.3 | C60: Enlace Datos Dedicado Simétrico (U.M. Radio) 18Mbps | F60: =IF(E60="","",E60*IVA) | G60: =IF(COUNTBLANK(E60:F60)=2,"",ROUND(E60+ROUND(F60,0),0)) | H60: =IFERROR(ROUND(_xlfn.XLOOKUP(RIGHT($B$13,1)&"/"&B60,Tbl_Precio_Techo[KLlave01],Tbl_Precio_Techo[PT INSTALACION / EQUIPO],"",0,1),0),"") -> 2147500 | J60: =IF(I60="","",I60*IVA) | K60: =IF(COUNTBLANK(I60:J60)=2,"",ROUND(I60+ROUND(J60,0),0)) | L60: =IFERROR(ROUND(_xlfn.XLOOKUP(RIGHT($B$13,1)&"/"&B60,Tbl_Precio_Techo[KLlave01],Tbl_Precio_Techo[PT VR UN MENSUAL IVA],"",0,1),0),"") -> 6563843
B61: 3.4 | C61: Enlace Datos Dedicado Simétrico (U.M. Radio) 24Mbps | F61: =IF(E61="","",E61*IVA) | G61: =IF(COUNTBLANK(E61:F61)=2,"",ROUND(E61+ROUND(F61,0),0)) | H61: =IFERROR(ROUND(_xlfn.XLOOKUP(RIGHT($B$13,1)&"/"&B61,Tbl_Precio_Techo[KLlave01],Tbl_Precio_Techo[PT INSTALACION / EQUIPO],"",0,1),0),"") -> 2147500 | J61: =IF(I61="","",I61*IVA) | K61: =IF(COUNTBLANK(I61:J61)=2,"",ROUND(I61+ROUND(J61,0),0)) | L61: =IFERROR(ROUND(_xlfn.XLOOKUP(RIGHT($B$13,1)&"/"&B61,Tbl_Precio_Techo[KLlave01],Tbl_Precio_Techo[PT VR UN MENSUAL IVA],"",0,1),0),"") -> 6948359
B62: 3.5 | C62: Enlace Datos Dedicado Simétrico (U.M. Radio) 30Mbps | F62: =IF(E62="","",E62*IVA) | G62: =IF(COUNTBLANK(E62:F62)=2,"",ROUND(E62+ROUND(F62,0),0)) | H62: =IFERROR(ROUND(_xlfn.XLOOKUP(RIGHT($B$13,1)&"/"&B62,Tbl_Precio_Techo[KLlave01],Tbl_Precio_Techo[PT INSTALACION / EQUIPO],"",0,1),0),"") -> 2147500 | J62: =IF(I62="","",I62*IVA) | K62: =IF(COUNTBLANK(I62:J62)=2,"",ROUND(I62+ROUND(J62,0),0)) | L62: =IFERROR(ROUND(_xlfn.XLOOKUP(RIGHT($B$13,1)&"/"&B62,Tbl_Precio_Techo[KLlave01],Tbl_Precio_Techo[PT VR UN MENSUAL IVA],"",0,1),0),"") -> 7662647
B63: 3.6 | C63: Enlace Datos Dedicado Simétrico (U.M. Radio) 60Mbps | F63: =IF(E63="","",E63*IVA) | G63: =IF(COUNTBLANK(E63:F63)=2,"",ROUND(E63+ROUND(F63,0),0)) | H63: =IFERROR(ROUND(_xlfn.XLOOKUP(RIGHT($B$13,1)&"/"&B63,Tbl_Precio_Techo[KLlave01],Tbl_Precio_Techo[PT INSTALACION / EQUIPO],"",0,1),0),"") -> 2147500 | J63: =IF(I63="","",I63*IVA) | K63: =IF(COUNTBLANK(I63:J63)=2,"",ROUND(I63+ROUND(J63,0),0)) | L63: =IFERROR(ROUND(_xlfn.XLOOKUP(RIGHT($B$13,1)&"/"&B63,Tbl_Precio_Techo[KLlave01],Tbl_Precio_Techo[PT VR UN MENSUAL IVA],"",0,1),0),"") -> 8936306
B64: 3.7 | C64: Enlace Datos Dedicado Simétrico (U.M. Radio) 80Mbps | F64: =IF(E64="","",E64*IVA) | G64: =IF(COUNTBLANK(E64:F64)=2,"",ROUND(E64+ROUND(F64,0),0)) | H64: =IFERROR(ROUND(_xlfn.XLOOKUP(RIGHT($B$13,1)&"/"&B64,Tbl_Precio_Techo[KLlave01],Tbl_Precio_Techo[PT INSTALACION / EQUIPO],"",0,1),0),"") -> 2147500 | J64: =IF(I64="","",I64*IVA) | K64: =IF(COUNTBLANK(I64:J64)=2,"",ROUND(I64+ROUND(J64,0),0)) | L64: =IFERROR(ROUND(_xlfn.XLOOKUP(RIGHT($B$13,1)&"/"&B64,Tbl_Precio_Techo[KLlave01],Tbl_Precio_Techo[PT VR UN MENSUAL IVA],"",0,1),0),"") -> 10925507
B65: 3.8 | C65: Enlace Datos Dedicado Simétrico (U.M. Radio) 100Mbps | F65: =IF(E65="","",E65*IVA) | G65: =IF(COUNTBLANK(E65:F65)=2,"",ROUND(E65+ROUND(F65,0),0)) | H65: =IFERROR(ROUND(_xlfn.XLOOKUP(RIGHT($B$13,1)&"/"&B65,Tbl_Precio_Techo[KLlave01],Tbl_Precio_Techo[PT INSTALACION / EQUIPO],"",0,1),0),"") -> 2147500 | J65: =IF(I65="","",I65*IVA) | K65: =IF(COUNTBLANK(I65:J65)=2,"",ROUND(I65+ROUND(J65,0),0)) | L65: =IFERROR(ROUND(_xlfn.XLOOKUP(RIGHT($B$13,1)&"/"&B65,Tbl_Precio_Techo[KLlave01],Tbl_Precio_Techo[PT VR UN MENSUAL IVA],"",0,1),0),"") -> 13173779
B66: Item | C66: ENLACE SATELITAL INCLUYE CPE | E66: COSTO INSTALACION ANTES DE IVA | F66: IVA COSTO INSTALACION (Cuando ello hubiere lugar) | G66: COSTO INSTALACION INCLUIDO IVA | H66: PRECIO TECHO COSTO INSTALACION INCLUIDO IVA | I66: VALOR UNITARIO SERVICIO MENSUAL ANTES DE IVA | J66: IVA SERVICIO MENSUAL (Cuando ello hubiere lugar) | K66: VALOR UNITARIO SERVICIO MENSUAL INCLUIDO IVA | L66: PRECIO TECHO VALOR UNITARIO SERVICIO MENSUAL INCLUIDO IVA
B67: 4.1 | C67: ENLACE SATELITALES 256/256 | F67: =IF(E67="","",E67*IVA) | G67: =IF(COUNTBLANK(E67:F67)=2,"",ROUND(E67+ROUND(F67,0),0)) | H67: =IFERROR(ROUND(_xlfn.XLOOKUP(RIGHT($B$13,1)&"/"&B67,Tbl_Precio_Techo[KLlave01],Tbl_Precio_Techo[PT INSTALACION / EQUIPO],"",0,1),0),"") -> 5675000 | J67: =IF(I67="","",I67*IVA) | K67: =IF(COUNTBLANK(I67:J67)=2,"",ROUND(I67+ROUND(J67,0),0)) | L67: =IFERROR(ROUND(_xlfn.XLOOKUP(RIGHT($B$13,1)&"/"&B67,Tbl_Precio_Techo[KLlave01],Tbl_Precio_Techo[PT VR UN MENSUAL IVA],"",0,1),0),"") -> 2936413
B68: 4.2 | C68: ENLACE SATELITALES 512/256 | F68: =IF(E68="","",E68*IVA) | G68: =IF(COUNTBLANK(E68:F68)=2,"",ROUND(E68+ROUND(F68,0),0)) | H68: =IFERROR(ROUND(_xlfn.XLOOKUP(RIGHT($B$13,1)&"/"&B68,Tbl_Precio_Techo[KLlave01],Tbl_Precio_Techo[PT INSTALACION / EQUIPO],"",0,1),0),"") -> 5675000 | J68: =IF(I68="","",I68*IVA) | K68: =IF(COUNTBLANK(I68:J68)=2,"",ROUND(I68+ROUND(J68,0),0)) | L68: =IFERROR(ROUND(_xlfn.XLOOKUP(RIGHT($B$13,1)&"/"&B68,Tbl_Precio_Techo[KLlave01],Tbl_Precio_Techo[PT VR UN MENSUAL IVA],"",0,1),0),"") -> 3837791
B69: 4.3 | C69: ENLACE SATELITALES 1024/512 | F69: =IF(E69="","",E69*IVA) | G69: =IF(COUNTBLANK(E69:F69)=2,"",ROUND(E69+ROUND(F69,0),0)) | H69: =IFERROR(ROUND(_xlfn.XLOOKUP(RIGHT($B$13,1)&"/"&B69,Tbl_Precio_Techo[KLlave01],Tbl_Precio_Techo[PT INSTALACION / EQUIPO],"",0,1),0),"") -> 5675000 | J69: =IF(I69="","",I69*IVA) | K69: =IF(COUNTBLANK(I69:J69)=2,"",ROUND(I69+ROUND(J69,0),0)) | L69: =IFERROR(ROUND(_xlfn.XLOOKUP(RIGHT($B$13,1)&"/"&B69,Tbl_Precio_Techo[KLlave01],Tbl_Precio_Techo[PT VR UN MENSUAL IVA],"",0,1),0),"") -> 4581500
B70: 4.4 | C70: ENLACE SATELITALES 6Mbps/1Mbps (banda C) | F70: =IF(E70="","",E70*IVA) | G70: =IF(COUNTBLANK(E70:F70)=2,"",ROUND(E70+ROUND(F70,0),0)) | H70: =IFERROR(ROUND(_xlfn.XLOOKUP(RIGHT($B$13,1)&"/"&B70,Tbl_Precio_Techo[KLlave01],Tbl_Precio_Techo[PT INSTALACION / EQUIPO],"",0,1),0),"") -> 5675000 | J70: =IF(I70="","",I70*IVA) | K70: =IF(COUNTBLANK(I70:J70)=2,"",ROUND(I70+ROUND(J70,0),0)) | L70: =IFERROR(ROUND(_xlfn.XLOOKUP(RIGHT($B$13,1)&"/"&B70,Tbl_Precio_Techo[KLlave01],Tbl_Precio_Techo[PT VR UN MENSUAL IVA],"",0,1),0),"") -> 13326480
B71: 4.5 | C71: ENLACE SATELITALES 12Mbps/2Mbps (banda C) | F71: =IF(E71="","",E71*IVA) | G71: =IF(COUNTBLANK(E71:F71)=2,"",ROUND(E71+ROUND(F71,0),0)) | H71: =IFERROR(ROUND(_xlfn.XLOOKUP(RIGHT($B$13,1)&"/"&B71,Tbl_Precio_Techo[KLlave01],Tbl_Precio_Techo[PT INSTALACION / EQUIPO],"",0,1),0),"") -> 5675000 | J71: =IF(I71="","",I71*IVA) | K71: =IF(COUNTBLANK(I71:J71)=2,"",ROUND(I71+ROUND(J71,0),0)) | L71: =IFERROR(ROUND(_xlfn.XLOOKUP(RIGHT($B$13,1)&"/"&B71,Tbl_Precio_Techo[KLlave01],Tbl_Precio_Techo[PT VR UN MENSUAL IVA],"",0,1),0),"") -> 24374151
B72: Item | C72: INTERNET DEDICADO SIMETRICO INCLUYE CPE | E72: COSTO INSTALACION ANTES DE IVA | F72: IVA COSTO INSTALACION (Cuando ello hubiere lugar) | G72: COSTO INSTALACION INCLUIDO IVA | H72: PRECIO TECHO COSTO INSTALACION INCLUIDO IVA | I72: VALOR UNITARIO SERVICIO MENSUAL ANTES DE IVA | J72: IVA SERVICIO MENSUAL (Cuando ello hubiere lugar) | K72: VALOR UNITARIO SERVICIO MENSUAL INCLUIDO IVA | L72: PRECIO TECHO VALOR UNITARIO SERVICIO MENSUAL INCLUIDO IVA
B73: 5.1 | C73: Enlace Internet Dedicado Simétrico (U.M. Fibra Óptica) 5Mbps | F73: =IF(E73="","",E73*IVA) | G73: =IF(COUNTBLANK(E73:F73)=2,"",ROUND(E73+ROUND(F73,0),0)) | H73: =IFERROR(ROUND(_xlfn.XLOOKUP(RIGHT($B$13,1)&"/"&B73,Tbl_Precio_Techo[KLlave01],Tbl_Precio_Techo[PT INSTALACION / EQUIPO],"",0,1),0),"") -> 761700 | J73: =IF(I73="","",I73*IVA) | K73: =IF(COUNTBLANK(I73:J73)=2,"",ROUND(I73+ROUND(J73,0),0)) | L73: =IFERROR(ROUND(_xlfn.XLOOKUP(RIGHT($B$13,1)&"/"&B73,Tbl_Precio_Techo[KLlave01],Tbl_Precio_Techo[PT VR UN MENSUAL IVA],"",0,1),0),"") -> 808135
B74: 5.2 | C74: Enlace Internet Dedicado Simétrico (U.M. Fibra Óptica) 30Mbps | F74: =IF(E74="","",E74*IVA) | G74: =IF(COUNTBLANK(E74:F74)=2,"",ROUND(E74+ROUND(F74,0),0)) | H74: =IFERROR(ROUND(_xlfn.XLOOKUP(RIGHT($B$13,1)&"/"&B74,Tbl_Precio_Techo[KLlave01],Tbl_Precio_Techo[PT INSTALACION / EQUIPO],"",0,1),0),"") -> 761700 | J74: =IF(I74="","",I74*IVA) | K74: =IF(COUNTBLANK(I74:J74)=2,"",ROUND(I74+ROUND(J74,0),0)) | L74: =IFERROR(ROUND(_xlfn.XLOOKUP(RIGHT($B$13,1)&"/"&B74,Tbl_Precio_Techo[KLlave01],Tbl_Precio_Techo[PT VR UN MENSUAL IVA],"",0,1),0),"") -> 1485341
B75: 5.3 | C75: Enlace Internet Dedicado Simétrico (U.M. Fibra Óptica) 30Mbps BP(Pasivo) | F75: =IF(E75="","",E75*IVA) | G75: =IF(COUNTBLANK(E75:F75)=2,"",ROUND(E75+ROUND(F75,0),0)) | H75: =IFERROR(ROUND(_xlfn.XLOOKUP(RIGHT($B$13,1)&"/"&B75,Tbl_Precio_Techo[KLlave01],Tbl_Precio_Techo[PT INSTALACION / EQUIPO],"",0,1),0),"") -> 761700 | J75: =IF(I75="","",I75*IVA) | K75: =IF(COUNTBLANK(I75:J75)=2,"",ROUND(I75+ROUND(J75,0),0)) | L75: =IFERROR(ROUND(_xlfn.XLOOKUP(RIGHT($B$13,1)&"/"&B75,Tbl_Precio_Techo[KLlave01],Tbl_Precio_Techo[PT VR UN MENSUAL IVA],"",0,1),0),"") -> 996302
B76: 5.4 | C76: Enlace Internet Dedicado Simétrico (U.M. Fibra Óptica) 45Mbps | F76: =IF(E76="","",E76*IVA) | G76: =IF(COUNTBLANK(E76:F76)=2,"",ROUND(E76+ROUND(F76,0),0)) | H76: =IFERROR(ROUND(_xlfn.XLOOKUP(RIGHT($B$13,1)&"/"&B76,Tbl_Precio_Techo[KLlave01],Tbl_Precio_Techo[PT INSTALACION / EQUIPO],"",0,1),0),"") -> 761700 | J76: =IF(I76="","",I76*IVA) | K76: =IF(COUNTBLANK(I76:J76)=2,"",ROUND(I76+ROUND(J76,0),0)) | L76: =IFERROR(ROUND(_xlfn.XLOOKUP(RIGHT($B$13,1)&"/"&B76,Tbl_Precio_Techo[KLlave01],Tbl_Precio_Techo[PT VR UN MENSUAL IVA],"",0,1),0),"") -> 1649120
B77: 5.5 | C77: Enlace Internet Dedicado Simétrico (U.M. Fibra Óptica) 45Mbps BP(Pasivo) | F77: =IF(E77="","",E77*IVA) | G77: =IF(COUNTBLANK(E77:F77)=2,"",ROUND(E77+ROUND(F77,0),0)) | H77: =IFERROR(ROUND(_xlfn.XLOOKUP(RIGHT($B$13,1)&"/"&B77,Tbl_Precio_Techo[KLlave01],Tbl_Precio_Techo[PT INSTALACION / EQUIPO],"",0,1),0),"") -> 761700 | J77: =IF(I77="","",I77*IVA) | K77: =IF(COUNTBLANK(I77:J77)=2,"",ROUND(I77+ROUND(J77,0),0)) | L77: =IFERROR(ROUND(_xlfn.XLOOKUP(RIGHT($B$13,1)&"/"&B77,Tbl_Precio_Techo[KLlave01],Tbl_Precio_Techo[PT VR UN MENSUAL IVA],"",0,1),0),"") -> 1121195
B78: 5.6 | C78: Enlace Internet Dedicado Simétrico (U.M. Fibra Óptica) 60Mbps | F78: =IF(E78="","",E78*IVA) | G78: =IF(COUNTBLANK(E78:F78)=2,"",ROUND(E78+ROUND(F78,0),0)) | H78: =IFERROR(ROUND(_xlfn.XLOOKUP(RIGHT($B$13,1)&"/"&B78,Tbl_Precio_Techo[KLlave01],Tbl_Precio_Techo[PT INSTALACION / EQUIPO],"",0,1),0),"") -> 761700 | J78: =IF(I78="","",I78*IVA) | K78: =IF(COUNTBLANK(I78:J78)=2,"",ROUND(I78+ROUND(J78,0),0)) | L78: =IFERROR(ROUND(_xlfn.XLOOKUP(RIGHT($B$13,1)&"/"&B78,Tbl_Precio_Techo[KLlave01],Tbl_Precio_Techo[PT VR UN MENSUAL IVA],"",0,1),0),"") -> 2147975
B79: 5.7 | C79: Enlace Internet Dedicado Simétrico (U.M. Fibra Óptica) 60Mbps BP(Pasivo) | F79: =IF(E79="","",E79*IVA) | G79: =IF(COUNTBLANK(E79:F79)=2,"",ROUND(E79+ROUND(F79,0),0)) | H79: =IFERROR(ROUND(_xlfn.XLOOKUP(RIGHT($B$13,1)&"/"&B79,Tbl_Precio_Techo[KLlave01],Tbl_Precio_Techo[PT INSTALACION / EQUIPO],"",0,1),0),"") -> 761700 | J79: =IF(I79="","",I79*IVA) | K79: =IF(COUNTBLANK(I79:J79)=2,"",ROUND(I79+ROUND(J79,0),0)) | L79: =IFERROR(ROUND(_xlfn.XLOOKUP(RIGHT($B$13,1)&"/"&B79,Tbl_Precio_Techo[KLlave01],Tbl_Precio_Techo[PT VR UN MENSUAL IVA],"",0,1),0),"") -> 1526357
B80: 5.8 | C80: Enlace Internet Dedicado Simétrico (U.M. Fibra Óptica) 100Mbps | F80: =IF(E80="","",E80*IVA) | G80: =IF(COUNTBLANK(E80:F80)=2,"",ROUND(E80+ROUND(F80,0),0)) | H80: =IFERROR(ROUND(_xlfn.XLOOKUP(RIGHT($B$13,1)&"/"&B80,Tbl_Precio_Techo[KLlave01],Tbl_Precio_Techo[PT INSTALACION / EQUIPO],"",0,1),0),"") -> 901700 | J80: =IF(I80="","",I80*IVA) | K80: =IF(COUNTBLANK(I80:J80)=2,"",ROUND(I80+ROUND(J80,0),0)) | L80: =IFERROR(ROUND(_xlfn.XLOOKUP(RIGHT($B$13,1)&"/"&B80,Tbl_Precio_Techo[KLlave01],Tbl_Precio_Techo[PT VR UN MENSUAL IVA],"",0,1),0),"") -> 2808355
B81: 5.9 | C81: Enlace Internet Dedicado Simétrico (U.M. Fibra Óptica) 100Mbps BP(Pasivo) | F81: =IF(E81="","",E81*IVA) | G81: =IF(COUNTBLANK(E81:F81)=2,"",ROUND(E81+ROUND(F81,0),0)) | H81: =IFERROR(ROUND(_xlfn.XLOOKUP(RIGHT($B$13,1)&"/"&B81,Tbl_Precio_Techo[KLlave01],Tbl_Precio_Techo[PT INSTALACION / EQUIPO],"",0,1),0),"") -> 901700 | J81: =IF(I81="","",I81*IVA) | K81: =IF(COUNTBLANK(I81:J81)=2,"",ROUND(I81+ROUND(J81,0),0)) | L81: =IFERROR(ROUND(_xlfn.XLOOKUP(RIGHT($B$13,1)&"/"&B81,Tbl_Precio_Techo[KLlave01],Tbl_Precio_Techo[PT VR UN MENSUAL IVA],"",0,1),0),"") -> 1285451
B82: 5.10 | C82: Enlace Internet Dedicado Simétrico (U.M. Fibra Óptica) 128Mbps | F82: =IF(E82="","",E82*IVA) | G82: =IF(COUNTBLANK(E82:F82)=2,"",ROUND(E82+ROUND(F82,0),0)) | H82: =IFERROR(ROUND(_xlfn.XLOOKUP(RIGHT($B$13,1)&"/"&B82,Tbl_Precio_Techo[KLlave01],Tbl_Precio_Techo[PT INSTALACION / EQUIPO],"",0,1),0),"") -> 761700 | J82: =IF(I82="","",I82*IVA) | K82: =IF(COUNTBLANK(I82:J82)=2,"",ROUND(I82+ROUND(J82,0),0)) | L82: =IFERROR(ROUND(_xlfn.XLOOKUP(RIGHT($B$13,1)&"/"&B82,Tbl_Precio_Techo[KLlave01],Tbl_Precio_Techo[PT VR UN MENSUAL IVA],"",0,1),0),"") -> 3331608
B83: 5.11 | C83: Enlace Internet Dedicado Simétrico (U.M. Fibra Óptica) 256Mbps | F83: =IF(E83="","",E83*IVA) | G83: =IF(COUNTBLANK(E83:F83)=2,"",ROUND(E83+ROUND(F83,0),0)) | H83: =IFERROR(ROUND(_xlfn.XLOOKUP(RIGHT($B$13,1)&"/"&B83,Tbl_Precio_Techo[KLlave01],Tbl_Precio_Techo[PT INSTALACION / EQUIPO],"",0,1),0),"") -> 761700 | J83: =IF(I83="","",I83*IVA) | K83: =IF(COUNTBLANK(I83:J83)=2,"",ROUND(I83+ROUND(J83,0),0)) | L83: =IFERROR(ROUND(_xlfn.XLOOKUP(RIGHT($B$13,1)&"/"&B83,Tbl_Precio_Techo[KLlave01],Tbl_Precio_Techo[PT VR UN MENSUAL IVA],"",0,1),0),"") -> 6122959
B84: 5.12 | C84: Enlace Internet Dedicado Simétrico (U.M. Fibra Óptica) 256Mbps BP(Pasivo) | F84: =IF(E84="","",E84*IVA) | G84: =IF(COUNTBLANK(E84:F84)=2,"",ROUND(E84+ROUND(F84,0),0)) | H84: =IFERROR(ROUND(_xlfn.XLOOKUP(RIGHT($B$13,1)&"/"&B84,Tbl_Precio_Techo[KLlave01],Tbl_Precio_Techo[PT INSTALACION / EQUIPO],"",0,1),0),"") -> 761700 | J84: =IF(I84="","",I84*IVA) | K84: =IF(COUNTBLANK(I84:J84)=2,"",ROUND(I84+ROUND(J84,0),0)) | L84: =IFERROR(ROUND(_xlfn.XLOOKUP(RIGHT($B$13,1)&"/"&B84,Tbl_Precio_Techo[KLlave01],Tbl_Precio_Techo[PT VR UN MENSUAL IVA],"",0,1),0),"") -> 3908284
... B87: 5.15 | C87: Enlace Internet Dedicado Simétrico (U.M. Fibra Óptica) 1Gbps | F87: =IF(E87="","",E87*IVA) | G87: =IF(COUNTBLANK(E87:F87)=2,"",ROUND(E87+ROUND(F87,0),0)) | H87: =IFERROR(ROUND(_xlfn.XLOOKUP(RIGHT($B$13,1)&"/"&B87,Tbl_Precio_Techo[KLlave01],Tbl_Precio_Techo[PT INSTALACION / EQUIPO],"",0,1),0),"") -> 901700 | J87: =IF(I87="","",I87*IVA) | K87: =IF(COUNTBLANK(I87:J87)=2,"",ROUND(I87+ROUND(J87,0),0)) | L87: =IFERROR(ROUND(_xlfn.XLOOKUP(RIGHT($B$13,1)&"/"&B87,Tbl_Precio_Techo[KLlave01],Tbl_Precio_Techo[PT VR UN MENSUAL IVA],"",0,1),0),"") -> 14982470
B88: Item | C88: SEGURIDAD INTERNET DEDICADO | E88: COSTO INSTALACION ANTES DE IVA | F88: IVA COSTO INSTALACION (Cuando ello hubiere lugar) | G88: COSTO INSTALACION INCLUIDO IVA | H88: PRECIO TECHO COSTO INSTALACION INCLUIDO IVA | I88: VALOR UNITARIO SERVICIO MENSUAL ANTES DE IVA | J88: IVA SERVICIO MENSUAL (Cuando ello hubiere lugar) | K88: VALOR UNITARIO SERVICIO MENSUAL INCLUIDO IVA | L88: PRECIO TECHO VALOR UNITARIO SERVICIO MENSUAL INCLUIDO IVA
B89: 6.1 | C89: Seguridad Internet Dedicado 5 Mbps | F89: =IF(E89="","",E89*IVA) | G89: =IF(COUNTBLANK(E89:F89)=2,"",ROUND(E89+ROUND(F89,0),0)) | H89: =IFERROR(ROUND(_xlfn.XLOOKUP(RIGHT($B$13,1)&"/"&B89,Tbl_Precio_Techo[KLlave01],Tbl_Precio_Techo[PT INSTALACION / EQUIPO],"",0,1),0),"") -> 2000000 | J89: =IF(I89="","",0) | K89: =IF(COUNTBLANK(I89:J89)=2,"",ROUND(I89+ROUND(J89,0),0)) | L89: =IFERROR(ROUND(_xlfn.XLOOKUP(RIGHT($B$13,1)&"/"&B89,Tbl_Precio_Techo[KLlave01],Tbl_Precio_Techo[PT VR UN MENSUAL IVA],"",0,1),0),"") -> 1293093
B90: 6.2 | C90: Seguridad Internet Dedicado 30 Mbps | F90: =IF(E90="","",E90*IVA) | G90: =IF(COUNTBLANK(E90:F90)=2,"",ROUND(E90+ROUND(F90,0),0)) | H90: =IFERROR(ROUND(_xlfn.XLOOKUP(RIGHT($B$13,1)&"/"&B90,Tbl_Precio_Techo[KLlave01],Tbl_Precio_Techo[PT INSTALACION / EQUIPO],"",0,1),0),"") -> 2000000 | J90: =IF(I90="","",0) | K90: =IF(COUNTBLANK(I90:J90)=2,"",ROUND(I90+ROUND(J90,0),0)) | L90: =IFERROR(ROUND(_xlfn.XLOOKUP(RIGHT($B$13,1)&"/"&B90,Tbl_Precio_Techo[KLlave01],Tbl_Precio_Techo[PT VR UN MENSUAL IVA],"",0,1),0),"") -> 1438774
B91: 6.3 | C91: Seguridad Internet Dedicado 45 Mbps | F91: =IF(E91="","",E91*IVA) | G91: =IF(COUNTBLANK(E91:F91)=2,"",ROUND(E91+ROUND(F91,0),0)) | H91: =IFERROR(ROUND(_xlfn.XLOOKUP(RIGHT($B$13,1)&"/"&B91,Tbl_Precio_Techo[KLlave01],Tbl_Precio_Techo[PT INSTALACION / EQUIPO],"",0,1),0),"") -> 2000000 | J91: =IF(I91="","",0) | K91: =IF(COUNTBLANK(I91:J91)=2,"",ROUND(I91+ROUND(J91,0),0)) | L91: =IFERROR(ROUND(_xlfn.XLOOKUP(RIGHT($B$13,1)&"/"&B91,Tbl_Precio_Techo[KLlave01],Tbl_Precio_Techo[PT VR UN MENSUAL IVA],"",0,1),0),"") -> 870718
B92: 6.4 | C92: Seguridad Internet Dedicado 60 Mbps | F92: =IF(E92="","",E92*IVA) | G92: =IF(COUNTBLANK(E92:F92)=2,"",ROUND(E92+ROUND(F92,0),0)) | H92: =IFERROR(ROUND(_xlfn.XLOOKUP(RIGHT($B$13,1)&"/"&B92,Tbl_Precio_Techo[KLlave01],Tbl_Precio_Techo[PT INSTALACION / EQUIPO],"",0,1),0),"") -> 2000000 | J92: =IF(I92="","",0) | K92: =IF(COUNTBLANK(I92:J92)=2,"",ROUND(I92+ROUND(J92,0),0)) | L92: =IFERROR(ROUND(_xlfn.XLOOKUP(RIGHT($B$13,1)&"/"&B92,Tbl_Precio_Techo[KLlave01],Tbl_Precio_Techo[PT VR UN MENSUAL IVA],"",0,1),0),"") -> 949861
B93: 6.5 | C93: Seguridad Internet Dedicado 100 Mbps | F93: =IF(E93="","",E93*IVA) | G93: =IF(COUNTBLANK(E93:F93)=2,"",ROUND(E93+ROUND(F93,0),0)) | H93: =IFERROR(ROUND(_xlfn.XLOOKUP(RIGHT($B$13,1)&"/"&B93,Tbl_Precio_Techo[KLlave01],Tbl_Precio_Techo[PT INSTALACION / EQUIPO],"",0,1),0),"") -> 2000000 | J93: =IF(I93="","",0) | K93: =IF(COUNTBLANK(I93:J93)=2,"",ROUND(I93+ROUND(J93,0),0)) | L93: =IFERROR(ROUND(_xlfn.XLOOKUP(RIGHT($B$13,1)&"/"&B93,Tbl_Precio_Techo[KLlave01],Tbl_Precio_Techo[PT VR UN MENSUAL IVA],"",0,1),0),"") -> 1247618
B94: 6.6 | C94: Seguridad Internet Dedicado 128 Mbps | F94: =IF(E94="","",E94*IVA) | G94: =IF(COUNTBLANK(E94:F94)=2,"",ROUND(E94+ROUND(F94,0),0)) | H94: =IFERROR(ROUND(_xlfn.XLOOKUP(RIGHT($B$13,1)&"/"&B94,Tbl_Precio_Techo[KLlave01],Tbl_Precio_Techo[PT INSTALACION / EQUIPO],"",0,1),0),"") -> 2000000 | J94: =IF(I94="","",0) | K94: =IF(COUNTBLANK(I94:J94)=2,"",ROUND(I94+ROUND(J94,0),0)) | L94: =IFERROR(ROUND(_xlfn.XLOOKUP(RIGHT($B$13,1)&"/"&B94,Tbl_Precio_Techo[KLlave01],Tbl_Precio_Techo[PT VR UN MENSUAL IVA],"",0,1),0),"") -> 3009018
B95: 6.7 | C95: Seguridad Internet Dedicado 256 Mbps | F95: =IF(E95="","",E95*IVA) | G95: =IF(COUNTBLANK(E95:F95)=2,"",ROUND(E95+ROUND(F95,0),0)) | H95: =IFERROR(ROUND(_xlfn.XLOOKUP(RIGHT($B$13,1)&"/"&B95,Tbl_Precio_Techo[KLlave01],Tbl_Precio_Techo[PT INSTALACION / EQUIPO],"",0,1),0),"") -> 2000000 | J95: =IF(I95="","",0) | K95: =IF(COUNTBLANK(I95:J95)=2,"",ROUND(I95+ROUND(J95,0),0)) | L95: =IFERROR(ROUND(_xlfn.XLOOKUP(RIGHT($B$13,1)&"/"&B95,Tbl_Precio_Techo[KLlave01],Tbl_Precio_Techo[PT VR UN MENSUAL IVA],"",0,1),0),"") -> 4265968
B96: 6.8 | C96: Seguridad Internet Dedicado 512 Mbps | F96: =IF(E96="","",E96*IVA) | G96: =IF(COUNTBLANK(E96:F96)=2,"",ROUND(E96+ROUND(F96,0),0)) | H96: =IFERROR(ROUND(_xlfn.XLOOKUP(RIGHT($B$13,1)&"/"&B96,Tbl_Precio_Techo[KLlave01],Tbl_Precio_Techo[PT INSTALACION / EQUIPO],"",0,1),0),"") -> 2000000 | J96: =IF(I96="","",0) | K96: =IF(COUNTBLANK(I96:J96)=2,"",ROUND(I96+ROUND(J96,0),0)) | L96: =IFERROR(ROUND(_xlfn.XLOOKUP(RIGHT($B$13,1)&"/"&B96,Tbl_Precio_Techo[KLlave01],Tbl_Precio_Techo[PT VR UN MENSUAL IVA],"",0,1),0),"") -> 5993272
B97: 6.9 | C97: Seguridad Internet Dedicado 1 Gbps | F97: =IF(E97="","",E97*IVA) | G97: =IF(COUNTBLANK(E97:F97)=2,"",ROUND(E97+ROUND(F97,0),0)) | H97: =IFERROR(ROUND(_xlfn.XLOOKUP(RIGHT($B$13,1)&"/"&B97,Tbl_Precio_Techo[KLlave01],Tbl_Precio_Techo[PT INSTALACION / EQUIPO],"",0,1),0),"") -> 2000000 | J97: =IF(I97="","",0) | K97: =IF(COUNTBLANK(I97:J97)=2,"",ROUND(I97+ROUND(J97,0),0)) | L97: =IFERROR(ROUND(_xlfn.XLOOKUP(RIGHT($B$13,1)&"/"&B97,Tbl_Precio_Techo[KLlave01],Tbl_Precio_Techo[PT VR UN MENSUAL IVA],"",0,1),0),"") -> 9275210
B98: Item | C98: PLANES MOVILES | E98: COSTO INSTALACION ANTES DE IVA | F98: IVA COSTO INSTALACION (Cuando ello hubiere lugar) | G98: COSTO INSTALACION INCLUIDO IVA | H98: PRECIO TECHO COSTO INSTALACION INCLUIDO IVA | I98: VALOR UNITARIO SERVICIO MENSUAL ANTES DE IVA | J98: IVA SERVICIO MENSUAL (Cuando ello hubiere lugar) | K98: VALOR UNITARIO SERVICIO MENSUAL INCLUIDO IVA | L98: PRECIO TECHO VALOR UNITARIO SERVICIO MENSUAL INCLUIDO IVA
B99: 7.1 | C99: Planes de datos de 5GB | F99: =IF(E99="","",E99*IVA) | G99: =IF(COUNTBLANK(E99:F99)=2,"",ROUND(E99+ROUND(F99,0),0)) | H99: =IFERROR(ROUND(_xlfn.XLOOKUP(RIGHT($B$13,1)&"/"&B99,Tbl_Precio_Techo[KLlave01],Tbl_Precio_Techo[PT INSTALACION / EQUIPO],"",0,1),0),"") -> 0 | J99: =IF(I99="","",I99*IVA) | K99: =IF(COUNTBLANK(I99:J99)=2,"",ROUND(I99+ROUND(J99,0),0)) | L99: =IFERROR(ROUND(_xlfn.XLOOKUP(RIGHT($B$13,1)&"/"&B99,Tbl_Precio_Techo[KLlave01],Tbl_Precio_Techo[PT VR UN MENSUAL IVA],"",0,1),0),"") -> 22842
B100: 7.2 | C100: Planes de datos de 30GB | F100: =IF(E100="","",E100*IVA) | G100: =IF(COUNTBLANK(E100:F100)=2,"",ROUND(E100+ROUND(F100,0),0)) | H100: =IFERROR(ROUND(_xlfn.XLOOKUP(RIGHT($B$13,1)&"/"&B100,Tbl_Precio_Techo[KLlave01],Tbl_Precio_Techo[PT INSTALACION / EQUIPO],"",0,1),0),"") -> 0 | J100: =IF(I100="","",I100*IVA) | K100: =IF(COUNTBLANK(I100:J100)=2,"",ROUND(I100+ROUND(J100,0),0)) | L100: =IFERROR(ROUND(_xlfn.XLOOKUP(RIGHT($B$13,1)&"/"&B100,Tbl_Precio_Techo[KLlave01],Tbl_Precio_Techo[PT VR UN MENSUAL IVA],"",0,1),0),"") -> 49139
B101: 7.3 | C101: Planes de datos de 80GB | F101: =IF(E101="","",E101*IVA) | G101: =IF(COUNTBLANK(E101:F101)=2,"",ROUND(E101+ROUND(F101,0),0)) | H101: =IFERROR(ROUND(_xlfn.XLOOKUP(RIGHT($B$13,1)&"/"&B101,Tbl_Precio_Techo[KLlave01],Tbl_Precio_Techo[PT INSTALACION / EQUIPO],"",0,1),0),"") -> 0 | J101: =IF(I101="","",I101*IVA) | K101: =IF(COUNTBLANK(I101:J101)=2,"",ROUND(I101+ROUND(J101,0),0)) | L101: =IFERROR(ROUND(_xlfn.XLOOKUP(RIGHT($B$13,1)&"/"&B101,Tbl_Precio_Techo[KLlave01],Tbl_Precio_Techo[PT VR UN MENSUAL IVA],"",0,1),0),"") -> 72263
B102: Item | C102: DISPOSITIVO MOVIL | E102: COSTO EQUIPO ANTES DE IVA | F102: IVA EQUIPO (Cuando ello hubiere lugar) | G102: COSTO EQUIPO INCLUIDO IVA | H102: PRECIO TECHO COSTO EQUIPO INCLUIDO IVA | I102: VALOR UNITARIO SERVICIO MENSUAL ANTES DE IVA | J102: IVA SERVICIO MENSUAL (Cuando ello hubiere lugar) | K102: VALOR UNITARIO SERVICIO MENSUAL INCLUIDO IVA | L102: PRECIO TECHO VALOR UNITARIO SERVICIO MENSUAL INCLUIDO IVA
B103: 8.1 | C103: Dispositivo MiFi o WiFi móvil | F103: =IF(E103="","",E103*IVA) | G103: =IF(COUNTBLANK(E103:F103)=2,"",ROUND(E103+ROUND(F103,0),0)) | H103: =IFERROR(ROUND(_xlfn.XLOOKUP(RIGHT($B$13,1)&"/"&B103,Tbl_Precio_Techo[KLlave01],Tbl_Precio_Techo[PT INSTALACION / EQUIPO],"",0,1),0),"") -> 468348 | J103: =IF(I103="","",I103*IVA) | K103: =IF(COUNTBLANK(I103:J103)=2,"",ROUND(I103+ROUND(J103,0),0)) | L103: =IFERROR(ROUND(_xlfn.XLOOKUP(RIGHT($B$13,1)&"/"&B103,Tbl_Precio_Techo[KLlave01],Tbl_Precio_Techo[PT VR UN MENSUAL IVA],"",0,1),0),"") -> 618084
B105: La PROPUESTA ECONÓMICA, debe diligenciarse para cada zona ofertada, la cual está contenida en formato Excel denominado ANEXO PROPUESTA ECONÓMICA, el cual, cuenta con dos (2) hojas: el Proponente debe diligenciar en la primera hoja los valores unitarios ofertados, dicho diligenciamiento en ningún caso puede sobrepasar el valor techo indicado en cada ítem, so pena de rechazo de la propuesta. La segunda hoja, se encuentra bloqueada para su diligenciamiento, pues automáticamente esta reflejará el valor de su oferta conforme los valores diligenciados en la primera hoja. Este valor corresponde al valor de la oferta que será evaluada económicamente; a su vez, las cantidades previstas en la segunda hoja del referido formato son estimadas, por ende, la SED no garantiza que se ejecuten en su totalidad. El proponente deberá diligenciar y ofertar en cada ítem de la primera hoja, un número entero como valor en pesos colombianos sin subdivisiones en centavos, en caso de que diligencie uno o varios de los ítems con cualquier otro signo, carácter o símbolo diferente a un número entero o en caso de diligenciar el valor en cero (0) será causal de RECHAZO. El valor ofrecido NO debe incluir el Impuesto al Valor Agregado (I.V.A.) debido que el formato realizara cuando hubiere lugar el calculo del impuesto al momento de ingresar diligenciar los valores en las columnas "E" ("COSTO INSTALACION ANTES DE IVA" / "COSTO EQUIPO ANTES DE IVA") e "I" ("VALOR UNITARIO SERVICIO MENSUAL ANTES DE IVA"). Nota: De acuerdo a lo establecido en el numeral 21 del artículo 476 del Estatuto Tributario, estará excluido del Impuesto sobre las ventas los servicios de “Suministro de páginas web, servidores (hosting), computación en la nube (cloud computing)” en tal sentido los ítems del servicios de seguridad estarán excluidos de IVA. Regla de Redondeo: La cual consiste en: Los valores unitarios registrados en la plataforma deberán aproximarse por exceso o por defecto al entero más cercano así: (i) si es superior a 50 centavos, se aproxima al entero siguiente; (ii) si es inferior a 50 centavos se baja al entero anterior y (iii) si es 50 centavos, el oferente deberá aproximarlo al entero superior o al inferior que él decida. En todo caso, si la cifra no está aproximada y aparece con 50 centavos, la SED aproximará al entero superior.

Sheet Oferta Economica
A1: ='Valores Unitarios'!B8&" "&'Valores Unitarios'!D8 -> Nombre del proponente: | G1: ='Valores Unitarios'!I8&" "&'Valores Unitarios'!J8 -> NIT:
A2: ='Valores Unitarios'!B9&" "&'Valores Unitarios'!D9 -> Contacto : | G2: ='Valores Unitarios'!I9&" "&'Valores Unitarios'!J9 -> Cargo:
A4: Oferta Zona 2
A5: Item | B5: EQUIPO REDES | C5: SERVICIOS / CANTIDAD | D5: COSTO INSTALACION | E5: COSTO MENSUAL | F5: COSTO TOTAL INSTALACION | G5: COSTO TOTAL MENSUAL | H5: TIEMPO MESES | I5: COSTO TOTAL SERVICIO | J5: NIVEL ENTIDAD
A6: 1.1 | B6: ALQUILER EQUIPO ROUTER CORE DATOS MULTIOPERADOR DE ACUERDO A ANEXO TECNICO NUMERAL 11 | C6: 1 | D6: =VLOOKUP(Tbl_Comp_ZN[[#This Row],[Item]],'Valores Unitarios'!B:K,6,0) | E6: =VLOOKUP(Tbl_Comp_ZN[[#This Row],[Item]],'Valores Unitarios'!B:K,10,0) | F6: =IFERROR(Tbl_Comp_ZN[[#This Row],[SERVICIOS / CANTIDAD]]*Tbl_Comp_ZN[[#This Row],[COSTO INSTALACION]],"") | G6: =IFERROR(Tbl_Comp_ZN[[#This Row],[SERVICIOS / CANTIDAD]]*Tbl_Comp_ZN[[#This Row],[COSTO MENSUAL]],"") | H6: 10.5 | I6: =IFERROR(ROUND(Tbl_Comp_ZN[[#This Row],[COSTO TOTAL MENSUAL]]*Tbl_Comp_ZN[[#This Row],[TIEMPO MESES]],0),"") | J6: NIVEL CENTRAL
A7: 2.1 | B7: ENLACE DEDICADO SIMETRICO 1 Mbps | C7: 10 | D7: =VLOOKUP(Tbl_Comp_ZN[[#This Row],[Item]],'Valores Unitarios'!B:K,6,0) | E7: =VLOOKUP(Tbl_Comp_ZN[[#This Row],[Item]],'Valores Unitarios'!B:K,10,0) | F7: =IFERROR(Tbl_Comp_ZN[[#This Row],[SERVICIOS / CANTIDAD]]*Tbl_Comp_ZN[[#This Row],[COSTO INSTALACION]],"") | G7: =IFERROR(Tbl_Comp_ZN[[#This Row],[SERVICIOS / CANTIDAD]]*Tbl_Comp_ZN[[#This Row],[COSTO MENSUAL]],"") | H7: 10.5 | I7: =IFERROR(ROUND(Tbl_Comp_ZN[[#This Row],[COSTO TOTAL MENSUAL]]*Tbl_Comp_ZN[[#This Row],[TIEMPO MESES]],0),"") | J7: NIVEL CENTRAL
A8: 5.2 | B8: Enlace Internet Dedicado Simétrico (U.M. Fibra Óptica) 30Mbps | C8: 3 | D8: =VLOOKUP(Tbl_Comp_ZN[[#This Row],[Item]],'Valores Unitarios'!B:K,6,0) | E8: =VLOOKUP(Tbl_Comp_ZN[[#This Row],[Item]],'Valores Unitarios'!B:K,10,0) | F8: =IFERROR(Tbl_Comp_ZN[[#This Row],[SERVICIOS / CANTIDAD]]*Tbl_Comp_ZN[[#This Row],[COSTO INSTALACION]],"") | G8: =IFERROR(Tbl_Comp_ZN[[#This Row],[SERVICIOS / CANTIDAD]]*Tbl_Comp_ZN[[#This Row],[COSTO MENSUAL]],"") | H8: 10.5 | I8: =IFERROR(ROUND(Tbl_Comp_ZN[[#This Row],[COSTO TOTAL MENSUAL]]*Tbl_Comp_ZN[[#This Row],[TIEMPO MESES]],0),"") | J8: NIVEL CENTRAL/LOCAL
A9: 5.6 | B9: Enlace Internet Dedicado Simétrico (U.M. Fibra Óptica) 60Mbps | C9: 7 | D9: =VLOOKUP(Tbl_Comp_ZN[[#This Row],[Item]],'Valores Unitarios'!B:K,6,0) | E9: =VLOOKUP(Tbl_Comp_ZN[[#This Row],[Item]],'Valores Unitarios'!B:K,10,0) | F9: =IFERROR(Tbl_Comp_ZN[[#This Row],[SERVICIOS / CANTIDAD]]*Tbl_Comp_ZN[[#This Row],[COSTO INSTALACION]],"") | G9: =IFERROR(Tbl_Comp_ZN[[#This Row],[SERVICIOS / CANTIDAD]]*Tbl_Comp_ZN[[#This Row],[COSTO MENSUAL]],"") | H9: 10.5 | I9: =IFERROR(ROUND(Tbl_Comp_ZN[[#This Row],[COSTO TOTAL MENSUAL]]*Tbl_Comp_ZN[[#This Row],[TIEMPO MESES]],0),"") | J9: NIVEL CENTRAL/LOCAL
A10: 6.2 | B10: Seguridad Internet Dedicado 30 Mbps | C10: 3 | D10: =VLOOKUP(Tbl_Comp_ZN[[#This Row],[Item]],'Valores Unitarios'!B:K,6,0) | E10: =VLOOKUP(Tbl_Comp_ZN[[#This Row],[Item]],'Valores Unitarios'!B:K,10,0) | F10: =IFERROR(Tbl_Comp_ZN[[#This Row],[SERVICIOS / CANTIDAD]]*Tbl_Comp_ZN[[#This Row],[COSTO INSTALACION]],"") | G10: =IFERROR(Tbl_Comp_ZN[[#This Row],[SERVICIOS / CANTIDAD]]*Tbl_Comp_ZN[[#This Row],[COSTO MENSUAL]],"") | H10: 10.5 | I10: =IFERROR(ROUND(Tbl_Comp_ZN[[#This Row],[COSTO TOTAL MENSUAL]]*Tbl_Comp_ZN[[#This Row],[TIEMPO MESES]],0),"") | J10: NIVEL CENTRAL/LOCAL
A11: 6.4 | B11: Seguridad Internet Dedicado 60 Mbps | C11: 7 | D11: =VLOOKUP(Tbl_Comp_ZN[[#This Row],[Item]],'Valores Unitarios'!B:K,6,0) | E11: =VLOOKUP(Tbl_Comp_ZN[[#This Row],[Item]],'Valores Unitarios'!B:K,10,0) | F11: =IFERROR(Tbl_Comp_ZN[[#This Row],[SERVICIOS / CANTIDAD]]*Tbl_Comp_ZN[[#This Row],[COSTO INSTALACION]],"") | G11: =IFERROR(Tbl_Comp_ZN[[#This Row],[SERVICIOS / CANTIDAD]]*Tbl_Comp_ZN[[#This Row],[COSTO MENSUAL]],"") | H11: 10.5 | I11: =IFERROR(ROUND(Tbl_Comp_ZN[[#This Row],[COSTO TOTAL MENSUAL]]*Tbl_Comp_ZN[[#This Row],[TIEMPO MESES]],0),"") | J11: NIVEL CENTRAL/LOCAL
A12: 2.1 | B12: ENLACE DEDICADO SIMETRICO 1 Mbps | C12: 235 | D12: =VLOOKUP(Tbl_Comp_ZN[[#This Row],[Item]],'Valores Unitarios'!B:K,6,0) | E12: =VLOOKUP(Tbl_Comp_ZN[[#This Row],[Item]],'Valores Unitarios'!B:K,10,0) | F12: =IFERROR(Tbl_Comp_ZN[[#This Row],[SERVICIOS / CANTIDAD]]*Tbl_Comp_ZN[[#This Row],[COSTO INSTALACION]],"") | G12: =IFERROR(Tbl_Comp_ZN[[#This Row],[SERVICIOS / CANTIDAD]]*Tbl_Comp_ZN[[#This Row],[COSTO MENSUAL]],"") | H12: 10 | I12: =IFERROR(ROUND(Tbl_Comp_ZN[[#This Row],[COSTO TOTAL MENSUAL]]*Tbl_Comp_ZN[[#This Row],[TIEMPO MESES]],0),"") | J12: NIVEL CENTRAL
A13: 2.29 | B13: PUNTO DE CONCENTRACION SIMETRICO 200 MPBS | C13: 1 | D13: =VLOOKUP(Tbl_Comp_ZN[[#This Row],[Item]],'Valores Unitarios'!B:K,6,0) | E13: =VLOOKUP(Tbl_Comp_ZN[[#This Row],[Item]],'Valores Unitarios'!B:K,10,0) | F13: =IFERROR(Tbl_Comp_ZN[[#This Row],[SERVICIOS / CANTIDAD]]*Tbl_Comp_ZN[[#This Row],[COSTO INSTALACION]],"") | G13: =IFERROR(Tbl_Comp_ZN[[#This Row],[SERVICIOS / CANTIDAD]]*Tbl_Comp_ZN[[#This Row],[COSTO MENSUAL]],"") | H13: 10.5 | I13: =IFERROR(ROUND(Tbl_Comp_ZN[[#This Row],[COSTO TOTAL MENSUAL]]*Tbl_Comp_ZN[[#This Row],[TIEMPO MESES]],0),"") | J13: NIVEL CENTRAL
A14: 2.30 | B14: REDUNDANCIA PUNTO DE CONCENTRACION SIMETRICO 200 MBPS ACTIVO/PASIVO | C14: 1 | D14: =VLOOKUP(Tbl_Comp_ZN[[#This Row],[Item]],'Valores Unitarios'!B:K,6,0) | E14: =VLOOKUP(Tbl_Comp_ZN[[#This Row],[Item]],'Valores Unitarios'!B:K,10,0) | F14: =IFERROR(Tbl_Comp_ZN[[#This Row],[SERVICIOS / CANTIDAD]]*Tbl_Comp_ZN[[#This Row],[COSTO INSTALACION]],"") | G14: =IFERROR(Tbl_Comp_ZN[[#This Row],[SERVICIOS / CANTIDAD]]*Tbl_Comp_ZN[[#This Row],[COSTO MENSUAL]],"") | H14: 10.5 | I14: =IFERROR(ROUND(Tbl_Comp_ZN[[#This Row],[COSTO TOTAL MENSUAL]]*Tbl_Comp_ZN[[#This Row],[TIEMPO MESES]],0),"") | J14: NIVEL CENTRAL
A15: 5.2 | B15: Enlace Internet Dedicado Simétrico (U.M. Fibra Óptica) 30Mbps | C15: 13 | D15: =VLOOKUP(Tbl_Comp_ZN[[#This Row],[Item]],'Valores Unitarios'!B:K,6,0) | E15: =VLOOKUP(Tbl_Comp_ZN[[#This Row],[Item]],'Valores Unitarios'!B:K,10,0) | F15: =IFERROR(Tbl_Comp_ZN[[#This Row],[SERVICIOS / CANTIDAD]]*Tbl_Comp_ZN[[#This Row],[COSTO INSTALACION]],"") | G15: =IFERROR(Tbl_Comp_ZN[[#This Row],[SERVICIOS / CANTIDAD]]*Tbl_Comp_ZN[[#This Row],[COSTO MENSUAL]],"") | H15: 10 | I15: =IFERROR(ROUND(Tbl_Comp_ZN[[#This Row],[COSTO TOTAL MENSUAL]]*Tbl_Comp_ZN[[#This Row],[TIEMPO MESES]],0),"") | J15: NIVEL INSTITUCIONAL
A16: 5.6 | B16: Enlace Internet Dedicado Simétrico (U.M. Fibra Óptica) 60Mbps | C16: 2 | D16: =VLOOKUP(Tbl_Comp_ZN[[#This Row],[Item]],'Valores Unitarios'!B:K,6,0) | E16: =VLOOKUP(Tbl_Comp_ZN[[#This Row],[Item]],'Valores Unitarios'!B:K,10,0) | F16: =IFERROR(Tbl_Comp_ZN[[#This Row],[SERVICIOS / CANTIDAD]]*Tbl_Comp_ZN[[#This Row],[COSTO INSTALACION]],"") | G16: =IFERROR(Tbl_Comp_ZN[[#This Row],[SERVICIOS / CANTIDAD]]*Tbl_Comp_ZN[[#This Row],[COSTO MENSUAL]],"") | H16: 10 | I16: =IFERROR(ROUND(Tbl_Comp_ZN[[#This Row],[COSTO TOTAL MENSUAL]]*Tbl_Comp_ZN[[#This Row],[TIEMPO MESES]],0),"") | J16: NIVEL INSTITUCIONAL
A17: 5.8 | B17: Enlace Internet Dedicado Simétrico (U.M. Fibra Óptica) 100Mbps | C17: 108 | D17: =VLOOKUP(Tbl_Comp_ZN[[#This Row],[Item]],'Valores Unitarios'!B:K,6,0) | E17: =VLOOKUP(Tbl_Comp_ZN[[#This Row],[Item]],'Valores Unitarios'!B:K,10,0) | F17: =IFERROR(Tbl_Comp_ZN[[#This Row],[SERVICIOS / CANTIDAD]]*Tbl_Comp_ZN[[#This Row],[COSTO INSTALACION]],"") | G17: =IFERROR(Tbl_Comp_ZN[[#This Row],[SERVICIOS / CANTIDAD]]*Tbl_Comp_ZN[[#This Row],[COSTO MENSUAL]],"") | H17: 10 | I17: =IFERROR(ROUND(Tbl_Comp_ZN[[#This Row],[COSTO TOTAL MENSUAL]]*Tbl_Comp_ZN[[#This Row],[TIEMPO MESES]],0),"") | J17: NIVEL INSTITUCIONAL
... A24: 6.8 | B24: Seguridad Internet Dedicado 512 Mbps | C24: 30 | D24: =VLOOKUP(Tbl_Comp_ZN[[#This Row],[Item]],'Valores Unitarios'!B:K,6,0) | E24: =VLOOKUP(Tbl_Comp_ZN[[#This Row],[Item]],'Valores Unitarios'!B:K,10,0) | F24: =IFERROR(Tbl_Comp_ZN[[#This Row],[SERVICIOS / CANTIDAD]]*Tbl_Comp_ZN[[#This Row],[COSTO INSTALACION]],"") | G24: =IFERROR(Tbl_Comp_ZN[[#This Row],[SERVICIOS / CANTIDAD]]*Tbl_Comp_ZN[[#This Row],[COSTO MENSUAL]],"") | H24: 10 | I24: =IFERROR(ROUND(Tbl_Comp_ZN[[#This Row],[COSTO TOTAL MENSUAL]]*Tbl_Comp_ZN[[#This Row],[TIEMPO MESES]],0),"") | J24: NIVEL INSTITUCIONAL
A30: TOTALES | F30: COSTO TOTAL INSTALACIÓN | G30: + | I30: COSTO TOTAL SERVICIO | J30: TOTAL OFERTA ZONA
F31: =SUM(Tbl_Comp_ZN[COSTO TOTAL INSTALACION]) -> 0 | I31: =SUM(Tbl_Comp_ZN[COSTO TOTAL SERVICIO]) -> 0 | J31: =SUM(Tbl_Comp_ZN[COSTO TOTAL INSTALACION],Tbl_Comp_ZN[COSTO TOTAL SERVICIO]) -> 0
A33: La PROPUESTA ECONÓMICA, debe diligenciarse para cada zona ofertada, la cual está contenida en formato Excel denominado ANEXO PROPUESTA ECONÓMICA, el cual, cuenta con dos (2) hojas: el Proponente debe diligenciar en la primera hoja los valores unitarios ofertados, dicho diligenciamiento en ningún caso puede sobrepasar el valor techo indicado en cada ítem, so pena de rechazo de la propuesta. La segunda hoja, se encuentra bloqueada para su diligenciamiento, pues automáticamente esta reflejará el valor de su oferta conforme los valores diligenciados en la primera hoja. Este valor corresponde al valor de la oferta que será evaluada económicamente; a su vez, las cantidades previstas en la segunda hoja del referido formato son estimadas, por ende, la SED no garantiza que se ejecuten en su totalidad. El proponente deberá diligenciar y ofertar en cada ítem de la primera hoja, un número entero como valor en pesos colombianos sin subdivisiones en centavos, en caso de que diligencie uno o varios de los ítems con cualquier otro signo, carácter o símbolo diferente a un número entero o en caso de diligenciar el valor en cero (0) será causal de RECHAZO. El valor ofrecido NO debe incluir el Impuesto al Valor Agregado (I.V.A.) debido que el formato realizara cuando hubiere lugar el calculo del impuesto al momento de ingresar diligenciar los valores en las columnas "E" ("COSTO INSTALACION ANTES DE IVA" / "COSTO EQUIPO ANTES DE IVA") e "I" ("VALOR UNITARIO SERVICIO MENSUAL ANTES DE IVA"). Nota: De acuerdo a lo establecido en el numeral 21 del artículo 476 del Estatuto Tributario, estará excluido del Impuesto sobre las ventas los servicios de “Suministro de páginas web, servidores (hosting), computación en la nube (cloud computing)” en tal sentido los ítems del servicios de seguridad estarán excluidos de IVA. Regla de Redondeo: La cual consiste en: Los valores unitarios registrados en la plataforma deberán aproximarse por exceso o por defecto al entero más cercano así: (i) si es superior a 50 centavos, se aproxima al entero siguiente; (ii) si es inferior a 50 centavos se baja al entero anterior y (iii) si es 50 centavos, el oferente deberá aproximarlo al entero superior o al inferior que él decida. En todo caso, si la cifra no está aproximada y aparece con 50 centavos, la SED aproximará al entero superior.
B35: __________________________________________
B36: FIRMA REPRESENTANTE LEGAL
B37: NOMBRE REPRESENTANTE LEGAL
B38: CC No.
B39: NOMBRE DEL PROPONENTE:
